Workbook
Name _Hlk191983032: 'PLAN DE ACCION EN SALUD'!#REF!

Sheet PLAN DE ACCION EN SALUD
D1: AÑO DE EJECUCIÓN: | E1: 2026
A2: PLAN TERRITORIAL DE SALUD - PLAN DE ACCION EN SALUD
A3: 0.Id | B3: 1 . Eje estrátegico el PDSP 2022-2031 | C3: 2 . Resultado esperado del PDSP 2022-2031 | D3: 3 . Meta de resultados en salud del PDSP 2022-2031 adaptadas al territorio | E3: 4 . Estrategias del Plan Territorial de Salud | F3: 5 . Programa | G3: 6 . Subprograma | H3: 7 .Proyecto | I3: 8 . Meta de Producto PTS | J3: 9 . Línea Operativa PDSP 2022-2031 | K3: 10 . Actividades | L3: 11. Cantidad | M3: 12 . Unidad de medida | N3: 13 . Programación de actividades | S3: 14 . Cronograma | U3: 15. Recursos | AB3: 16 . Población sujeto | AC3: 17 . Concepto de gasto | AD3: 18 . Responsables del cumplimiento | AE3: 19. Avance cualitativo
A4: 0. ID | N4: I | O4: II | P4: III | Q4: IV | R4: TOTAL | S4: Fecha de inicio de la actividad (dd/m/a) | T4: Fecha de terminación de la actividad ( dd/m/a) | U4: Rubro Presupuestal | V4: Fuente | W4: Total de recursos programados ( en pesos) | X4: Apropiacion | Y4: Compromiso | Z4: Obligaciones | AA4: Pagado
AC5: SPC - E2 Pueblos y comunidades - L3 Cuidado de la Salud - Garantía del derecho a la salud de pueblos y comunidades étnicas y campesinas, mujeres, sectores LGBTIQ+ y otras poblaciones por condición y/o situación.
A6: 1 | B6: Atención Primaria en Salud | C6: Entidades Territoriales Departamentales, Distritales que organizan la prestación de servicios de salud en redes integrales e integradas territoriales bajo un modelo de salud predictivo, preventivo y resolutivo fundamentado en la Atención Primaria en Salud – APS con criterios de subsidiaridad y complementariedad. | D6: Comunidad educada en derechos y deberes de la poblacion en situacion de Discapacidad | E6: Conformar los Equipos Básicos de Salud para acercar los servicios de salud a las comunidades. | F6: PROGRAMA 2: Formulación, aprobación y ejecución del plan territorial de salud | G6: N/A | H6: Salud Pública | I6: Planes de salud pública ejecutados al 90% | J6: CUIDADO DE LA SALUD EN EL TERRITORIO. | K6: Realizar IEC sobre derechos y deberes de la poblacion vulnetable de acuerdo a la normatividad nacional e internacional aplicable | L6: 8 | M6: Número | N6: 1 | O6: 2 | P6: 3 | Q6: 2 | R6: =SUM(N6:Q6) -> 8 | S6: 46023 | T6: 46387 | U6: 2320202009190299 | V6: Recursos_Provenientes_del_Sistema_General_de_Participaciones_SGP | W6: 4000000 | X6: 4000000 | Y6: 4000000 | Z6: 0 | AA6: 0 | AB6: Pueblos y comunidades étnicas y campesinas, mujeres, sectores LGBTIQ+ y otras poblaciones por condición y/o situación. | AC6: SPC - E2 Pueblos y comunidades - L3 Cuidado de la Salud - Garantía del derecho a la salud de pueblos y comunidades étnicas y campesinas, mujeres, sectores LGBTIQ+ y otras poblaciones por condición y/o situación. | AD6: Gladys Cecilia Campo Agudelo Secretaria de Salud y Bienestar Social
A7: 2 | B7: Atención Primaria en Salud | C7: Entidades Territoriales Departamentales, Distritales que organizan la prestación de servicios de salud en redes integrales e integradas territoriales bajo un modelo de salud predictivo, preventivo y resolutivo fundamentado en la Atención Primaria en Salud – APS con criterios de subsidiaridad y complementariedad. | D7: Disminución de violencia de género intrafamilar | E7: Conformar los Equipos Básicos de Salud para acercar los servicios de salud a las comunidades. | F7: PROGRAMA 2: Formulación, aprobación y ejecución del plan territorial de salud | G7: N/A | H7: Salud Pública | I7: Planes de salud pública ejecutados al 90% | J7: CUIDADO DE LA SALUD EN EL TERRITORIO. | K7: Fortelecimiento a los Grupos de Mujeres del Municipio de Alejandria ,en el area de salud mental ,con el tema de la Sororidad, Brindando informacion, Educacion y Comunicación,en este tema. | L7: 8 | M7: Número | N7: 1 | O7: 2 | P7: 3 | Q7: 2 | R7: =SUM(N7:Q7) -> 8 | S7: 46023 | T7: 46387 | U7: 2320202009190299 | V7: Recursos_Provenientes_del_Sistema_General_de_Participaciones_SGP | W7: 4000000 | X7: 4000000 | Y7: 4000000 | Z7: 0 | AA7: 0 | AB7: Pueblos y comunidades étnicas y campesinas, mujeres, sectores LGBTIQ+ y otras poblaciones por condición y/o situación. | AC7: SPC - E2 Pueblos y comunidades - L3 Cuidado de la Salud - Garantía del derecho a la salud de pueblos y comunidades étnicas y campesinas, mujeres, sectores LGBTIQ+ y otras poblaciones por condición y/o situación. | AD7: Gladys Cecilia Campo Agudelo Secretaria de Salud y Bienestar Social
A8: 3 | B8: Atención Primaria en Salud | C8: Entidades Territoriales Departamentales, Distritales que organizan la prestación de servicios de salud en redes integrales e integradas territoriales bajo un modelo de salud predictivo, preventivo y resolutivo fundamentado en la Atención Primaria en Salud – APS con criterios de subsidiaridad y complementariedad. | D8: Disminución de violencia de género intrafamilar | E8: Conformar los Equipos Básicos de Salud para acercar los servicios de salud a las comunidades. | F8: PROGRAMA 2: Formulación, aprobación y ejecución del plan territorial de salud | G8: N/A | H8: Salud Pública | I8: Planes de salud pública ejecutados al 90% | J8: CUIDADO DE LA SALUD EN EL TERRITORIO. | K8: Campaña IEC prevención de la violencia de género | L8: 8 | M8: Número | N8: 1 | O8: 2 | P8: 3 | Q8: 2 | R8: =SUM(N8:Q8) -> 8 | S8: 46023 | T8: 46387 | U8: 2320202009190299 | V8: Recursos_Provenientes_del_Sistema_General_de_Participaciones_SGP | W8: 4002635 | X8: 4002635 | Y8: 4002635 | Z8: 0 | AA8: 0 | AB8: Pueblos y comunidades étnicas y campesinas, mujeres, sectores LGBTIQ+ y otras poblaciones por condición y/o situación. | AC8: SPC - E2 Pueblos y comunidades - L3 Cuidado de la Salud - Garantía del derecho a la salud de pueblos y comunidades étnicas y campesinas, mujeres, sectores LGBTIQ+ y otras poblaciones por condición y/o situación. | AD8: Gladys Cecilia Campo Agudelo Secretaria de Salud y Bienestar Social
W9: =SUM(W6:W8) -> 12002635 | X9: =SUM(X6:X8) -> 12002635 | Y9: =SUM(Y6:Y8) -> 12002635 | Z9: =SUM(Z6:Z8) -> 0 | AA9: =SUM(AA6:AA8) -> 0 | AC9: SPC - E3 Determinantes - L2 Acuerdos Sociales y Comunitarios - Coordinación intersectorial para la afectación positiva de los determinantes sociales de la salud.
A10: 4 | B10: Atención Primaria en Salud | C10: Entidades Territoriales Departamentales, Distritales que organizan la prestación de servicios de salud en redes integrales e integradas territoriales bajo un modelo de salud predictivo, preventivo y resolutivo fundamentado en la Atención Primaria en Salud – APS con criterios de subsidiaridad y complementariedad. | D10: Prevalencia de hipertensión y diabetes en adultez (27 - 59 años) y vejez (60 años y más). | E10: Conformar los Equipos Básicos de Salud para acercar los servicios de salud a las comunidades. | F10: PROGRAMA 2: Formulación, aprobación y ejecución del plan territorial de salud | G10: N/A | H10: Salud Pública | I10: Planes de salud pública ejecutados al 90% | J10: CUIDADO DE LA SALUD EN EL TERRITORIO. | K10: Realizar campaña de promoción de la alimentación saludable en los servicios de salud, comedores y restaurantes escolares y puntos de venta de alimentos. (azúcares, grasas y sal) - Campaña | L10: 4 | M10: Número | N10: 1 | O10: 1 | P10: 1 | Q10: 1 | R10: =SUM(N10:Q10) -> 4 | S10: 46023 | T10: 46387 | U10: 23202020091902101 | V10: Recursos_Provenientes_del_Sistema_General_de_Participaciones_SGP | W10: 2000000 | X10: 2000000 | Y10: 2000000 | Z10: 0 | AA10: 0 | AB10: FAMILIAS, COLECTIVOS Y COMUNIDADES | AC10: SPC - E3 Determinantes - L2 Acuerdos Sociales y Comunitarios - Coordinación intersectorial para la afectación positiva de los determinantes sociales de la salud. | AD10: Gladys Cecilia Campo Agudelo Secretaria de Salud y Bienestar Social
A11: 5 | B11: Atención Primaria en Salud | C11: Entidades Territoriales Departamentales, Distritales que organizan la prestación de servicios de salud en redes integrales e integradas territoriales bajo un modelo de salud predictivo, preventivo y resolutivo fundamentado en la Atención Primaria en Salud – APS con criterios de subsidiaridad y complementariedad. | D11: % de Capatacion de Sintomaticos Respiratorios | E11: Conformar los Equipos Básicos de Salud para acercar los servicios de salud a las comunidades. | F11: PROGRAMA 2: Formulación, aprobación y ejecución del plan territorial de salud | G11: N/A | H11: Salud Pública | I11: Planes de salud pública ejecutados al 90% | J11: CUIDADO DE LA SALUD EN EL TERRITORIO. | K11: Realizar Busqueda Activa comunitaria de casos y contactos de tuberculosis y toma de muestras de BK en poblacion en condicion de calle, en adultos mayores institucionalizados, en centros carcelarios y en las comunidades donde se hayan presentado casos y/o siguiendo la tabla 4. Grupos Priorizados para la Busqueda Activa de Sintomaticos Respiratorios. Resolucion 0227 del 2020 - Búsqueda Activa | L11: 5 | M11: Número | N11: 1 | O11: 1 | P11: 2 | Q11: 1 | R11: =SUM(N11:Q11) -> 5 | S11: 46023 | T11: 46387 | U11: 23202020091902101 | V11: Recursos_Provenientes_del_Sistema_General_de_Participaciones_SGP | W11: 2000000 | X11: 2000000 | Y11: 2000000 | Z11: 0 | AA11: 0 | AB11: FAMILIAS, COLECTIVOS Y COMUNIDADES | AC11: SPC - E3 Determinantes - L2 Acuerdos Sociales y Comunitarios - Coordinación intersectorial para la afectación positiva de los determinantes sociales de la salud. | AD11: Gladys Cecilia Campo Agudelo Secretaria de Salud y Bienestar Social
A12: 6 | B12: Atención Primaria en Salud | C12: Entidades Territoriales Departamentales, Distritales que organizan la prestación de servicios de salud en redes integrales e integradas territoriales bajo un modelo de salud predictivo, preventivo y resolutivo fundamentado en la Atención Primaria en Salud – APS con criterios de subsidiaridad y complementariedad. | D12: % de Capatacion de Sintomaticos Respiratorios | E12: Conformar los Equipos Básicos de Salud para acercar los servicios de salud a las comunidades. | F12: PROGRAMA 2: Formulación, aprobación y ejecución del plan territorial de salud | G12: N/A | H12: Salud Pública | I12: Planes de salud pública ejecutados al 90% | J12: CUIDADO DE LA SALUD EN EL TERRITORIO. | K12: Implementar el libro de sintomaticos respiratorios del ambito extramural, producto de las Busquedas Activas comunitarias, diferente al libro de sintomatios respiratorios intitucional - Implementación de libro | L12: 1 | M12: Número | N12: 0 | O12: 0 | P12: 0 | Q12: 1 | R12: =SUM(N12:Q12) -> 1 | S12: 46023 | T12: 46387 | U12: 23202020091902101 | V12: Recursos_Provenientes_del_Sistema_General_de_Participaciones_SGP | W12: 100000 | X12: 100000 | Y12: 100000 | Z12: 0 | AA12: 0 | AB12: FAMILIAS, COLECTIVOS Y COMUNIDADES | AC12: SPC - E3 Determinantes - L2 Acuerdos Sociales y Comunitarios - Coordinación intersectorial para la afectación positiva de los determinantes sociales de la salud. | AD12: Gladys Cecilia Campo Agudelo Secretaria de Salud y Bienestar Social
A13: 7 | B13: Atención Primaria en Salud | C13: Entidades Territoriales Departamentales, Distritales que organizan la prestación de servicios de salud en redes integrales e integradas territoriales bajo un modelo de salud predictivo, preventivo y resolutivo fundamentado en la Atención Primaria en Salud – APS con criterios de subsidiaridad y complementariedad. | D13: Disminucion de la tasa de Enfermedades de Transmision sexual | E13: Conformar los Equipos Básicos de Salud para acercar los servicios de salud a las comunidades. | F13: PROGRAMA 2: Formulación, aprobación y ejecución del plan territorial de salud | G13: N/A | H13: Salud Pública | I13: Planes de salud pública ejecutados al 90% | J13: CUIDADO DE LA SALUD EN EL TERRITORIO. | K13: Campaña con las comunidad en temáticas especificas para la prevención de Enfermedades de Transmisión Sexual | L13: 3 | M13: Número | N13: 0 | O13: 1 | P13: 0 | Q13: 1 | R13: =SUM(N13:Q13) -> 2 | S13: 46023 | T13: 46387 | U13: 23202020091902101 | V13: Recursos_Provenientes_del_Sistema_General_de_Participaciones_SGP | W13: 1500000 | X13: 1500000 | Y13: 1500000 | Z13: 0 | AA13: 0 | AB13: FAMILIAS, COLECTIVOS Y COMUNIDADES | AC13: SPC - E3 Determinantes - L2 Acuerdos Sociales y Comunitarios - Coordinación intersectorial para la afectación positiva de los determinantes sociales de la salud. | AD13: Gladys Cecilia Campo Agudelo Secretaria de Salud y Bienestar Social
A14: 8 | B14: Atención Primaria en Salud | C14: Entidades Territoriales Departamentales, Distritales que organizan la prestación de servicios de salud en redes integrales e integradas territoriales bajo un modelo de salud predictivo, preventivo y resolutivo fundamentado en la Atención Primaria en Salud – APS con criterios de subsidiaridad y complementariedad. | D14: Disminucion de tasa de violencia contra la mujer | E14: Conformar los Equipos Básicos de Salud para acercar los servicios de salud a las comunidades. | F14: PROGRAMA 2: Formulación, aprobación y ejecución del plan territorial de salud | G14: N/A | H14: Salud Pública | I14: Planes de salud pública ejecutados al 90% | J14: CUIDADO DE LA SALUD EN EL TERRITORIO. | K14: Difusión de ruta de Atención del CODIGO FUCSIA - Programa radial | L14: 2 | M14: Número | N14: 0 | O14: 1 | P14: 1 | Q14: 0 | R14: =SUM(N14:Q14) -> 2 | S14: 46023 | T14: 46387 | U14: 23202020091902101 | V14: Recursos_Provenientes_del_Sistema_General_de_Participaciones_SGP | W14: 520000 | X14: 520000 | Y14: 520000 | Z14: 0 | AA14: 0 | AB14: FAMILIAS, COLECTIVOS Y COMUNIDADES | AC14: SPC - E3 Determinantes - L2 Acuerdos Sociales y Comunitarios - Coordinación intersectorial para la afectación positiva de los determinantes sociales de la salud. | AD14: Gladys Cecilia Campo Agudelo Secretaria de Salud y Bienestar Social
A15: 9 | B15: Atención Primaria en Salud | C15: Entidades Territoriales Departamentales, Distritales que organizan la prestación de servicios de salud en redes integrales e integradas territoriales bajo un modelo de salud predictivo, preventivo y resolutivo fundamentado en la Atención Primaria en Salud – APS con criterios de subsidiaridad y complementariedad. | D15: Disminucion de tasa de violencia contra la mujer | E15: Conformar los Equipos Básicos de Salud para acercar los servicios de salud a las comunidades. | F15: PROGRAMA 2: Formulación, aprobación y ejecución del plan territorial de salud | G15: N/A | H15: Salud Pública | I15: Planes de salud pública ejecutados al 90% | J15: CUIDADO DE LA SALUD EN EL TERRITORIO. | K15: Difusión de ruta de Atención del CODIGO FUCSIA - Talleres | L15: 3 | M15: Número | N15: 0 | O15: 1 | P15: 1 | Q15: 0 | R15: =SUM(N15:Q15) -> 2 | S15: 46023 | T15: 46387 | U15: 23202020091902101 | V15: Recursos_Provenientes_del_Sistema_General_de_Participaciones_SGP | W15: 880000 | X15: 880000 | Y15: 880000 | Z15: 0 | AA15: 0 | AB15: FAMILIAS, COLECTIVOS Y COMUNIDADES | AC15: SPC - E3 Determinantes - L2 Acuerdos Sociales y Comunitarios - Coordinación intersectorial para la afectación positiva de los determinantes sociales de la salud. | AD15: Gladys Cecilia Campo Agudelo Secretaria de Salud y Bienestar Social
W16: =SUM(W10:W15) -> 7000000 | X16: =SUM(X10:X15) -> 7000000 | Y16: =SUM(Y10:Y15) -> 7000000 | Z16: =SUM(Z10:Z15) -> 0 | AA16: =SUM(AA10:AA15) -> 0 | AC16: SPC - E3 Determinantes - L3 Cuidado de la Salud - Información en salud para la afectación positiva de los determinantes sociales de la salud en el territorio. Prevención de cáncer y otras enferm.catastróficas SGP SAL.PUB. Vig. Act.
A17: 10 | B17: Atención Primaria en Salud | C17: Entidades Territoriales Departamentales, Distritales que organizan la prestación de servicios de salud en redes integrales e integradas territoriales bajo un modelo de salud predictivo, preventivo y resolutivo fundamentado en la Atención Primaria en Salud – APS con criterios de subsidiaridad y complementariedad. | D17: A 2027, disminuir la tasa mortalidad por Cancer | E17: Conformar los Equipos Básicos de Salud para acercar los servicios de salud a las comunidades. | F17: PROGRAMA 2: Formulación, aprobación y ejecución del plan territorial de salud | G17: N/A | H17: Salud Pública | I17: Planes de salud pública ejecutados al 90% | J17: CUIDADO DE LA SALUD EN EL TERRITORIO. | K17: Realizar Información y educación en cancer (Estomago, Mama, Cuello uterino, Pulmonar): Generalidades, Signos de Alarma, Tratramiento, Rehabilitación | L17: 10 | M17: Número | N17: 2 | O17: 2 | P17: 4 | Q17: 2 | R17: =SUM(N17:Q17) -> 10 | S17: 46023 | T17: 46387 | U17: 23202020091902103 | V17: Recursos_Provenientes_del_Sistema_General_de_Participaciones_SGP | W17: 2500000 | X17: 2500000 | Y17: 2500000 | Z17: 0 | AA17: 0 | AB17: FAMILIAS, COLECTIVOS Y COMUNIDADES | AC17: SPC - E3 Determinantes - L3 Cuidado de la Salud - Información en salud para la afectación positiva de los determinantes sociales de la salud en el territorio. Prevención de cáncer y otras enferm.catastróficas SGP SAL.PUB. Vig. Act. | AD17: Gladys Cecilia Campo Agudelo Secretaria de Salud y Bienestar Social
A18: 11 | B18: Atención Primaria en Salud | C18: Entidades Territoriales Departamentales, Distritales que organizan la prestación de servicios de salud en redes integrales e integradas territoriales bajo un modelo de salud predictivo, preventivo y resolutivo fundamentado en la Atención Primaria en Salud – APS con criterios de subsidiaridad y complementariedad. | D18: A 2027, mantener la Prevalencia de hipertensión arterial en 9.67 en el Municipio | E18: Conformar los Equipos Básicos de Salud para acercar los servicios de salud a las comunidades. | F18: PROGRAMA 2: Formulación, aprobación y ejecución del plan territorial de salud | G18: N/A | H18: Salud Pública | I18: Planes de salud pública ejecutados al 90% | J18: CUIDADO DE LA SALUD EN EL TERRITORIO. | K18: Realizar actividades en IEC relacionadas con reconocimiento de los riesgos, signos y síntomas las Enfermedades crónicas como Hipertensión, Diabetes, Enfermedades del sistema circulatorio (Infarto Agudo de Miocardio, Eventos cerebrovasculares,) | L18: 4 | M18: Número | N18: 1 | O18: 1 | P18: 1 | Q18: 1 | R18: =SUM(N18:Q18) -> 4 | S18: 46023 | T18: 46387 | U18: 23202020091902103 | V18: Recursos_Provenientes_del_Sistema_General_de_Participaciones_SGP | W18: 1250000 | X18: 1250000 | Y18: 1250000 | Z18: 0 | AA18: 0 | AB18: FAMILIAS, COLECTIVOS Y COMUNIDADES | AC18: SPC - E3 Determinantes - L3 Cuidado de la Salud - Información en salud para la afectación positiva de los determinantes sociales de la salud en el territorio. Prevención de cáncer y otras enferm.catastróficas SGP SAL.PUB. Vig. Act. | AD18: Gladys Cecilia Campo Agudelo Secretaria de Salud y Bienestar Social
A19: 12 | B19: Atención Primaria en Salud | C19: Entidades Territoriales Departamentales, Distritales que organizan la prestación de servicios de salud en redes integrales e integradas territoriales bajo un modelo de salud predictivo, preventivo y resolutivo fundamentado en la Atención Primaria en Salud – APS con criterios de subsidiaridad y complementariedad. | D19: Prevalencia de exceso de peso en niños y niñas 5-12 años y adolescentes de 13 a 17 años | E19: Conformar los Equipos Básicos de Salud para acercar los servicios de salud a las comunidades. | F19: PROGRAMA 2: Formulación, aprobación y ejecución del plan territorial de salud | G19: N/A | H19: Salud Pública | I19: Planes de salud pública ejecutados al 90% | J19: CUIDADO DE LA SALUD EN EL TERRITORIO. | K19: Realizar IEC que permitan socializar la importancia de la alimentación saludable promoviendo el aprovechamiento de los alimentos de cosecha y que son producidos en el municipio - Cartilla virtual a través de redes sociales | L19: 2 | M19: Número | N19: 0 | O19: 1 | P19: 1 | Q19: 0 | R19: =SUM(N19:Q19) -> 2 | S19: 46023 | T19: 46387 | U19: 232020200918030103 | V19: Recursos_Provenientes_del_Sistema_General_de_Participaciones_SGP | W19: 1250000 | X19: 1250000 | Y19: 1250000 | Z19: 0 | AA19: 0 | AB19: FAMILIAS, COLECTIVOS Y COMUNIDADES | AC19: SPC - E3 Determinantes - L3 Cuidado de la Salud - Información en salud para la afectación positiva de los determinantes sociales de la salud en el territorio. Prevención de cáncer y otras enferm.catastróficas SGP SAL.PUB. Vig. Act. | AD19: Gladys Cecilia Campo Agudelo Secretaria de Salud y Bienestar Social
W20: =SUM(W17:W19) -> 5000000 | X20: =SUM(X17:X19) -> 5000000 | Y20: =SUM(Y17:Y19) -> 5000000 | Z20: =SUM(Z17:Z19) -> 0 | AA20: =SUM(AA17:AA19) -> 0 | AC20: SPC - E4 Atención Primaria Salud - L3 Cuidado de la Salud - Cuidado de la Salud - familias, colectivos y comunidades
A21: 13 | B21: Atención Primaria en Salud | C21: Entidades Territoriales Departamentales, Distritales que organizan la prestación de servicios de salud en redes integrales e integradas territoriales bajo un modelo de salud predictivo, preventivo y resolutivo fundamentado en la Atención Primaria en Salud – APS con criterios de subsidiaridad y complementariedad. | D21: Disminuir la Incidencia de agresiones por animales potencialmente transmisores de rabia (Número de casos presentados por año) | E21: Conformar los Equipos Básicos de Salud para acercar los servicios de salud a las comunidades. | F21: PROGRAMA 2: Formulación, aprobación y ejecución del plan territorial de salud | G21: N/A | H21: Salud Pública | I21: Planes de salud pública ejecutados al 90% | J21: CUIDADO DE LA SALUD EN EL TERRITORIO. | K21: Acciones de Información, educación y comunicación, enfocadas a la tenencia responsable de animales, de modo que se reduzca el riesgo de transmisión de zoonosis | L21: 5 | M21: Número | N21: 1 | O21: 1 | P21: 2 | Q21: 1 | R21: =SUM(N21:Q21) -> 5 | S21: 46023 | T21: 46387 | U21: 23202020091902107 | V21: Recursos_Provenientes_del_Sistema_General_de_Participaciones_SGP | W21: 3000000 | X21: 3000000 | Y21: 3000000 | Z21: 0 | AA21: 0 | AB21: FAMILIAS, COLECTIVOS Y COMUNIDADES | AC21: SPC - E4 Atención Primaria Salud - L3 Cuidado de la Salud - Cuidado de la Salud - familias, colectivos y comunidades | AD21: Gladys Cecilia Campo Agudelo Secretaria de Salud y Bienestar Social
A22: 14 | B22: Atención Primaria en Salud | C22: Entidades Territoriales Departamentales, Distritales que organizan la prestación de servicios de salud en redes integrales e integradas territoriales bajo un modelo de salud predictivo, preventivo y resolutivo fundamentado en la Atención Primaria en Salud – APS con criterios de subsidiaridad y complementariedad. | D22: Cobertura de vacunación felina y canina (% de vacunación a especies menores) | E22: Conformar los Equipos Básicos de Salud para acercar los servicios de salud a las comunidades. | F22: PROGRAMA 2: Formulación, aprobación y ejecución del plan territorial de salud | G22: N/A | H22: Salud Pública | I22: Planes de salud pública ejecutados al 90% | J22: CUIDADO DE LA SALUD EN EL TERRITORIO. | K22: Apoyo con educacion IEC en las Campañas de vacunacion antirrabica dirigida a la la poblacion canina y felina del municipio | L22: 2 | M22: Número | N22: 0 | O22: 1 | P22: 0 | Q22: 1 | R22: =SUM(N22:Q22) -> 2 | S22: 46023 | T22: 46387 | U22: 23202020091902107 | V22: Recursos_Provenientes_del_Sistema_General_de_Participaciones_SGP | W22: 2000000 | X22: 2000000 | Y22: 2000000 | Z22: 0 | AA22: 0 | AB22: FAMILIAS, COLECTIVOS Y COMUNIDADES | AC22: SPC - E4 Atención Primaria Salud - L3 Cuidado de la Salud - Cuidado de la Salud - familias, colectivos y comunidades | AD22: Gladys Cecilia Campo Agudelo Secretaria de Salud y Bienestar Social
A23: 15 | B23: Atención Primaria en Salud | C23: Entidades Territoriales Departamentales, Distritales que organizan la prestación de servicios de salud en redes integrales e integradas territoriales bajo un modelo de salud predictivo, preventivo y resolutivo fundamentado en la Atención Primaria en Salud – APS con criterios de subsidiaridad y complementariedad. | D23: Disminución de violencia de género intrafamilar | E23: Conformar los Equipos Básicos de Salud para acercar los servicios de salud a las comunidades. | F23: PROGRAMA 2: Formulación, aprobación y ejecución del plan territorial de salud | G23: N/A | H23: Salud Pública | I23: Planes de salud pública ejecutados al 90% | J23: CUIDADO DE LA SALUD EN EL TERRITORIO. | K23: Entrenar a los comites de Salud de las Diferentes Juntas de Accion Comunal en: Como identificar en el territorio, la presencia de casos de Violencia, Rutas de Atencion contra la violencia intrafamiliar y de Equidad y Genero | L23: 10 | M23: Número | N23: 2 | O23: 2 | P23: 3 | Q23: 3 | R23: =SUM(N23:Q23) -> 10 | S23: 46023 | T23: 46387 | U23: 23202020091902107 | V23: Recursos_Provenientes_del_Sistema_General_de_Participaciones_SGP | W23: 4500000 | X23: 4500000 | Y23: 4500000 | Z23: 0 | AA23: 0 | AB23: FAMILIAS, COLECTIVOS Y COMUNIDADES | AC23: SPC - E4 Atención Primaria Salud - L3 Cuidado de la Salud - Cuidado de la Salud - familias, colectivos y comunidades | AD23: Gladys Cecilia Campo Agudelo Secretaria de Salud y Bienestar Social
A24: 16 | B24: Atención Primaria en Salud | C24: Entidades Territoriales Departamentales, Distritales que organizan la prestación de servicios de salud en redes integrales e integradas territoriales bajo un modelo de salud predictivo, preventivo y resolutivo fundamentado en la Atención Primaria en Salud – APS con criterios de subsidiaridad y complementariedad. | D24: Disminución de violencia de género intrafamilar | E24: Conformar los Equipos Básicos de Salud para acercar los servicios de salud a las comunidades. | F24: PROGRAMA 2: Formulación, aprobación y ejecución del plan territorial de salud | G24: N/A | H24: Salud Pública | I24: Planes de salud pública ejecutados al 90% | J24: CUIDADO DE LA SALUD EN EL TERRITORIO. | K24: Campaña IEC prevención del uso de pólvora | L24: 1 | M24: Número | N24: 0 | O24: 0 | P24: 0 | Q24: 1 | R24: 1 | S24: 46023 | T24: 46387 | U24: 23202020091902107 | V24: Recursos_Provenientes_del_Sistema_General_de_Participaciones_SGP | W24: 5000000 | X24: 5000000 | Y24: 5000000 | Z24: 0 | AA24: 0 | AB24: FAMILIAS, COLECTIVOS Y COMUNIDADES | AC24: SPC - E4 Atención Primaria Salud - L3 Cuidado de la Salud - Cuidado de la Salud - familias, colectivos y comunidades | AD24: Gladys Cecilia Campo Agudelo Secretaria de Salud y Bienestar Social
A25: 17 | B25: Atención Primaria en Salud | C25: Entidades Territoriales Departamentales, Distritales que organizan la prestación de servicios de salud en redes integrales e integradas territoriales bajo un modelo de salud predictivo, preventivo y resolutivo fundamentado en la Atención Primaria en Salud – APS con criterios de subsidiaridad y complementariedad. | D25: Prevalencia de exceso de peso en niños y niñas 5-12 años y adolescentes de 13 a 17 años | E25: Conformar los Equipos Básicos de Salud para acercar los servicios de salud a las comunidades. | F25: PROGRAMA 2: Formulación, aprobación y ejecución del plan territorial de salud | G25: N/A | H25: Salud Pública | I25: Planes de salud pública ejecutados al 90% | J25: CUIDADO DE LA SALUD EN EL TERRITORIO. | K25: Realizar IEC que permitan socializar la importancia de la alimentación saludable promoviendo el aprovechamiento de los alimentos de cosecha y que son producidos en el municipio - programa radial | L25: 6 | M25: Número | N25: 1 | O25: 2 | P25: 2 | Q25: 1 | R25: =SUM(N25:Q25) -> 6 | S25: 46023 | T25: 46387 | U25: 23202020091902107 | V25: Recursos_Provenientes_del_Sistema_General_de_Participaciones_SGP | W25: 2000000 | X25: 2000000 | Y25: 2000000 | Z25: 0 | AA25: 0 | AB25: FAMILIAS, COLECTIVOS Y COMUNIDADES | AC25: SPC - E4 Atención Primaria Salud - L3 Cuidado de la Salud - Cuidado de la Salud - familias, colectivos y comunidades | AD25: Gladys Cecilia Campo Agudelo Secretaria de Salud y Bienestar Social
A26: 18 | B26: Atención Primaria en Salud | C26: Entidades Territoriales Departamentales, Distritales que organizan la prestación de servicios de salud en redes integrales e integradas territoriales bajo un modelo de salud predictivo, preventivo y resolutivo fundamentado en la Atención Primaria en Salud – APS con criterios de subsidiaridad y complementariedad. | D26: Disminuir la tasa de mortalidad por infarto agudo del miocardo. | E26: Conformar los Equipos Básicos de Salud para acercar los servicios de salud a las comunidades. | F26: PROGRAMA 2: Formulación, aprobación y ejecución del plan territorial de salud | G26: N/A | H26: Salud Pública | I26: Planes de salud pública ejecutados al 90% | J26: CUIDADO DE LA SALUD EN EL TERRITORIO. | K26: Promoción de estilos de vida saludable con el fin de disminuir el riesgo de enfermedades no transmisibles: isquemicas del corazón, cardiovasculares, muertes por IAM. | L26: 8 | M26: Numero | N26: 2 | O26: 2 | P26: 2 | Q26: 2 | R26: =SUM(N26:Q26) -> 8 | S26: 46023 | T26: 46387 | U26: 23202020091902107 | V26: Recursos_Provenientes_del_Sistema_General_de_Participaciones_SGP | W26: 2481791 | X26: 2481791 | Y26: 2481791 | Z26: 0 | AA26: 0 | AB26: FAMILIAS, COLECTIVOS Y COMUNIDADES | AC26: SPC - E4 Atención Primaria Salud - L3 Cuidado de la Salud - Cuidado de la Salud - familias, colectivos y comunidades | AD26: Gladys Cecilia Campo Agudelo Secretaria de Salud y Bienestar Social
A27: 19 | B27: Atención Primaria en Salud | C27: Entidades Territoriales Departamentales, Distritales que organizan la prestación de servicios de salud en redes integrales e integradas territoriales bajo un modelo de salud predictivo, preventivo y resolutivo fundamentado en la Atención Primaria en Salud – APS con criterios de subsidiaridad y complementariedad. | D27: Disminuir la tasa de mortalidad por infarto agudo del miocardo. | E27: Conformar los Equipos Básicos de Salud para acercar los servicios de salud a las comunidades. | F27: PROGRAMA 2: Formulación, aprobación y ejecución del plan territorial de salud | G27: N/A | H27: Salud Pública | I27: Planes de salud pública ejecutados al 90% | J27: CUIDADO DE LA SALUD EN EL TERRITORIO. | K27: Promoción de estilos de vida saludable la ENT a traves de sensibilización sobre el consumo de sal/sodio/persona/día. | L27: 6 | M27: Numero | N27: 1 | O27: 2 | P27: 2 | Q27: 1 | R27: =SUM(N27:Q27) -> 6 | S27: 46023 | T27: 46387 | U27: 23202020091902107 | V27: Recursos_Provenientes_del_Sistema_General_de_Participaciones_SGP | W27: 3200000 | X27: 3200000 | Y27: 3200000 | Z27: 0 | AA27: 0 | AB27: FAMILIAS, COLECTIVOS Y COMUNIDADES | AC27: SPC - E4 Atención Primaria Salud - L3 Cuidado de la Salud - Cuidado de la Salud - familias, colectivos y comunidades | AD27: Gladys Cecilia Campo Agudelo Secretaria de Salud y Bienestar Social
A28: 20 | B28: Atención Primaria en Salud | C28: Entidades Territoriales Departamentales, Distritales que organizan la prestación de servicios de salud en redes integrales e integradas territoriales bajo un modelo de salud predictivo, preventivo y resolutivo fundamentado en la Atención Primaria en Salud – APS con criterios de subsidiaridad y complementariedad. | D28: Disminuir a 0 la tasa de mortalidad por suicidio. | E28: Conformar los Equipos Básicos de Salud para acercar los servicios de salud a las comunidades. | F28: PROGRAMA 2: Formulación, aprobación y ejecución del plan territorial de salud | G28: N/A | H28: Salud Pública | I28: Planes de salud pública ejecutados al 90% | J28: CUIDADO DE LA SALUD EN EL TERRITORIO. | K28: Realizar campaña "no violencia de género" | L28: 1 | M28: Número | N28: 0 | O28: 0 | P28: 0 | Q28: 1 | R28: 1 | S28: 46023 | T28: 46387 | U28: 23202020091902107 | V28: Recursos_Provenientes_del_Sistema_General_de_Participaciones_SGP | W28: 5000000 | X28: 5000000 | Y28: 5000000 | Z28: 0 | AA28: 0 | AB28: FAMILIAS, COLECTIVOS Y COMUNIDADES | AC28: SPC - E4 Atención Primaria Salud - L3 Cuidado de la Salud - Cuidado de la Salud - familias, colectivos y comunidades | AD28: Gladys Cecilia Campo Agudelo Secretaria de Salud y Bienestar Social
W29: =SUM(W21:W28) -> 27181791 | X29: =SUM(X21:X28) -> 27181791 | Y29: =SUM(Y21:Y28) -> 27181791 | Z29: =SUM(Z21:Z74) -> 0 | AA29: =SUM(AA21:AA74) -> 0 | AC29: SPC - E4 Atención Primaria Salud - L3 Cuidado de la Salud - Cuidado de la salud - Población materna-perinatal
A30: 21 | B30: Atención Primaria en Salud | C30: Entidades Territoriales Departamentales, Distritales que organizan la prestación de servicios de salud en redes integrales e integradas territoriales bajo un modelo de salud predictivo, preventivo y resolutivo fundamentado en la Atención Primaria en Salud – APS con criterios de subsidiaridad y complementariedad. | D30: Mantener en 0 la mortalidad materna | E30: Conformar los Equipos Básicos de Salud para acercar los servicios de salud a las comunidades. | F30: PROGRAMA 2: Formulación, aprobación y ejecución del plan territorial de salud | G30: N/A | H30: Salud Pública | I30: Planes de salud pública ejecutados al 90% | J30: CUIDADO DE LA SALUD EN EL TERRITORIO. | K30: Realizar el Fortalecimiento de las Estrategias de información y comunicación para promover el cuidado y la salud materna y neonatal.: Ingreso temprano al control prenatal, importancia de los exámenes durante la gestación, consumo de multivitamínicos, maternidad y paternidad responsable), Prevención de ITS de transmisión vertical | L30: 3 | M30: Número | N30: 0 | O30: 1 | P30: 1 | Q30: 1 | R30: =SUM(N30:Q30) -> 3 | S30: 46023 | T30: 46387 | U30: 23202020091902108 | V30: Recursos_Provenientes_del_Sistema_General_de_Participaciones_SGP | W30: 1500000 | X30: 1500000 | Y30: 1500000 | Z30: 0 | AA30: 0 | AB30: Materno - perinatal | AC30: SPC - E4 Atención Primaria Salud - L3 Cuidado de la Salud - Cuidado de la salud - Población materna-perinatal | AD30: Gladys Cecilia Campo Agudelo Secretaria de Salud y Bienestar Social
A31: 22 | B31: Atención Primaria en Salud | C31: Entidades Territoriales Departamentales, Distritales que organizan la prestación de servicios de salud en redes integrales e integradas territoriales bajo un modelo de salud predictivo, preventivo y resolutivo fundamentado en la Atención Primaria en Salud – APS con criterios de subsidiaridad y complementariedad. | D31: Número de casos de sífilis gestacional y congénita Tasa de incidencia por VIH/SIDA | E31: Conformar los Equipos Básicos de Salud para acercar los servicios de salud a las comunidades. | F31: PROGRAMA 2: Formulación, aprobación y ejecución del plan territorial de salud | G31: N/A | H31: Salud Pública | I31: Planes de salud pública ejecutados al 90% | J31: CUIDADO DE LA SALUD EN EL TERRITORIO. | K31: Realizar actividades de IEC en temas relacionados con derechos sexuales y reproductivos, maternidad segura, infecciones de trasmision sexual atravez de medios masivos de comunicación | L31: 6 | M31: Número | N31: 1 | O31: 2 | P31: 2 | Q31: 1 | R31: =SUM(N31:Q31) -> 6 | S31: 46023 | T31: 46387 | U31: 23202020091902108 | V31: Recursos_Provenientes_del_Sistema_General_de_Participaciones_SGP | W31: 1500000 | X31: 1500000 | Y31: 1500000 | Z31: 0 | AA31: 0 | AB31: Materno - perinatal | AC31: SPC - E4 Atención Primaria Salud - L3 Cuidado de la Salud - Cuidado de la salud - Población materna-perinatal | AD31: Gladys Cecilia Campo Agudelo Secretaria de Salud y Bienestar Social
A32: 23 | B32: Atención Primaria en Salud | C32: Entidades Territoriales Departamentales, Distritales que organizan la prestación de servicios de salud en redes integrales e integradas territoriales bajo un modelo de salud predictivo, preventivo y resolutivo fundamentado en la Atención Primaria en Salud – APS con criterios de subsidiaridad y complementariedad. | D32: mantener en 0 la mortalidad materna | E32: Conformar los Equipos Básicos de Salud para acercar los servicios de salud a las comunidades. | F32: PROGRAMA 2: Formulación, aprobación y ejecución del plan territorial de salud | G32: N/A | H32: Salud Pública | I32: Planes de salud pública ejecutados al 90% | J32: CUIDADO DE LA SALUD EN EL TERRITORIO. | K32: Fortalecer la Vigilancia de la morbilidad materna y neonatal extrema y del modelo de seguridad clínica para la atención segura de la mujer durante un evento obstétrico. - Talleres | L32: 6 | M32: Número | N32: 1 | O32: 2 | P32: 2 | Q32: 1 | R32: =SUM(N32:Q32) -> 6 | S32: 46023 | T32: 46387 | U32: 23202020091902108 | V32: Recursos_Provenientes_del_Sistema_General_de_Participaciones_SGP | W32: 1500000 | X32: 1500000 | Y32: 1500000 | Z32: 0 | AA32: 0 | AB32: Materno - perinatal | AC32: SPC - E4 Atención Primaria Salud - L3 Cuidado de la Salud - Cuidado de la salud - Población materna-perinatal | AD32: Gladys Cecilia Campo Agudelo Secretaria de Salud y Bienestar Social
A33: 24 | B33: Atención Primaria en Salud | C33: Entidades Territoriales Departamentales, Distritales que organizan la prestación de servicios de salud en redes integrales e integradas territoriales bajo un modelo de salud predictivo, preventivo y resolutivo fundamentado en la Atención Primaria en Salud – APS con criterios de subsidiaridad y complementariedad. | D33: mantener en 0 la mortalidad materna | E33: Conformar los Equipos Básicos de Salud para acercar los servicios de salud a las comunidades. | F33: PROGRAMA 2: Formulación, aprobación y ejecución del plan territorial de salud | G33: N/A | H33: Salud Pública | I33: Planes de salud pública ejecutados al 90% | J33: CUIDADO DE LA SALUD EN EL TERRITORIO. | K33: Fortalecer la Vigilancia de la morbilidad materna y neonatal extrema y del modelo de seguridad clínica para la atención segura de la mujer durante un evento obstétrico. - Programa radial | L33: 3 | M33: Número | N33: 0 | O33: 1 | P33: 1 | Q33: 1 | R33: =SUM(N33:Q33) -> 3 | S33: 46023 | T33: 46387 | U33: 23202020091902108 | V33: Recursos_Provenientes_del_Sistema_General_de_Participaciones_SGP | W33: 780000 | X33: 780000 | Y33: 780000 | Z33: 0 | AA33: 0 | AB33: Materno - perinatal | AC33: SPC - E4 Atención Primaria Salud - L3 Cuidado de la Salud - Cuidado de la salud - Población materna-perinatal | AD33: Gladys Cecilia Campo Agudelo Secretaria de Salud y Bienestar Social
A34: 25 | B34: Atención Primaria en Salud | C34: Entidades Territoriales Departamentales, Distritales que organizan la prestación de servicios de salud en redes integrales e integradas territoriales bajo un modelo de salud predictivo, preventivo y resolutivo fundamentado en la Atención Primaria en Salud – APS con criterios de subsidiaridad y complementariedad. | D34: Tasa mortalidad por I.R.A en menores de 5 años Tasa mortalidad por E.D.A | E34: Conformar los Equipos Básicos de Salud para acercar los servicios de salud a las comunidades. | F34: PROGRAMA 2: Formulación, aprobación y ejecución del plan territorial de salud | G34: N/A | H34: Salud Pública | I34: Planes de salud pública ejecutados al 90% | J34: CUIDADO DE LA SALUD EN EL TERRITORIO. | K34: Realización de acciones educativas de infeccion Respiratoria Aguda -IRA-EDA - Talleres | L34: 5 | M34: Número | N34: 1 | O34: 1 | P34: 2 | Q34: 1 | R34: =SUM(N34:Q34) -> 5 | S34: 46023 | T34: 46387 | U34: 23202020091902108 | V34: Recursos_Provenientes_del_Sistema_General_de_Participaciones_SGP | W34: 1250000 | X34: 1250000 | Y34: 1250000 | Z34: 0 | AA34: 0 | AB34: Materno - perinatal | AC34: SPC - E4 Atención Primaria Salud - L3 Cuidado de la Salud - Cuidado de la salud - Población materna-perinatal | AD34: Gladys Cecilia Campo Agudelo Secretaria de Salud y Bienestar Social
A35: 26 | B35: Atención Primaria en Salud | C35: Entidades Territoriales Departamentales, Distritales que organizan la prestación de servicios de salud en redes integrales e integradas territoriales bajo un modelo de salud predictivo, preventivo y resolutivo fundamentado en la Atención Primaria en Salud – APS con criterios de subsidiaridad y complementariedad. | D35: Cobertura de vacunación triple viral | E35: Conformar los Equipos Básicos de Salud para acercar los servicios de salud a las comunidades. | F35: PROGRAMA 2: Formulación, aprobación y ejecución del plan territorial de salud | G35: N/A | H35: Salud Pública | I35: Planes de salud pública ejecutados al 90% | J35: CUIDADO DE LA SALUD EN EL TERRITORIO. | K35: Realizar encuentros educativos con la comunidad frente a la importancia de la vacunación, Lectura de carnet, riesgos y principales enfermedades inmunoprevenibles | L35: 6 | M35: Número | N35: 1 | O35: 2 | P35: 2 | Q35: 1 | R35: =SUM(N35:Q35) -> 6 | S35: 46023 | T35: 46387 | U35: 23202020091902108 | V35: Recursos_Provenientes_del_Sistema_General_de_Participaciones_SGP | W35: 2470000 | X35: 2470000 | Y35: 2470000 | Z35: 0 | AA35: 0 | AB35: Materno - perinatal | AC35: SPC - E4 Atención Primaria Salud - L3 Cuidado de la Salud - Cuidado de la salud - Población materna-perinatal | AD35: Gladys Cecilia Campo Agudelo Secretaria de Salud y Bienestar Social
W36: =SUM(W30:W35) -> 9000000 | X36: =SUM(X30:X35) -> 9000000 | Y36: =SUM(Y30:Y35) -> 9000000 | Z36: =SUM(Z30:Z35) -> 0 | AA36: =SUM(AA30:AA35) -> 0 | AC36: SPC - E4 Atención Primaria Salud - L3 Cuidado de la Salud - Cuidado de la salud - Primera infancia
A37: 27 | B37: Atención Primaria en Salud | C37: Entidades Territoriales Departamentales, Distritales que organizan la prestación de servicios de salud en redes integrales e integradas territoriales bajo un modelo de salud predictivo, preventivo y resolutivo fundamentado en la Atención Primaria en Salud – APS con criterios de subsidiaridad y complementariedad. | D37: Tasa de desnutricion menores 5 años | E37: Conformar los Equipos Básicos de Salud para acercar los servicios de salud a las comunidades. | F37: PROGRAMA 2: Formulación, aprobación y ejecución del plan territorial de salud | G37: N/A | H37: Salud Pública | I37: Planes de salud pública ejecutados al 90% | J37: CUIDADO DE LA SALUD EN EL TERRITORIO. | K37: Realizar campaña IEC en lactancia materna exclusiva hasta los 6 meses y complementaria hasta los 2 años. | L37: 6 | M37: Porcentaje | N37: 1 | O37: 2 | P37: 2 | Q37: 1 | R37: =SUM(N37:Q37) -> 6 | S37: 46023 | T37: 46387 | U37: 23202020091902109 | V37: Recursos_Provenientes_del_Sistema_General_de_Participaciones_SGP | W37: 2720000 | X37: 2720000 | Y37: 2720000 | Z37: 0 | AA37: 0 | AB37: primera infancia (0-5 años) | AC37: SPC - E4 Atención Primaria Salud - L3 Cuidado de la Salud - Cuidado de la salud - Primera infancia | AD37: Gladys Cecilia Campo Agudelo Secretaria de Salud y Bienestar Social
A38: 28 | B38: Atención Primaria en Salud | C38: Entidades Territoriales Departamentales, Distritales que organizan la prestación de servicios de salud en redes integrales e integradas territoriales bajo un modelo de salud predictivo, preventivo y resolutivo fundamentado en la Atención Primaria en Salud – APS con criterios de subsidiaridad y complementariedad. | D38: Tasa de desnutricion menores 5 años | E38: Conformar los Equipos Básicos de Salud para acercar los servicios de salud a las comunidades. | F38: PROGRAMA 2: Formulación, aprobación y ejecución del plan territorial de salud | G38: N/A | H38: Salud Pública | I38: Planes de salud pública ejecutados al 90% | J38: CUIDADO DE LA SALUD EN EL TERRITORIO. | K38: Realizar IEC en lactancia materna exclusiva hasta los 6 meses y complementaria hasta los 2 años - Programa radial | L38: 3 | M38: Número | N38: 0 | O38: 1 | P38: 1 | Q38: 1 | R38: =SUM(N38:Q38) -> 3 | S38: 46023 | T38: 46387 | U38: 23202020091902109 | V38: Recursos_Provenientes_del_Sistema_General_de_Participaciones_SGP | W38: 780000 | X38: 780000 | Y38: 780000 | Z38: 0 | AA38: 0 | AB38: primera infancia (0-5 años) | AC38: SPC - E4 Atención Primaria Salud - L3 Cuidado de la Salud - Cuidado de la salud - Primera infancia | AD38: Gladys Cecilia Campo Agudelo Secretaria de Salud y Bienestar Social
A39: 29 | B39: Atención Primaria en Salud | C39: Entidades Territoriales Departamentales, Distritales que organizan la prestación de servicios de salud en redes integrales e integradas territoriales bajo un modelo de salud predictivo, preventivo y resolutivo fundamentado en la Atención Primaria en Salud – APS con criterios de subsidiaridad y complementariedad. | D39: A 2027, incrementar en un 2% las coberturas de prevención y detección temprana de las ENT, las alteraciones de la salud bucal, visual, auditiva y comunicativa y sus factores de riesgo. | E39: Conformar los Equipos Básicos de Salud para acercar los servicios de salud a las comunidades. | F39: PROGRAMA 2: Formulación, aprobación y ejecución del plan territorial de salud | G39: N/A | H39: Salud Pública | I39: Planes de salud pública ejecutados al 90% | J39: CUIDADO DE LA SALUD EN EL TERRITORIO. | K39: Realización de Campaña para el uso adecuado de los implementos de higiene oral, prevención de enfermedades de la cavidad oral e importancia del correcto cepillado, en institucion educativa del municipio | L39: 3 | M39: Número | N39: 0 | O39: 1 | P39: 1 | Q39: 1 | R39: =SUM(N39:Q39) -> 3 | S39: 46023 | T39: 46387 | U39: 23202020091902109 | V39: Recursos_Provenientes_del_Sistema_General_de_Participaciones_SGP | W39: 1500000 | X39: 1500000 | Y39: 1500000 | Z39: 0 | AA39: 0 | AB39: primera infancia (0-5 años) | AC39: SPC - E4 Atención Primaria Salud - L3 Cuidado de la Salud - Cuidado de la salud - Primera infancia | AD39: Gladys Cecilia Campo Agudelo Secretaria de Salud y Bienestar Social
A40: 30 | B40: Atención Primaria en Salud | C40: Entidades Territoriales Departamentales, Distritales que organizan la prestación de servicios de salud en redes integrales e integradas territoriales bajo un modelo de salud predictivo, preventivo y resolutivo fundamentado en la Atención Primaria en Salud – APS con criterios de subsidiaridad y complementariedad. | D40: Tasa mortalidad por I.R.A en menores de 5 años Tasa mortalidad por E.D.A | E40: Conformar los Equipos Básicos de Salud para acercar los servicios de salud a las comunidades. | F40: PROGRAMA 2: Formulación, aprobación y ejecución del plan territorial de salud | G40: N/A | H40: Salud Pública | I40: Planes de salud pública ejecutados al 90% | J40: CUIDADO DE LA SALUD EN EL TERRITORIO. | K40: Realizar encuentros educativos que permitan la sensibilización de la población en temas relacionados con la salud infantil, fortalecimiento la estrategia AIEPI Comunitaria en la zona urbana y rural del municipio - Talleres | L40: 8 | M40: Número | N40: 2 | O40: 2 | P40: 2 | Q40: 2 | R40: =SUM(N40:Q40) -> 8 | S40: 46023 | T40: 46387 | U40: 23202020091902109 | V40: Recursos_Provenientes_del_Sistema_General_de_Participaciones_SGP | W40: 2000000 | X40: 2000000 | Y40: 2000000 | Z40: 0 | AA40: 0 | AB40: primera infancia (0-5 años) | AC40: SPC - E4 Atención Primaria Salud - L3 Cuidado de la Salud - Cuidado de la salud - Primera infancia | AD40: Gladys Cecilia Campo Agudelo Secretaria de Salud y Bienestar Social
W41: =SUM(W37:W40) -> 7000000 | X41: =SUM(X37:X40) -> 7000000 | Y41: =SUM(Y37:Y40) -> 7000000 | Z41: =SUM(Z37:Z40) -> 0 | AA41: =SUM(AA37:AA40) -> 0 | AC41: SPC - E4 Atención Primaria Salud - L3 Cuidado de la Salud - Cuidado de la salud - Infancia
A42: 31 | B42: Atención Primaria en Salud | C42: Entidades Territoriales Departamentales, Distritales que organizan la prestación de servicios de salud en redes integrales e integradas territoriales bajo un modelo de salud predictivo, preventivo y resolutivo fundamentado en la Atención Primaria en Salud – APS con criterios de subsidiaridad y complementariedad. | D42: Prevalencia de enfermedades parasitarias | E42: Conformar los Equipos Básicos de Salud para acercar los servicios de salud a las comunidades. | F42: PROGRAMA 2: Formulación, aprobación y ejecución del plan territorial de salud | G42: N/A | H42: Salud Pública | I42: Planes de salud pública ejecutados al 90% | J42: CUIDADO DE LA SALUD EN EL TERRITORIO. | K42: Desparasitación antihelmíntica a niños en edad escolar, ampliando progresivamente a otros grupos poblacionales elegibles según lineamientos nacionales - Medicamentos | L42: 191 | M42: Número | N42: 50 | O42: 50 | P42: 50 | Q42: 41 | R42: =SUM(N42:Q42) -> 191 | S42: 46023 | T42: 46387 | U42: 23202020091902110 | V42: Recursos_Provenientes_del_Sistema_General_de_Participaciones_SGP | W42: 2600000 | X42: 2600000 | Y42: 2600000 | Z42: 0 | AA42: 0 | AB42: Infancia | AC42: SPC - E4 Atención Primaria Salud - L3 Cuidado de la Salud - Cuidado de la salud - Infancia | AD42: Gladys Cecilia Campo Agudelo Secretaria de Salud y Bienestar Social
A43: 32 | B43: Atención Primaria en Salud | C43: Entidades Territoriales Departamentales, Distritales que organizan la prestación de servicios de salud en redes integrales e integradas territoriales bajo un modelo de salud predictivo, preventivo y resolutivo fundamentado en la Atención Primaria en Salud – APS con criterios de subsidiaridad y complementariedad. | D43: Disminución del abuso sexual infantil | E43: Conformar los Equipos Básicos de Salud para acercar los servicios de salud a las comunidades. | F43: PROGRAMA 2: Formulación, aprobación y ejecución del plan territorial de salud | G43: N/A | H43: Salud Pública | I43: Planes de salud pública ejecutados al 90% | J43: CUIDADO DE LA SALUD EN EL TERRITORIO. | K43: Campaña IEC prevención del abuso sexual infantil en la población escolar. | L43: 2 | M43: Número | N43: 0 | O43: 1 | P43: 1 | Q43: 0 | R43: 2 | S43: 46023 | T43: 46387 | U43: 23202020091902110 | V43: Recursos_Provenientes_del_Sistema_General_de_Participaciones_SGP | W43: 2000000 | X43: 2000000 | Y43: 2000000 | Z43: 0 | AA43: 0 | AB43: Infancia | AC43: SPC - E4 Atención Primaria Salud - L3 Cuidado de la Salud - Cuidado de la salud - Infancia | AD43: Gladys Cecilia Campo Agudelo Secretaria de Salud y Bienestar Social
A44: 33 | B44: Atención Primaria en Salud | C44: Entidades Territoriales Departamentales, Distritales que organizan la prestación de servicios de salud en redes integrales e integradas territoriales bajo un modelo de salud predictivo, preventivo y resolutivo fundamentado en la Atención Primaria en Salud – APS con criterios de subsidiaridad y complementariedad. | D44: A 2027, incrementar en un 2% las coberturas de prevención y detección temprana de las ENT, las alteraciones de la salud bucal, visual, auditiva y comunicativa y sus factores de riesgo. | E44: Conformar los Equipos Básicos de Salud para acercar los servicios de salud a las comunidades. | F44: PROGRAMA 2: Formulación, aprobación y ejecución del plan territorial de salud | G44: N/A | H44: Salud Pública | I44: Planes de salud pública ejecutados al 90% | J44: CUIDADO DE LA SALUD EN EL TERRITORIO. | K44: Realización de Campaña para el uso adecuado de los implementos de higiene oral, prevención de enfermedades de la cavidad oral e importancia del correcto cepillado, en institucion educativa del municipio | L44: 16 | M44: Número | N44: 4 | O44: 4 | P44: 4 | Q44: 4 | R44: =SUM(N44:Q44) -> 16 | S44: 46023 | T44: 46387 | U44: 23202020091902110 | V44: Recursos_Provenientes_del_Sistema_General_de_Participaciones_SGP | W44: 320000 | X44: 320000 | Y44: 320000 | Z44: 0 | AA44: 0 | AB44: Infancia | AC44: SPC - E4 Atención Primaria Salud - L3 Cuidado de la Salud - Cuidado de la salud - Infancia | AD44: Gladys Cecilia Campo Agudelo Secretaria de Salud y Bienestar Social
A45: 34 | B45: Atención Primaria en Salud | C45: Entidades Territoriales Departamentales, Distritales que organizan la prestación de servicios de salud en redes integrales e integradas territoriales bajo un modelo de salud predictivo, preventivo y resolutivo fundamentado en la Atención Primaria en Salud – APS con criterios de subsidiaridad y complementariedad. | D45: Campañas de gestión del riesgo para enfermedades Inmunoprevenibles implementadas | E45: Conformar los Equipos Básicos de Salud para acercar los servicios de salud a las comunidades. | F45: PROGRAMA 2: Formulación, aprobación y ejecución del plan territorial de salud | G45: N/A | H45: Salud Pública | I45: Planes de salud pública ejecutados al 90% | J45: CUIDADO DE LA SALUD EN EL TERRITORIO. | K45: Realizar campañas de promoción de la Jornadas Nacionales de Vacunación Del Progama Ampliado de Inmunizaciones-PAI- de acuerdo al calendario anual o las extraordinarias según el caso, | L45: 8 | M45: Número | N45: 2 | O45: 2 | P45: 2 | Q45: 2 | R45: =SUM(N45:Q45) -> 8 | S45: 46023 | T45: 46387 | U45: 23202020091902110 | V45: Recursos_Provenientes_del_Sistema_General_de_Participaciones_SGP | W45: 2080000 | X45: 2080000 | Y45: 2080000 | Z45: 0 | AA45: 0 | AB45: Infancia | AC45: SPC - E4 Atención Primaria Salud - L3 Cuidado de la Salud - Cuidado de la salud - Infancia | AD45: Gladys Cecilia Campo Agudelo Secretaria de Salud y Bienestar Social
W46: =SUM(W42:W45) -> 7000000 | X46: =SUM(X42:X45) -> 7000000 | Y46: =SUM(Y42:Y45) -> 7000000 | Z46: =SUM(Z42:Z45) -> 0 | AA46: =SUM(AA42:AA45) -> 0 | AC46: SPC - E4 Atención Primaria Salud - L3 Cuidado de la Salud - Cuidado de la salud - Adolescencia
A47: 35 | B47: Atención Primaria en Salud | C47: Entidades Territoriales Departamentales, Distritales que organizan la prestación de servicios de salud en redes integrales e integradas territoriales bajo un modelo de salud predictivo, preventivo y resolutivo fundamentado en la Atención Primaria en Salud – APS con criterios de subsidiaridad y complementariedad. | D47: Disminucion de la tasa de embarazos en Adolescentes | E47: Conformar los Equipos Básicos de Salud para acercar los servicios de salud a las comunidades. | F47: PROGRAMA 2: Formulación, aprobación y ejecución del plan territorial de salud | G47: N/A | H47: Salud Pública | I47: Planes de salud pública ejecutados al 90% | J47: CUIDADO DE LA SALUD EN EL TERRITORIO. | K47: Campaña Prevencion de Embarazo en Adolescentes | L47: 1 | M47: Número | N47: 0 | O47: 0 | P47: 1 | Q47: 0 | R47: =SUM(N47:Q47) -> 1 | S47: 46023 | T47: 46387 | U47: 23202020091902111 | V47: Recursos_Provenientes_del_Sistema_General_de_Participaciones_SGP | W47: 1500000 | X47: 1500000 | Y47: 1500000 | Z47: 0 | AA47: 0 | AB47: Adolescencia | AC47: SPC - E4 Atención Primaria Salud - L3 Cuidado de la Salud - Cuidado de la salud - Adolescencia | AD47: Gladys Cecilia Campo Agudelo Secretaria de Salud y Bienestar Social
A48: 36 | B48: Atención Primaria en Salud | C48: Entidades Territoriales Departamentales, Distritales que organizan la prestación de servicios de salud en redes integrales e integradas territoriales bajo un modelo de salud predictivo, preventivo y resolutivo fundamentado en la Atención Primaria en Salud – APS con criterios de subsidiaridad y complementariedad. | D48: Disminución consumo temprano de spa | E48: Conformar los Equipos Básicos de Salud para acercar los servicios de salud a las comunidades. | F48: PROGRAMA 2: Formulación, aprobación y ejecución del plan territorial de salud | G48: N/A | H48: Salud Pública | I48: Planes de salud pública ejecutados al 90% | J48: CUIDADO DE LA SALUD EN EL TERRITORIO. | K48: Estrategia de IEC en Promoción de habilidades para la vida como factor protector frente al consumo temprano de Sustancias Psicoactivas. | L48: 16 | M48: Número | N48: 4 | O48: 4 | P48: 4 | Q48: 4 | R48: =SUM(N48:Q48) -> 16 | S48: 46023 | T48: 46387 | U48: 23202020091902111 | V48: Recursos_Provenientes_del_Sistema_General_de_Participaciones_SGP | W48: 3000000 | X48: 3000000 | Y48: 3000000 | Z48: 0 | AA48: 0 | AB48: Adolescencia | AC48: SPC - E4 Atención Primaria Salud - L3 Cuidado de la Salud - Cuidado de la salud - Adolescencia | AD48: Gladys Cecilia Campo Agudelo Secretaria de Salud y Bienestar Social
A49: 37 | B49: Atención Primaria en Salud | C49: Entidades Territoriales Departamentales, Distritales que organizan la prestación de servicios de salud en redes integrales e integradas territoriales bajo un modelo de salud predictivo, preventivo y resolutivo fundamentado en la Atención Primaria en Salud – APS con criterios de subsidiaridad y complementariedad. | D49: Disminucion de la tasa de Enfermedades de Transmision sexual | E49: Conformar los Equipos Básicos de Salud para acercar los servicios de salud a las comunidades. | F49: PROGRAMA 2: Formulación, aprobación y ejecución del plan territorial de salud | G49: N/A | H49: Salud Pública | I49: Planes de salud pública ejecutados al 90% | J49: CUIDADO DE LA SALUD EN EL TERRITORIO. | K49: Realizar visitas domiciliarias con el fin promover la salud sexual y reproductiva para prevenir embarazos tempranos en adolescentes, además la socialización de temas que conlleven a garantizar el ejercicio de una sexualidad placentera y responsable: Metodos de planificación familiar, enfermetades de transmisión sexual, IVE , Higiene y prevención de ITU y todos los que sean necesarios durante la intervención. | L49: 25 | M49: Número | N49: 5 | O49: 5 | P49: 10 | Q49: 5 | R49: =SUM(N49:Q49) -> 25 | S49: 46023 | T49: 46387 | U49: 23202020091902111 | V49: Recursos_Provenientes_del_Sistema_General_de_Participaciones_SGP | W49: 2438000 | X49: 2438000 | Y49: 2438000 | Z49: 0 | AA49: 0 | AB49: Adolescencia | AC49: SPC - E4 Atención Primaria Salud - L3 Cuidado de la Salud - Cuidado de la salud - Adolescencia | AD49: Gladys Cecilia Campo Agudelo Secretaria de Salud y Bienestar Social
A50: 38 | B50: Atención Primaria en Salud | C50: Entidades Territoriales Departamentales, Distritales que organizan la prestación de servicios de salud en redes integrales e integradas territoriales bajo un modelo de salud predictivo, preventivo y resolutivo fundamentado en la Atención Primaria en Salud – APS con criterios de subsidiaridad y complementariedad. | D50: Cobertura de vacunación triple viral | E50: Conformar los Equipos Básicos de Salud para acercar los servicios de salud a las comunidades. | F50: PROGRAMA 2: Formulación, aprobación y ejecución del plan territorial de salud | G50: N/A | H50: Salud Pública | I50: Planes de salud pública ejecutados al 90% | J50: CUIDADO DE LA SALUD EN EL TERRITORIO. | K50: Elaboración de material educativo para ser socializado en población en general y grupos organizados durante las prejornadas y jornadas nacionales de vacunación en temáticas: Esquema adecuado de vacunación, Importancia de la vacunación, ESAVI: eventos supuestamente atribuidos a la vacuna, Principales enfermedades inmunoprevenibles (sarampión rubeola, varicela, tosferina, polio, tuberculosis, difteria, tétanos), Importancia de la vacuna PVH (que es porque se aplica, edades) - Volantes | L50: 1000 | M50: Número | N50: 200 | O50: 300 | P50: 300 | Q50: 200 | R50: =SUM(N50:Q50) -> 1000 | S50: 46023 | T50: 46387 | U50: 23202020091902111 | V50: Recursos_Provenientes_del_Sistema_General_de_Participaciones_SGP | W50: 1062000 | X50: 1062000 | Y50: 1062000 | Z50: 0 | AA50: 0 | AB50: Adolescencia | AC50: SPC - E4 Atención Primaria Salud - L3 Cuidado de la Salud - Cuidado de la salud - Adolescencia | AD50: Gladys Cecilia Campo Agudelo Secretaria de Salud y Bienestar Social
W51: =SUM(W47:W50) -> 8000000 | X51: =SUM(X47:X50) -> 8000000 | Y51: =SUM(Y47:Y50) -> 8000000 | Z51: =SUM(Z47:Z50) -> 0 | AA51: =SUM(AA47:AA50) -> 0 | AC51: SPC - E4 Atención Primaria Salud - L3 Cuidado de la Salud - Cuidado de la salud - Juventud
A52: 39 | B52: Atención Primaria en Salud | C52: Entidades Territoriales Departamentales, Distritales que organizan la prestación de servicios de salud en redes integrales e integradas territoriales bajo un modelo de salud predictivo, preventivo y resolutivo fundamentado en la Atención Primaria en Salud – APS con criterios de subsidiaridad y complementariedad. | D52: Disminución de violencia de género intrafamilar | E52: Conformar los Equipos Básicos de Salud para acercar los servicios de salud a las comunidades. | F52: PROGRAMA 2: Formulación, aprobación y ejecución del plan territorial de salud | G52: N/A | H52: Salud Pública | I52: Planes de salud pública ejecutados al 90% | J52: CUIDADO DE LA SALUD EN EL TERRITORIO. | K52: Fortalecimiento de redes sectoriales e intersectoriales, como espacios de construcción de saberes y generación de respuestas que promueven practicas sociales y de salud por curso de vida/entorno.,en temas como: Resiliencia,Manejo de las emociones,prevencion de la conducta suicida,promocion del involucramiento parenteral,acciones de prevencion de la epilepsia. | L52: 15 | M52: Número | N52: 1 | O52: 2 | P52: 2 | Q52: 2 | R52: =SUM(N52:Q52) -> 7 | S52: 46023 | T52: 46387 | U52: 23202020091902112 | V52: Recursos_Provenientes_del_Sistema_General_de_Participaciones_SGP | W52: 2000000 | X52: 2000000 | Y52: 2000000 | Z52: 0 | AA52: 0 | AB52: Juventud | AC52: SPC - E4 Atención Primaria Salud - L3 Cuidado de la Salud - Cuidado de la salud - Juventud | AD52: Gladys Cecilia Campo Agudelo Secretaria de Salud y Bienestar Social
A53: 40 | B53: Atención Primaria en Salud | C53: Entidades Territoriales Departamentales, Distritales que organizan la prestación de servicios de salud en redes integrales e integradas territoriales bajo un modelo de salud predictivo, preventivo y resolutivo fundamentado en la Atención Primaria en Salud – APS con criterios de subsidiaridad y complementariedad. | D53: Disminución consumo temprano de spa, el comportamiento suicida y las conductas violentas. | E53: Conformar los Equipos Básicos de Salud para acercar los servicios de salud a las comunidades. | F53: PROGRAMA 2: Formulación, aprobación y ejecución del plan territorial de salud | G53: N/A | H53: Salud Pública | I53: Planes de salud pública ejecutados al 90% | J53: CUIDADO DE LA SALUD EN EL TERRITORIO. | K53: Fortalecimiento del centro municipal de escucha como medio para escuchar a toda la comunidad desde los diferentes grupos etarios, en sus necesidades específicas en temas de salud mental, para desde allí activar las rutas de atención. | L53: 25 | M53: Número | N53: 3 | O53: 4 | P53: 4 | Q53: 4 | R53: =SUM(N53:Q53) -> 15 | S53: 46023 | T53: 46387 | U53: 23202020091902112 | V53: Recursos_Provenientes_del_Sistema_General_de_Participaciones_SGP | W53: 3000000 | X53: 3000000 | Y53: 3000000 | Z53: 0 | AA53: 0 | AB53: Juventud | AC53: SPC - E4 Atención Primaria Salud - L3 Cuidado de la Salud - Cuidado de la salud - Juventud | AD53: Gladys Cecilia Campo Agudelo Secretaria de Salud y Bienestar Social
A54: 41 | B54: Atención Primaria en Salud | C54: Entidades Territoriales Departamentales, Distritales que organizan la prestación de servicios de salud en redes integrales e integradas territoriales bajo un modelo de salud predictivo, preventivo y resolutivo fundamentado en la Atención Primaria en Salud – APS con criterios de subsidiaridad y complementariedad. | D54: Disminución consumo temprano de spa | E54: Conformar los Equipos Básicos de Salud para acercar los servicios de salud a las comunidades. | F54: PROGRAMA 2: Formulación, aprobación y ejecución del plan territorial de salud | G54: N/A | H54: Salud Pública | I54: Planes de salud pública ejecutados al 90% | J54: CUIDADO DE LA SALUD EN EL TERRITORIO. | K54: Conformación y/o fortalecimiento de la red protectora municipal | L54: 1 | M54: Número | N54: 0 | O54: 0 | P54: 0 | Q54: 1 | R54: 1 | S54: 46023 | T54: 46387 | U54: 23202020091902112 | V54: Recursos_Provenientes_del_Sistema_General_de_Participaciones_SGP | W54: 2000000 | X54: 2000000 | Y54: 2000000 | Z54: 0 | AA54: 0 | AB54: Juventud | AC54: SPC - E4 Atención Primaria Salud - L3 Cuidado de la Salud - Cuidado de la salud - Juventud | AD54: Gladys Cecilia Campo Agudelo Secretaria de Salud y Bienestar Social
A55: 42 | B55: Atención Primaria en Salud | C55: Entidades Territoriales Departamentales, Distritales que organizan la prestación de servicios de salud en redes integrales e integradas territoriales bajo un modelo de salud predictivo, preventivo y resolutivo fundamentado en la Atención Primaria en Salud – APS con criterios de subsidiaridad y complementariedad. | D55: Número de casos de sífilis gestacional y congénita Tasa de incidencia por VIH/SIDA | E55: Conformar los Equipos Básicos de Salud para acercar los servicios de salud a las comunidades. | F55: PROGRAMA 2: Formulación, aprobación y ejecución del plan territorial de salud | G55: N/A | H55: Salud Pública | I55: Planes de salud pública ejecutados al 90% | J55: CUIDADO DE LA SALUD EN EL TERRITORIO. | K55: Realizar actividades educativas y de sensibilización sobre: Tipos de Infecciones de transmisión sexual Comportamientos sexuales: valoración del riesgo y decisiones Consumo de alcohol y conductas de riesgo Higiene y prevención de Infecciones de Tracto Urinario -ITU | L55: 6 | M55: Número | N55: 1 | O55: 2 | P55: 2 | Q55: 1 | R55: =SUM(N55:Q55) -> 6 | S55: 46023 | T55: 46387 | U55: 23202020091902112 | V55: Recursos_Provenientes_del_Sistema_General_de_Participaciones_SGP | W55: 2000000 | X55: 2000000 | Y55: 2000000 | Z55: 0 | AA55: 0 | AB55: Juventud | AC55: SPC - E4 Atención Primaria Salud - L3 Cuidado de la Salud - Cuidado de la salud - Juventud | AD55: Gladys Cecilia Campo Agudelo Secretaria de Salud y Bienestar Social
W56: =SUM(W52:W55) -> 9000000 | X56: =SUM(X52:X55) -> 9000000 | Y56: =SUM(Y52:Y55) -> 9000000 | Z56: =SUM(Z52:Z55) -> 0 | AA56: =SUM(AA52:AA55) -> 0 | AC56: SPC - E4 Atención Primaria Salud - L3 Cuidado de la Salud - Cuidado de la salud - Adultez
A57: 43 | B57: Atención Primaria en Salud | C57: Entidades Territoriales Departamentales, Distritales que organizan la prestación de servicios de salud en redes integrales e integradas territoriales bajo un modelo de salud predictivo, preventivo y resolutivo fundamentado en la Atención Primaria en Salud – APS con criterios de subsidiaridad y complementariedad. | D57: Disminucion de tasa de violencia contra la mujer | E57: Conformar los Equipos Básicos de Salud para acercar los servicios de salud a las comunidades. | F57: PROGRAMA 2: Formulación, aprobación y ejecución del plan territorial de salud | G57: N/A | H57: Salud Pública | I57: Planes de salud pública ejecutados al 90% | J57: CUIDADO DE LA SALUD EN EL TERRITORIO. | K57: Difusión de rutas de atención a las violencias de genero y abuso sexual, entre los grupos vulnerables como familias en acción, padres de familia de los CDI. | L57: 8 | M57: Número | N57: 2 | O57: 2 | P57: 2 | Q57: 2 | R57: =SUM(N57:Q57) -> 8 | S57: 46023 | T57: 46387 | U57: 23202020091902113 | V57: Recursos_Provenientes_del_Sistema_General_de_Participaciones_SGP | W57: 1500000 | X57: 1500000 | Y57: 1500000 | Z57: 0 | AA57: 0 | AB57: Adultez | AC57: SPC - E4 Atención Primaria Salud - L3 Cuidado de la Salud - Cuidado de la salud - Adultez | AD57: Gladys Cecilia Campo Agudelo Secretaria de Salud y Bienestar Social
A58: 44 | B58: Atención Primaria en Salud | C58: Entidades Territoriales Departamentales, Distritales que organizan la prestación de servicios de salud en redes integrales e integradas territoriales bajo un modelo de salud predictivo, preventivo y resolutivo fundamentado en la Atención Primaria en Salud – APS con criterios de subsidiaridad y complementariedad. | D58: Prevalencia de hipertensión y diabetes en adultez (27 - 59 años) y vejez (60 años y más). | E58: Conformar los Equipos Básicos de Salud para acercar los servicios de salud a las comunidades. | F58: PROGRAMA 2: Formulación, aprobación y ejecución del plan territorial de salud | G58: N/A | H58: Salud Pública | I58: Planes de salud pública ejecutados al 90% | J58: CUIDADO DE LA SALUD EN EL TERRITORIO. | K58: Realizar campaña que permitan socializar la importancia de la alimentación saludable promoviendo el aprovechamiento de los alimentos de cosecha y que son producidos en el municipio | L58: 2 | M58: Número | N58: 0 | O58: 1 | P58: 0 | Q58: 1 | R58: 2 | S58: 46023 | T58: 46387 | U58: 23202020091902113 | V58: Recursos_Provenientes_del_Sistema_General_de_Participaciones_SGP | W58: 2000000 | X58: 2000000 | Y58: 2000000 | Z58: 0 | AA58: 0 | AB58: Adultez | AC58: SPC - E4 Atención Primaria Salud - L3 Cuidado de la Salud - Cuidado de la salud - Adultez | AD58: Gladys Cecilia Campo Agudelo Secretaria de Salud y Bienestar Social
A59: 45 | B59: Atención Primaria en Salud | C59: Entidades Territoriales Departamentales, Distritales que organizan la prestación de servicios de salud en redes integrales e integradas territoriales bajo un modelo de salud predictivo, preventivo y resolutivo fundamentado en la Atención Primaria en Salud – APS con criterios de subsidiaridad y complementariedad. | D59: Comunidad capacitada en prevencion y atención de emergencias naturales, antropicas y sanitarias. | E59: Conformar los Equipos Básicos de Salud para acercar los servicios de salud a las comunidades. | F59: PROGRAMA 2: Formulación, aprobación y ejecución del plan territorial de salud | G59: N/A | H59: Salud Pública | I59: Planes de salud pública ejecutados al 90% | J59: CUIDADO DE LA SALUD EN EL TERRITORIO. | K59: Capacitacion en prevencion y atención de emergencias naturales, antropicas y sanitarias que afecten directamente el estado de salud de la población: Intoxicaciones, brotes, quemaduras dirigidas a grupos organizados como Juntas de accion comunal, asociacion de usuarios, padres de familia del CDI e instituciones educativas | L59: 15 | M59: Número | N59: 3 | O59: 4 | P59: 4 | Q59: 4 | R59: =SUM(N59:Q59) -> 15 | S59: 46023 | T59: 46387 | U59: 23202020091902113 | V59: Recursos_Provenientes_del_Sistema_General_de_Participaciones_SGP | W59: 3500000 | X59: 3500000 | Y59: 3500000 | Z59: 0 | AA59: 0 | AB59: Adultez | AC59: SPC - E4 Atención Primaria Salud - L3 Cuidado de la Salud - Cuidado de la salud - Adultez | AD59: Gladys Cecilia Campo Agudelo Secretaria de Salud y Bienestar Social
W60: =SUM(W57:W59) -> 7000000 | X60: =SUM(X57:X59) -> 7000000 | Y60: =SUM(Y57:Y59) -> 7000000 | Z60: =SUM(Z57:Z59) -> 0 | AA60: =SUM(AA57:AA59) -> 0 | AC60: SPC - E4 Atención Primaria Salud - L3 Cuidado de la Salud - Cuidado de la salud - Persona mayor
A61: 46 | B61: Atención Primaria en Salud | C61: Entidades Territoriales Departamentales, Distritales que organizan la prestación de servicios de salud en redes integrales e integradas territoriales bajo un modelo de salud predictivo, preventivo y resolutivo fundamentado en la Atención Primaria en Salud – APS con criterios de subsidiaridad y complementariedad. | D61: A 2027, mantener la Prevalencia de hipertensión arterial en 9.67 en el Municipio | E61: Conformar los Equipos Básicos de Salud para acercar los servicios de salud a las comunidades. | F61: PROGRAMA 2: Formulación, aprobación y ejecución del plan territorial de salud | G61: N/A | H61: Salud Pública | I61: Planes de salud pública ejecutados al 90% | J61: CUIDADO DE LA SALUD EN EL TERRITORIO. | K61: Realizar actividades en IEC relacionadas con reconocimiento de los riesgos, signos y síntomas las Enfermedades crónicas como Hipertensión, Diabetes, Enfermedades del sistema circulatorio (Infarto Agudo de Miocardio, Eventos cerebrovasculares,) | L61: 10 | M61: Número | N61: 2 | O61: 3 | P61: 3 | Q61: 2 | R61: =SUM(N61:Q61) -> 10 | S61: 46023 | T61: 46387 | U61: 23202020091902114 | V61: Recursos_Provenientes_del_Sistema_General_de_Participaciones_SGP | W61: 3000000 | X61: 3000000 | Y61: 3000000 | Z61: 0 | AA61: 0 | AB61: Personas mayores | AC61: SPC - E4 Atención Primaria Salud - L3 Cuidado de la Salud - Cuidado de la salud - Persona mayor | AD61: Gladys Cecilia Campo Agudelo Secretaria de Salud y Bienestar Social
A62: 47 | B62: Atención Primaria en Salud | C62: Entidades Territoriales Departamentales, Distritales que organizan la prestación de servicios de salud en redes integrales e integradas territoriales bajo un modelo de salud predictivo, preventivo y resolutivo fundamentado en la Atención Primaria en Salud – APS con criterios de subsidiaridad y complementariedad. | D62: Porcentaje de obesidad en la población de 18 a 64 años | E62: Conformar los Equipos Básicos de Salud para acercar los servicios de salud a las comunidades. | F62: PROGRAMA 2: Formulación, aprobación y ejecución del plan territorial de salud | G62: N/A | H62: Salud Pública | I62: Planes de salud pública ejecutados al 90% | J62: CUIDADO DE LA SALUD EN EL TERRITORIO. | K62: Campaña de habitos alimentarios y estilos de vida Saludables - campaña | L62: 4 | M62: Número | N62: 1 | O62: 1 | P62: 1 | Q62: 1 | R62: =SUM(N62:Q62) -> 4 | S62: 46023 | T62: 46387 | U62: 23202020091902114 | V62: Recursos_Provenientes_del_Sistema_General_de_Participaciones_SGP | W62: 2000000 | X62: 2000000 | Y62: 2000000 | Z62: 0 | AA62: 0 | AB62: Personas mayores | AC62: SPC - E4 Atención Primaria Salud - L3 Cuidado de la Salud - Cuidado de la salud - Persona mayor | AD62: Gladys Cecilia Campo Agudelo Secretaria de Salud y Bienestar Social
A63: 48 | B63: Atención Primaria en Salud | C63: Entidades Territoriales Departamentales, Distritales que organizan la prestación de servicios de salud en redes integrales e integradas territoriales bajo un modelo de salud predictivo, preventivo y resolutivo fundamentado en la Atención Primaria en Salud – APS con criterios de subsidiaridad y complementariedad. | D63: A 2027, disminuir la tasa mortalidad por Cancer | E63: Conformar los Equipos Básicos de Salud para acercar los servicios de salud a las comunidades. | F63: PROGRAMA 2: Formulación, aprobación y ejecución del plan territorial de salud | G63: N/A | H63: Salud Pública | I63: Planes de salud pública ejecutados al 90% | J63: CUIDADO DE LA SALUD EN EL TERRITORIO. | K63: Taller lúdico educativo y practico en la detección del cancer en general orientado a la realización de autoexamenes de: Mama, Boca, Testiculo, Piel y los tamizajes de mama, cuello uterino, próstata, colon | L63: 8 | M63: Número | N63: 2 | O63: 2 | P63: 2 | Q63: 2 | R63: =SUM(N63:Q63) -> 8 | S63: 46023 | T63: 46387 | U63: 23202020091902114 | V63: Recursos_Provenientes_del_Sistema_General_de_Participaciones_SGP | W63: 2000000 | X63: 2000000 | Y63: 2000000 | Z63: 0 | AA63: 0 | AB63: Personas mayores | AC63: SPC - E4 Atención Primaria Salud - L3 Cuidado de la Salud - Cuidado de la salud - Persona mayor | AD63: Gladys Cecilia Campo Agudelo Secretaria de Salud y Bienestar Social
W64: =SUM(W61:W63) -> 7000000 | X64: =SUM(X61:X63) -> 7000000 | Y64: =SUM(Y61:Y63) -> 7000000 | Z64: =SUM(Z61:Z63) -> 0 | AA64: =SUM(AA61:AA63) -> 0 | AC64: SPC - E5 Cambio Climático - L2 Acuerdos Sociales y Comunitarios - Participación social incidencia acciones adaptación mitigación la variabilidad cambio climático y efectos en salud gestión prevención atención emergencias desastres pandemias
A65: 49 | B65: Atención Primaria en Salud | C65: Entidades Territoriales Departamentales, Distritales que organizan la prestación de servicios de salud en redes integrales e integradas territoriales bajo un modelo de salud predictivo, preventivo y resolutivo fundamentado en la Atención Primaria en Salud – APS con criterios de subsidiaridad y complementariedad. | D65: % de hogares con Inadecuada eliminacion de excretas(DNP/DANE) | E65: Conformar los Equipos Básicos de Salud para acercar los servicios de salud a las comunidades. | F65: PROGRAMA 2: Formulación, aprobación y ejecución del plan territorial de salud | G65: N/A | H65: Salud Pública | I65: Planes de salud pública ejecutados al 90% | J65: L2 Acuerdos Sociales y Comunitarios | K65: Talleres de promoción y prevención de la salud enfocados manejo de residuos sólidos, excretas. | L65: 10 | M65: Número | N65: 2 | O65: 3 | P65: 3 | Q65: 2 | R65: =SUM(N65:Q65) -> 10 | S65: 46023 | T65: 46387 | U65: 23202020091902117 | V65: Recursos_Provenientes_del_Sistema_General_de_Participaciones_SGP | W65: 3500000 | X65: 3500000 | Y65: 3500000 | Z65: 0 | AA65: 0 | AB65: FAMILIAS, COLECTIVOS Y COMUNIDADES | AC65: SPC - E5 Cambio Climático - L2 Acuerdos Sociales y Comunitarios - Participación social incidencia acciones adaptación mitigación la variabilidad cambio climático y efectos en salud gestión prevención atención emergencias desastres pandemias | AD65: Gladys Campo Agudelo Secretaria de Salud y Bienestar Social
A66: 50 | B66: Atención Primaria en Salud | C66: Entidades Territoriales Departamentales, Distritales que organizan la prestación de servicios de salud en redes integrales e integradas territoriales bajo un modelo de salud predictivo, preventivo y resolutivo fundamentado en la Atención Primaria en Salud – APS con criterios de subsidiaridad y complementariedad. | D66: Comunidad capacitada en prevencion y atención de emergencias naturales, antropicas y sanitarias. | E66: Conformar los Equipos Básicos de Salud para acercar los servicios de salud a las comunidades. | F66: PROGRAMA 2: Formulación, aprobación y ejecución del plan territorial de salud | G66: N/A | H66: Salud Pública | I66: Planes de salud pública ejecutados al 90% | J66: CUIDADO DE LA SALUD EN EL TERRITORIO. | K66: Capacitacion al Equipo de Respuesta, bomberos, personal de la Estacion de Policia, inmediata frente a eventos de interes en salud publica | L66: 2 | M66: Número | N66: 0 | O66: 1 | P66: 0 | Q66: 1 | R66: =SUM(N66:Q66) -> 2 | S66: 46023 | T66: 46387 | U66: 23202020091902117 | V66: Recursos_Provenientes_del_Sistema_General_de_Participaciones_SGP | W66: 500000 | X66: 500000 | Y66: 500000 | Z66: 0 | AA66: 0 | AB66: FAMILIAS, COLECTIVOS Y COMUNIDADES | AC66: SPC - E5 Cambio Climático - L3 Cuidado de la Salud - Respuesta en salud pública SGP | AD66: Gladys Campo Agudelo Secretaria de Salud y Bienestar Social
A67: 51 | B67: Atención Primaria en Salud | C67: Entidades Territoriales Departamentales, Distritales que organizan la prestación de servicios de salud en redes integrales e integradas territoriales bajo un modelo de salud predictivo, preventivo y resolutivo fundamentado en la Atención Primaria en Salud – APS con criterios de subsidiaridad y complementariedad. | D67: Comunidad capacitada en prevencion y atención de emergencias naturales, antropicas y sanitarias. | E67: Conformar los Equipos Básicos de Salud para acercar los servicios de salud a las comunidades. | F67: PROGRAMA 2: Formulación, aprobación y ejecución del plan territorial de salud | G67: N/A | H67: Salud Pública | I67: Planes de salud pública ejecutados al 90% | J67: CUIDADO DE LA SALUD EN EL TERRITORIO. | K67: Realizar Simulacro en el Municipio de Alejandría; que permitan evaluar si se está preparado técnica, económica y locativamente para la atención de las emergencias naturales | L67: 1 | M67: Número | N67: 0 | O67: 0 | P67: 0 | Q67: 1 | R67: =SUM(N67:Q67) -> 1 | S67: 46023 | T67: 46387 | U67: 23202020091902117 | V67: Recursos_Provenientes_del_Sistema_General_de_Participaciones_SGP | W67: 1500000 | X67: 1500000 | Y67: 1500000 | Z67: 0 | AA67: 0 | AB67: FAMILIAS, COLECTIVOS Y COMUNIDADES | AC67: SPC - E5 Cambio Climático - L3 Cuidado de la Salud - Respuesta en salud pública SGP | AD67: Gladys Campo Agudelo Secretaria de Salud y Bienestar Social
A68: 52 | B68: Atención Primaria en Salud | C68: Entidades Territoriales Departamentales, Distritales que organizan la prestación de servicios de salud en redes integrales e integradas territoriales bajo un modelo de salud predictivo, preventivo y resolutivo fundamentado en la Atención Primaria en Salud – APS con criterios de subsidiaridad y complementariedad. | D68: Porcentaje de brotes de ETA de notificación inmediata notificados oportunamente | E68: Conformar los Equipos Básicos de Salud para acercar los servicios de salud a las comunidades. | F68: PROGRAMA 2: Formulación, aprobación y ejecución del plan territorial de salud | G68: N/A | H68: Salud Pública | I68: Planes de salud pública ejecutados al 90% | J68: CUIDADO DE LA SALUD EN EL TERRITORIO. | K68: Acciones de Información, Educación y Comunicación para el Manejo Sanitario los alimentos y bebidas en los siguientes aspectos: Manejo seguro de alimentos (adquisición, cadena de frío, almacenamiento, preparación, conservación en caliente y servido) | L68: 6 | M68: Número | N68: 1 | O68: 2 | P68: 2 | Q68: 1 | R68: =SUM(N68:Q68) -> 6 | S68: 46023 | T68: 46387 | U68: 23202020091902117 | V68: Recursos_Provenientes_del_Sistema_General_de_Participaciones_SGP | W68: 1512918 | X68: 1512918 | Y68: 1512918 | Z68: 0 | AA68: 0 | AB68: FAMILIAS, COLECTIVOS Y COMUNIDADES | AC68: SPC - E5 Cambio Climático - L3 Cuidado de la Salud - Respuesta en salud pública SGP | AD68: Gladys Campo Agudelo Secretaria de Salud y Bienestar Social
W69: =SUM(W65:W68) -> 7012918 | X69: =SUM(X65:X68) -> 7012918 | Y69: =SUM(Y65:Y68) -> 7012918 | Z69: =SUM(Z66:Z68) -> 0 | AA69: =SUM(AA66:AA68) -> 0 | AC69: SPC - E7 Personal Salud - L3 Cuidado de la Salud - Cuidado de la salud en el entorno laboral
A70: 53 | B70: Atención Primaria en Salud | C70: Entidades Territoriales Departamentales, Distritales que organizan la prestación de servicios de salud en redes integrales e integradas territoriales bajo un modelo de salud predictivo, preventivo y resolutivo fundamentado en la Atención Primaria en Salud – APS con criterios de subsidiaridad y complementariedad. | D70: Disminucion de enfermedades laborales | E70: Conformar los Equipos Básicos de Salud para acercar los servicios de salud a las comunidades. | F70: PROGRAMA 2: Formulación, aprobación y ejecución del plan territorial de salud | G70: N/A | H70: Salud Pública | I70: Planes de salud pública ejecutados al 90% | J70: CUIDADO DE LA SALUD EN EL TERRITORIO. | K70: Realizar capacitación a la población trabajadora informal del municipio (Vendedores, recuperadores, agricultores, etc.) en los riesgos laborales a los que se pueda ver expuestos diariamente: Identificacion de riesgos | L70: 4 | M70: Número | N70: 1 | O70: 1 | P70: 1 | Q70: 1 | R70: =SUM(N70:Q70) -> 4 | S70: 46023 | T70: 46387 | U70: 23202020091902127 | V70: Recursos_Provenientes_del_Sistema_General_de_Participaciones_SGP | W70: 2000000 | X70: 2000000 | Y70: 2000000 | Z70: 0 | AA70: 0 | AB70: Grupos Organizados de Trabajo Informal - GOTIS | AC70: SPC - E7 PERSONAL SALUD - L3 CUIDADO DE LA SALUD - CUIDADO DE LA SALUD EN EL ENTORNO LABORAL | AD70: Gladys Campo Agudelo Secretaria de Salud y Bienestar Social
A71: 54 | B71: Atención Primaria en Salud | C71: Entidades Territoriales Departamentales, Distritales que organizan la prestación de servicios de salud en redes integrales e integradas territoriales bajo un modelo de salud predictivo, preventivo y resolutivo fundamentado en la Atención Primaria en Salud – APS con criterios de subsidiaridad y complementariedad. | D71: Disminucion de enfermedades laborales | E71: Conformar los Equipos Básicos de Salud para acercar los servicios de salud a las comunidades. | F71: PROGRAMA 2: Formulación, aprobación y ejecución del plan territorial de salud | G71: N/A | H71: Salud Pública | I71: Planes de salud pública ejecutados al 90% | J71: CUIDADO DE LA SALUD EN EL TERRITORIO. | K71: Realizar acciones de informacion a traves de medios de comunicaciòn (cuñas radiales, videos, tv, redes sociales) sobre la importancia al SGSSS, riesgos laborales y ARL | L71: 3 | M71: Número | N71: 0 | O71: 1 | P71: 1 | Q71: 1 | R71: =SUM(N71:Q71) -> 3 | S71: 46023 | T71: 46387 | U71: 23202020091902127 | V71: Recursos_Provenientes_del_Sistema_General_de_Participaciones_SGP | W71: 1500000 | X71: 1500000 | Y71: 1500000 | Z71: 0 | AA71: 0 | AB71: Grupos Organizados de Trabajo Informal - GOTIS | AC71: SPC - E7 PERSONAL SALUD - L3 CUIDADO DE LA SALUD - CUIDADO DE LA SALUD EN EL ENTORNO LABORAL | AD71: Gladys Campo Agudelo Secretaria de Salud y Bienestar Social
A72: 55 | B72: Atención Primaria en Salud | C72: Entidades Territoriales Departamentales, Distritales que organizan la prestación de servicios de salud en redes integrales e integradas territoriales bajo un modelo de salud predictivo, preventivo y resolutivo fundamentado en la Atención Primaria en Salud – APS con criterios de subsidiaridad y complementariedad. | D72: Disminucion de enfermedades laborales | E72: Conformar los Equipos Básicos de Salud para acercar los servicios de salud a las comunidades. | F72: PROGRAMA 2: Formulación, aprobación y ejecución del plan territorial de salud | G72: N/A | H72: Salud Pública | I72: Planes de salud pública ejecutados al 90% | J72: CUIDADO DE LA SALUD EN EL TERRITORIO. | K72: Realizar acciones a traves de medios de comunicaciòn (cuñas radiales, videos, tv, redes sociales) en temas de salud y seguridad en el trabajo, tales como higiene postural, pausas activas, comunicaciòn asertiva, entre otros. | L72: 3 | M72: Número | N72: 0 | O72: 1 | P72: 1 | Q72: 1 | R72: =SUM(N72:Q72) -> 3 | S72: 46023 | T72: 46387 | U72: 23202020091902127 | V72: Recursos_Provenientes_del_Sistema_General_de_Participaciones_SGP | W72: 1500000 | X72: 1500000 | Y72: 1500000 | Z72: 0 | AA72: 0 | AB72: Grupos Organizados de Trabajo Informal - GOTIS | AC72: SPC - E7 PERSONAL SALUD - L3 CUIDADO DE LA SALUD - CUIDADO DE LA SALUD EN EL ENTORNO LABORAL | AD72: Gladys Campo Agudelo Secretaria de Salud y Bienestar Social
W73: =SUM(W70:W72) -> 5000000 | X73: =SUM(X70:X72) -> 5000000 | Y73: =SUM(Y70:Y72) -> 5000000 | Z73: =SUM(Z70:Z72) -> 0 | AA73: =SUM(AA70:AA72) -> 0
A74: 56 | B74: Atención Primaria en Salud | C74: Entidades Territoriales Departamentales, Distritales que organizan la prestación de servicios de salud en redes integrales e integradas territoriales bajo un modelo de salud predictivo, preventivo y resolutivo fundamentado en la Atención Primaria en Salud – APS con criterios de subsidiaridad y complementariedad. | D74: Mantener por encima 95% la cobertura administrativas de triple viral en menores de 1 año | E74: Conformar los Equipos Básicos de Salud para acercar los servicios de salud a las comunidades. | F74: PROGRAMA 2: Formulación, aprobación y ejecución del plan territorial de salud | G74: N/A | H74: Salud Pública | I74: Planes de salud pública ejecutados al 90% | J74: CUIDADO DE LA SALUD EN EL TERRITORIO. | K74: Realizar Jornadas Nacionales de vacunación y solicitar y transportar los biológicos necesarios para el Municipio y de medicamentos de vigilancia epidemiológica que se requieran en el Municipio. (Póliza de seguro todo riesgo). | L74: 12 | M74: Porcentaje | N74: 3 | O74: 3 | P74: 3 | Q74: 3 | R74: =SUM(N74:Q74) -> 12 | S74: 46023 | T74: 46387 | U74: 2320202009190290 | V74: Recursos_Provenientes_del_Sistema_General_de_Participaciones_SGP | W74: 12120000 | X74: 12120000 | Y74: 12120000 | Z74: 0 | AA74: 0 | AB74: FAMILIAS, COLECTIVOS Y COMUNIDADES | AC74: SPC - E1 Gobernabilidad y Gobernanza - L1 Desarrollo Institucional y Sectorial - Gestión de insumos de interés en salud pública | AD74: Gladys Cecilia Campo Agudelo Secretaria de Salud y Bienestar Social
W75: =SUM(W74) -> 12120000 | X75: =SUM(X74) -> 12120000 | Y75: =SUM(Y74) -> 12120000
A76: TOTAL | W76: =+W9+W16+W20+W29+W36+W41+W46+W51+W56+W60+W64+W69+W73+W75 -> 129317344 | X76: =+X9+X16+X20+X29+X36+X41+X46+X51+X56+X60+X64+X69+X73+X75 -> 129317344 | Y76: =+Y9+Y16+Y20+Y29+Y36+Y41+Y46+Y51+Y56+Y60+Y64+Y69+Y73+Y75 -> 129317344 | Z76: =+Z9+Z16+Z20+Z29+Z36+Z41+Z46+Z51+Z56+Z60+Z64+Z69+Z73 -> 0 | AA76: =+AA9+AA16+AA20+AA29+AA36+AA41+AA46+AA51+AA56+AA60+AA64+AA69+AA73 -> 0

Sheet SPC - E2 Pueblos y comunidades 
E1: LINEAMIENTO OPERATIVO SALUD PUBLICA-MUNICIPIO DE ALEJANDRIA 2026
A2: ITEMS | B2: EJE ESTRATÉGICO | C2: ENTORNOENTORNO EN EL CUAL DESARROLLAN LAS ACTIVIDADES (Familia, escolar, comunitario, laboral, Institucional) De acuerdo a la Resolucion 3280 de 2018 | D2: EVENTO DE INTERES DE SALUD PUBLICA | E2: ESTRATEGIA | F2: ACTIVIDAD | G2: CODIGO CUPS (Resolución 2077 de 2021 anexo 5) | H2: TIPO DE ACTIVIDAD | I2: NUMERO DE ACTIVIDADES | J2: VALOR UNITARIO | K2: VALOR TOTAL | L2: TERRITORIO | M2: MICROTERRITORIO | N2: POBLACIÓN SUJETO | O2: ENFOQUE DIFERENCIAL | Q2: LUGAR DE EJECUCIÓN | R2: CANTIDAD | S2: TRIMESTRE | W2: RESULTADO O PRODUCTO | X2: ORIENTACIONES ESPECIFICAS TÉCNICAS | Y2: INDICADOR DE PRODUCTO O DE RESULTADO | Z2: TIEMPO DE EJECUCION | AA2: PROFESIONAL QUE REALIZA LA ACTIVIDAD | AB2: SOPORTES REQUERIDOS PARA LA AUDITORIA Y EVALUACIÓN TÉCNICA ADMINISTRATIVA Y FINANCIERA
O3: ENFOQUE POBLACIONAL | P3: CURSO DE VIDA | S3: I | T3: II | U3: III | V3: IV
A4: 1 | B4: SPC - E2 Pueblos y comunidades - L3 Cuidado de la Salud - Garantía del derecho a la salud de pueblos y comunidades étnicas y campesinas, mujeres, sectores LGBTIQ+ y otras poblaciones por condición y/o situación. | C4: Familiar- Educativo-Comunitario-Laboral | D4: GRUPO VULNERABLE | E4: EDUCACION | F4: Realizar IEC sobre derechos y deberes de la poblacion en situacion de Discapacidad de acuerdo a la normatividad nacional e internacional aplicable | G4: I10607 | H4: Talleres | I4: 8 | J4: =+K4/I4 -> 500000 | K4: 4000000 | L4: EMBALSES 1 EMBALSES 2 | M4: MT01, MT02, MT03,MT04 | N4: HABITANTES DE LAS VEREDAS: San Antonio,El Cerro,la Inmaculada,Cruces,San Jose,Piedras,Tocaima,la Pava,el Carbon,Remolino,el Popo,San Lorenzo,San Miguel,El Respaldo,San Pedro y casco urbano | O4: OTROS | P4: Pueblos y comunidades étnicas y campesinas, mujeres, sectores LGBTIQ+ y otras poblaciones por condición y/o situación. | Q4: Caseta comunal | R4: 120 Habitantes del territorio | S4: 1 | T4: 2 | U4: 3 | V4: 2 | W4: Ejecucion del 100% de los talleres | X4: El taller debe tener una duraciòn 2 horas,debe ser realizado por el profesional , se debe tener la planeacion con sus momentos, contar con los materiales para el trabajo a desarrollar, debe contar con un numero de 15 personas minimo por taller. | Y4: Comunidad educada en derechos y deberes de la poblacion en situacion de Discapacidad | Z4: 2 Horas | AA4: PROFESIONAL DE ENFERMERIA Y/O AUXILIAR DE ENFERMERA | AB4: 1. Consolidado de Actividades Educativas 2. Planeacion de Actividades Educativas. 3. Estrategia de Ejecucion y logros obtenidos. 4. Listados de Asistencia. 5. Caracterizacion Poblacional. 6 . Evaluacion deActividades Educativas. 7. Promedio de encuenta de Opinion. 8. Evidencia fotografica.
A5: 2 | B5: SPC - E2 Pueblos y comunidades - L3 Cuidado de la Salud - Garantía del derecho a la salud de pueblos y comunidades étnicas y campesinas, mujeres, sectores LGBTIQ+ y otras poblaciones por condición y/o situación. | C5: COMUNITARIO | D5: VIOLENCIA | E5: EDUCACION | F5: Fortelecimiento a los Grupos de Mujeres del Municipio de Alejandria ,en el area de salud mental ,con el tema de la Sororidad ,Brindando informacion,Educacion y Comunicación,en este tema | G5: I11101 | H5: TALLER | I5: 8 | J5: =+K5/I5 -> 500000 | K5: 4000000 | L5: EMBALSES 1 EMBALSES 2 | M5: MT01, MT02, MT03,MT04 | N5: Trabajar con 6 Grupos de mujeres del municipio de Alejandria, HABITANTES DE LAS VEREDAS: San Antonio, El Cerro, la Inmaculada, Cruces, San Jose, Piedras, Tocaima, la Pava, Remolino, el Popo, San Lorenzo, San Miguel, El Respaldo, tambien se incluye area urbana | O5: OTROS | P5: Pueblos y comunidades étnicas y campesinas, mujeres, sectores LGBTIQ+ y otras poblaciones por condición y/o situación. | Q5: Caseta comunal | R5: 90 MUJERES | S5: 1 | T5: 2 | U5: 3 | V5: 2 | W5: Grupos de Mujeres sensiblizados | X5: Realizar talleres con grupos de mujeres , como minimo de 15 personas por taller ,duracion del taller 2 HORAS,donde se brindara educacion respecto a temas como: Sororidad Femenina | Y5: Disminucion de violencia de genero intrafamilar | Z5: 2 Horas | AA5: PROFESIONAL EN PSICOLOGIA Y/O TRABAJADOR SOCIAL | AB5: 1. Consolidado de Actividades Educativas 2. Planeacion de Actividades Educativas 3. Estrategia de Ejecucion y logros obtenidos 4. Listados de Asistencia 5. Caracterizacion Poblacional 6 . Evaluacion deActividades Educativas 7. Promedio de encuenta de Opinion. 8. Evidencia fotografica . 9 Entregar rutas de atencion a los participes de los talleres. 10 Terminado los talleres se realizara encuentro
A6: 3 | B6: SPC - E2 Pueblos y comunidades - L3 Cuidado de la Salud - Garantía del derecho a la salud de pueblos y comunidades étnicas y campesinas, mujeres, sectores LGBTIQ+ y otras poblaciones por condición y/o situación. | C6: FAMILIAR-COMUNITARIO-EDUCACION | D6: VIOLENCIA | E6: Educacion para la Salud | F6: Campaña IEC prevención de la violencia de las diferentes clases de violencias | G6: I11103 | H6: Campaña | I6: 8 | J6: =+K6/I6 -> 500329.38 | K6: 4002635 | L6: EMBALSES 1 EMBALSES 2 | M6: MT01, MT02, MT03,MT04 | N6: HABITANTES DE LAS VEREDAS: San Antonio, El Cerro, la Inmaculada, Cruces, San Jose, Piedras, Tocaima, la Pava, el Carbon, Remolino, el Popo, San Lorenzo, San Miguel, El Respaldo, San Pedro, tambien se incluye area urbana | O6: OTROS | P6: Pueblos y comunidades étnicas y campesinas, mujeres, sectores LGBTIQ+ y otras poblaciones por condición y/o situación. | Q6: Institucion Educativa,Caseta Comunal | R6: 200 HABITANTES DEL TERRITORIO | S6: 1 | T6: 2 | U6: 3 | V6: 2 | W6: Poblacion Alejandrina,sensibilizada,frente a la prevencion de las violencias | X6: La campaña debe tener una participación mínima de 200 personas, el profesional encargado debe realizar la planeaciòn y coordinar la campaña con apoyo del equipo, se debe anexar un programa radial . Utilizar las redes sociales para invitar a la campaña. | Y6: Dismunuciòn de las distintas violencias | Z6: 1 DIA | AA6: PROFESIONAL EN PSICOLOGIA Y/O TRABAJADOR SOCIAL | AB6: 1. Consolidado de Actividades Educativas 2. Planeacion de Actividades Educativas 3. Estrategia de Ejecucion y logros obtenidos 4. Listados de Asistencia 5. Caracterizacion Poblacional 6 . Evaluacion deActividades Educativas 7. Promedio de encuenta de Opinion. 8. Evidencia fotografica.
K7: =SUM(K4:K6) -> 12002635

Sheet SPC - E3 Determinantes Inters
E1: LINEAMIENTO OPERATIVO SALUD PUBLICA-MUNICIPIO DE ALEJANDRIA 2026
A2: ITEMS | B2: EJE ESTRATÉGICO | C2: ENTORNOENTORNO EN EL CUAL DESARROLLAN LAS ACTIVIDADES (Familia, escolar, comunitario, laboral, Institucional) De acuerdo a la Resolucion 3280 de 2018 | D2: EVENTO DE INTERES DE SALUD PUBLICA | E2: ESTRATEGIA | F2: ACTIVIDAD | G2: CODIGO CUPS (Resolución 2077 de 2021 anexo 5) | H2: TIPO DE ACTIVIDAD | I2: NUMERO DE ACTIVIDADES | J2: VALOR UNITARIO | K2: VALOR TOTAL | L2: TERRITORIO | M2: MICROTERRITORIO | N2: POBLACIÓN SUJETO | O2: ENFOQUE DIFERENCIAL | Q2: LUGAR DE EJECUCIÓN | R2: CANTIDAD | S2: TRIMESTRE | W2: RESULTADO O PRODUCTO | X2: ORIENTACIONES ESPECIFICAS TÉCNICAS | Y2: INDICADOR DE PRODUCTO O DE RESULTADO | Z2: TIEMPO DE EJECUCION | AA2: PROFESIONAL QUE REALIZA LA ACTIVIDAD | AB2: SOPORTES REQUERIDOS PARA LA AUDITORIA Y EVALUACIÓN TÉCNICA ADMINISTRATIVA Y FINANCIERA
O3: ENFOQUE POBLACIONAL | P3: CURSO DE VIDA | S3: I | T3: II | U3: III | V3: IV
A4: 4 | B4: SPC - E3 Determinantes - L2 Acuerdos Sociales y Comunitarios - Coordinación intersectorial para la afectación positiva de los determinantes sociales de la salud. | C4: FAMILIAR,COMUNITARI, EDUCACION, LABORAL | D4: OBESIDAD, DESNUTRICION | E4: EDUCACIÓN | F4: Realizar campaña de promoción de la alimentación saludable en los servicios de salud, comedores y restaurantes escolares y puntos de venta de alimentos. (azúcares, grasas y sal) | G4: i11403 | H4: Campaña | I4: 4 | J4: 500 | K4: 2000000 | L4: EMBALSES 1 EMBALSES 2 | M4: MT01, MT02, MT03,MT04 | N4: HABITANTES DE LAS VEREDAS: San Antonio, El Cerro, la Inmaculada, Cruces, San Jose, Piedras,Tocaima,la Pava, el Carbon, Remolino, el Popo, San Lorenzo, San Miguel, El Respaldo, San Pedro, tambien se incluye area urbana | O4: OTROS | P4: FAMILIAS, COLECTIVOS Y COMUNIDADES | Q4: RESTAURANTES Y PUNTOS DE VENTA DE ALIMENTOS | R4: 50 PUNTOS DE COMERCIO | S4: 1 | T4: 1 | U4: 1 | V4: 1 | W4: Comunidad sensibilizada frente a la alimentacion saludable | X4: La campaña debe tener una participaciòn minima de 50 personas, el profesional encargado debe realizar la planeaciòn y coordinar la campaña con apoyo del equipo, se debe anexar un programa radial. Utilizar las redes sociales para invitar a la campaña | Y4: Prevalencia de hipertensión y diabetes en adultez (27 - 59 años) y vejez (60 años y más). | Z4: 2 HORAS | AA4: PROFESIONAL DE ENFERMERIA, NUTRICIONISTA Y/O AUXILIAR DE ENFERMERIA | AB4: 1. Consolidado de Actividades Educativas 2. Planeacion de Actividades Educativas 3. Estrategia de Ejecucion y logros obtenidos 4. Listados de Asistencia 5. Caracterizacion Poblacional 6 . Evaluacion deActividades Educativas 7. Promedio de encuenta de Opinion 8. Evidencia fotografica. 9. Certificado de la emisora Comunitaria.
A5: 5 | B5: SPC - E3 Determinantes - L2 Acuerdos Sociales y Comunitarios - Coordinación intersectorial para la afectación positiva de los determinantes sociales de la salud. | C5: Familiar- Educativo-Comunitario-Laboral | D5: ENFERMEDADES INMUNOPREVENIBLES | E5: VIGILANCIA EPIDEMIOLOGICA | F5: Realizar Busqueda Activa comunitaria de casos y contactos de tuberculosis y toma de muestras de BK en poblacion en condicion de calle, en adultos mayores institucionalizados, en centros carcelarios y en las comunidades donde se hayan presentado casos y/o siguiendo la tabla 4. Grupos Priorizados para la Busqueda Activa de Sintomaticos Respiratorios. Resolucion 0227 del 2020. | G5: I2 | H5: Busqueda Activa | I5: 5 | J5: 400000 | K5: 2000000 | L5: EMBALSES 1 EMBALSES 2 | M5: MT01, MT02, MT03,MT04 | N5: HABITANTES DE LAS VEREDAS: San Antonio, El Cerro, la Inmaculada, Cruces, San Jose, Piedras, Tocaima, la Pava, el Carbon, Remolino, el Popo, San Lorenzo, San Miguel, El Respaldo, San Pedro y casco urbano. | O5: OTROS | P5: FAMILIAS, COLECTIVOS Y COMUNIDADES | Q5: CASA A CASA | R5: A DEMANDA | S5: 1 | T5: 1 | U5: 2 | V5: 1 | W5: Comunidad sensibilizada frente a Enfermedades respiratorias | X5: La actividad debe ser realizada de acuerdo a la RESOLUCION 227-2020, la meta de captacion de sintomaticos debe ser el 10% de los poblacion por barrio-vereda, Se debe realizar el 10% de la captacion sintomaticos respiratorios de (hogares de paso, privados de libertad, habitante de calle) ante la identificacion de sintomaticos respiratorios se debe realizar las muestra pertinentes. | Y5: % de Capatacion de Sintomaticos Respiratorios | Z5: A DEMANDA | AA5: PROFESIONAL DE ENFERMERIA Y/O AUXILIAR DE ENFERMERIA | AB5: 1. Consolidado de Actividades Educativas 2. Planeacion de Actividades Educativas 3. Estrategia de Ejecucion y logros obtenidos 4. Listados de Asistencia 5. Caracterizacion Poblacional 6 . Evaluacion deActividades Educativas 7. Promedio de encuenta de Opinion 8. Evidencia fotografica
A6: 6 | B6: SPC - E3 Determinantes - L2 Acuerdos Sociales y Comunitarios - Coordinación intersectorial para la afectación positiva de los determinantes sociales de la salud. | C6: Familiar- Educativo-Comunitario-Laboral | D6: ENFERMEDADES INMUNOPREVENIBLES | E6: VIGILANCIA EPIDEMIOLOGICA | F6: Implementar el libro de sintomaticos respiratorios del ambito extramural, producto de las Busquedas Activas comunitarias, diferente al libro de sintomatios respiratorios intitucional. | G6: I2 | H6: Implementacion de libro | I6: 1 | J6: 100000 | K6: 100000 | L6: EMBALSES 1 EMBALSES 2 | M6: MT01, MT02, MT03,MT04 | N6: HABITANTES DE LAS VEREDAS: San Antonio,El Cerro,la Inmaculada,Cruces,San Jose,Piedras,Tocaima,la Pava,el Carbon,Remolino,el Popo,San Lorenzo,San Miguel,El Respaldo,San Pedro y casco urbano | O6: OTROS | P6: FAMILIAS, COLECTIVOS Y COMUNIDADES | Q6: ESE Hospital | R6: A DEMANDA | S6: 0 | T6: 0 | U6: 0 | V6: 1 | W6: Comunidad sensibilizada frente a Enfermedades respiratorias | X6: La actividad debe ser realizada de acuerdo a la RESOLUCION 227-2020, la meta de captacion de sintomaticos debe ser el 10% de los poblacion por barrio-vereda, Se debe realizar el 10% de la captacion sintomaticos respiratorios de ( hogares de paso, privados de libertad, habitante de calle) ante la identificacion de sintomaticos respiratorios se debe realizar las muestra pertinentes | Y6: % de Capatacion de Sintomaticos Respiratorios | Z6: A DEMANDA | AA6: PROFESIONAL DE ENFERMERIA Y/O AUXILIAR DE ENFERMERIA | AB6: 1. Consolidado de Actividades Educativas 2. libro de sintomaticos respiratorios
A7: 7 | B7: SPC - E3 Determinantes - L2 Acuerdos Sociales y Comunitarios - Coordinación intersectorial para la afectación positiva de los determinantes sociales de la salud. | C7: COMUNITARIO,FAMILAR,EDUCACION | D7: ENFERMEDADES DE TRANSMISION SEXUAL | E7: EDUCACION | F7: Campaña con las comunidad en temáticas especificas para la prevención de Enfermedades de Transmisión Sexual | G7: I10207 | H7: Campaña | I7: 2 | J7: 750000 | K7: 1500000 | L7: EMBALSES 1 EMBALSES 2 | M7: MT01, MT02, MT03,MT04 | N7: HABITANTES DE LAS VEREDAS: San Antonio, El Cerro, la Inmaculada, Cruces, San Jose, Piedras, Tocaima, la Pava, el Carbon, Remolino, el Popo, San Lorenzo, San Miguel, El Respaldo, San Pedro, tambien se incluye area urbana | O7: OTROS | P7: FAMILIAS, COLECTIVOS Y COMUNIDADES | Q7: AULA MULTIPLE DEL LICEO Y/0 PARQUE PRINCIPAL | R7: 200 HABITANTES DEL TERRITORIO | S7: 0 | T7: 1 | U7: 0 | V7: 1 | W7: Poblacion sensibilizada frente a la prevencion de Enfermedades de Transmision sexual. | X7: La campaña debe tener una participaciòn minima de 200 personas, el profesional encargado debe realizar la planeaciòn y coordinar la campaña con apoyo del equipo, se debe anexar un programa radial .Utilizar las redes sociales para invitar a la campaña,se realizan pruebas rapidas de VIH | Y7: Disminucion de la tasa de Enfermedades de Transmision sexual | Z7: 2 HORAS | AA7: PROFESIONAL DE PSICOLOGIA, MEDICO, PROFESIONAL DE ENFERMERIA Y/O AUXILIAR DE ENFERMERIA | AB7: .1 Consolidado de Actividades Educativas 2. Planeacion de Actividades Educativas 3. Estrategia de Ejecucion y logros obtenidos 4. Listados de Asistencia 5. Caracterizacion Poblacional 6 . Evaluacion deActividades Educativas 7. Promedio de encuenta de Opinion 8. Evidencia fotografica .
A8: 8 | B8: SPC - E3 Determinantes - L2 Acuerdos Sociales y Comunitarios - Coordinación intersectorial para la afectación positiva de los determinantes sociales de la salud. | C8: COMUNITARIO,FAMILIAR,EDUCACION,LABORAL | D8: ENFERMEDADES DE TRANSMISION SEXUAL,VIOLENCIA | E8: COMUNICACIÓN | F8: Difusión de ruta de Atención del CODIGO FUCSIA - Programa radial | G8: I10202 | H8: programa Radial de 30 minutos | I8: 2 | J8: 260000 | K8: 520000 | L8: EMBALSES 1 EMBALSES 2 | M8: MT01, MT02, MT03,MT04 | N8: HABITANTES DE LAS VEREDAS: San Antonio, El Cerro, la Inmaculada, Cruces, San Jose, Piedras, Tocaima, la Pava, el Carbon, Remolino, el Popo, San Lorenzo, San Miguel, El Respaldo, San Pedro, tambien se incluye area urbana | O8: OTROS | P8: FAMILIAS, COLECTIVOS Y COMUNIDADES | Q8: EMISORA COMUNITARIA | R8: HABITANTES DEL TERRITORIO | S8: 0 | T8: 1 | U8: 1 | V8: 0 | W8: Aumento de captaciones casos | X8: La actividad debe tener una duraciòn entre 30 minutos, se debe tener evidencias la preparacion del tema, se puede realizar invitacion con profesionales externos expertos en el tema, se debe difundir en medios de comunicación del municipio | Y8: Disminucion de tasa de violencia contra la mujer | Z8: 30 MINUTOS | AA8: PROFESIONAL DE PSICOLOGIA, MEDICO, PROFESIONAL DE ENFERMERIA Y/O AUXILIAR DE ENFERMERIA | AB8: 1. Consolidado de Actividades Educativas 2. Planeacion de Actividades Educativas 3. Estrategia de Ejecucion y logros obtenidos 4. Listados de Asistencia 5. Caracterizacion Poblacional 6 . Evaluacion deActividades Educativas 7. Promedio de encuenta de Opinion 8. Evidencia fotografica 9. Difuncion en medios de comunicacion 10. Certificado de la emisora
A9: 9 | B9: SPC - E3 Determinantes - L2 Acuerdos Sociales y Comunitarios - Coordinación intersectorial para la afectación positiva de los determinantes sociales de la salud. | C9: COMUNITARIO | D9: ENFERMEDADES DE TRANSMISION SEXUAL,VIOLENCIA | E9: EDUCACION | F9: Difusión de ruta de Atención del CODIGO FUCSIA - Talleres | G9: I10202 | H9: Talleres | I9: 2 | J9: 440 | K9: 880000 | L9: EMBALSES 1 EMBALSES 2 | M9: MT01, MT02, MT03,MT04 | N9: HABITANTES DE LAS VEREDAS: San Antonio, El Cerro, la Inmaculada, Cruces, San Jose, Piedras, Tocaima, la Pava, el Carbon, Remolino, el Popo, San Lorenzo, San Miguel, El Respaldo, San Pedro, tambien se incluye area urbana | O9: OTROS | P9: FAMILIAS, COLECTIVOS Y COMUNIDADES | Q9: SALON COMUNAL | R9: 180 HABITANTES DEL TERRITORIO | S9: 0 | T9: 1 | U9: 1 | V9: 0 | W9: Rutas de atención a las violencias de genero y abuso sexual revisadas, ajustadas y socializadas en la población vulnerable | X9: El taller debe tener una duraciòn 2 horas,debe ser realizado por el profesional de salud y/o auxiliar, se debe tener la planeacion con sus momentos, contar con los materiales para el trabajo a desarrolllar, debe contar con un numero de 20 personas minimo por taller. desarrolla la Implementacion del el Plan de aceleración para la reducción de la mortalidad materna. | Y9: Disminucion de tasa de violencia contra la mujer | Z9: 2 HORAS | AA9: PROFESIONAL DE PSICOLOGIA, MEDICO, PROFESIONAL DE ENFERMERIA Y/O AUXILIAR DE ENFERMERIA | AB9: 1. Consolidado de Actividades Educativas 2. Planeacion de Actividades Educativas 3. Estrategia de Ejecucion y logros obtenidos 4. Listados de Asistencia 5. Caracterizacion Poblacional 6 . Evaluacion deActividades Educativas 7. Promedio de encuenta de Opinion 8. Evidencia fotografica
K10: =SUM(K4:K9) -> 7000000

Sheet SPC - E3 Determinantes Crónicas
E1: LINEAMIENTO OPERATIVO SALUD PUBLICA-MUNICIPIO DE ALEJANDRIA 2025
A2: ITEMS | B2: EJE ESTRATÉGICO | C2: ENTORNOENTORNO EN EL CUAL DESARROLLAN LAS ACTIVIDADES (Familia, escolar, comunitario, laboral, Institucional) De acuerdo a la Resolucion 3280 de 2018 | D2: EVENTO DE INTERES DE SALUD PUBLICA | E2: ESTRATEGIA | F2: ACTIVIDAD | G2: CODIGO CUPS (Resolución 2077 de 2021 anexo 5) | H2: TIPO DE ACTIVIDAD | I2: NUMERO DE ACTIVIDADES | J2: VALOR UNITARIO | K2: VALOR TOTAL | L2: TERRITORIO | M2: MICROTERRITORIO | N2: POBLACIÓN SUJETO | O2: ENFOQUE DIFERENCIAL | Q2: LUGAR DE EJECUCIÓN | R2: CANTIDAD | S2: TRIMESTRE | W2: RESULTADO O PRODUCTO | X2: ORIENTACIONES ESPECIFICAS TÉCNICAS | Y2: INDICADOR DE PRODUCTO O DE RESULTADO | Z2: TIEMPO DE EJECUCION | AA2: PROFESIONAL QUE REALIZA LA ACTIVIDAD | AB2: SOPORTES REQUERIDOS PARA LA AUDITORIA Y EVALUACIÓN TÉCNICA ADMINISTRATIVA Y FINANCIERA
O3: ENFOQUE POBLACIONAL | P3: CURSO DE VIDA | S3: I | T3: II | U3: II | V3: IV
A4: 10 | B4: SPC - E3 Determinantes - L3 Cuidado de la Salud - Información en salud para la afectación positiva de los determinantes sociales de la salud en el territorio. Prevención de cáncer y otras enferm.catastróficas SGP SAL.PUB. Vig. Act. | C4: COMUNITARIO | D4: CANCER DE ESTOMAGO,MAMA,CUELLO UTERINO,PULMONAR | E4: INFORMACION,EDUCACION PARA LA SALUD | F4: Realizar Información y educación en cancer (Estomago, Mama, Cuello uterino, Pulmonar): Generalidades, Signos de Alarma, Tratramiento, Rehabilitación | G4: I11407 | H4: Talleres | I4: 10 | J4: =+K4/I4 -> 250000 | K4: 2500000 | L4: EMBALSES 1 EMBALSES 2 | M4: MT01, MT02, MT03,MT04 | N4: HABITANTES DE LAS VEREDAS: San Antonio, El Cerro, la Inmaculada, Cruces, San Jose, Piedras, Tocaima, la Pava, el Carbon, Remolino, el Popo, San Lorenzo, San Miguel, El Respaldo, San Pedro, tambien se incluye area urbana | O4: OTROS | P4: FAMILIAS, COLECTIVOS Y COMUNIDADES | Q4: Caseta comunal | R4: 150 habitantes de estas veredas | S4: 2 | T4: 2 | U4: 4 | V4: 2 | W4: 100% de las actividades de sensibilización proyectadas acorde a lo establecido para la vigencia | X4: Realizar talleres con los grupos conformados de mujeres a nivel rural para trabajar la prevencion del cancer de mama y cancer de cuello uterino sin excepcion ,con las Juntas de Accion Comunal trabajar la prevencion de Cancer de Estomago y pulmonar como minimo de 19 personas a excepcion de la vereda San Antonio ,duracion del taller 2 HORAS,donde se brindara educacion respecto a Generalidades, Signos de Alarma, Tratramiento, Rehabilitación | Y4: Tasa mortalidad por Cancer | Z4: 2 HORAS | AA4: PROFESIONAL DE ENFERMERIA Y/O AUXILIAR DE ENFERMERIA | AB4: 1. Consolidado de Actividades Educativas 2. Planeacion de Actividades Educativas 3. Estrategia de Ejecucion y logros obtenidos 4. Listados de Asistencia 5. Caracterizacion Poblacional 6 . Evaluacion deActividades Educativas 7. Promedio de encuenta de Opinion 8. Evidencia fotografica y dejar plegable a cada uno de los participes e informacion en cartelera
A5: 11 | B5: SPC - E3 Determinantes - L3 Cuidado de la Salud - Información en salud para la afectación positiva de los determinantes sociales de la salud en el territorio. Prevención de cáncer y otras enferm.catastróficas SGP SAL.PUB. Vig. Act. | C5: COMUNITARIO | D5: ENFERMEDADES CRONICAS | E5: INFORMACION Y EDUCACION PARA LA SALUD | F5: Realizar actividades en IEC relacionadas con reconocimiento de los riesgos, signos y síntomas las Enfermedades crónicas como Hipertensión, Diabetes, Enfermedades del sistema circulatorio (Infarto Agudo de Miocardio, Eventos cerebrovasculares,) | G5: I11410 | H5: CUÑAS RADIALES DE 30 SEGUNDO | I5: 4 | J5: =+K5/I5 -> 312500 | K5: 1250000 | L5: EMBALSES 1 EMBALSES 2 | M5: MT01, MT02, MT03,MT04 | N5: HABITANTES DE LAS VEREDAS: San Antonio, El Cerro, la Inmaculada, Cruces, San Jose, Piedras, Tocaima, la Pava, el Carbon, Remolino, el Popo, San Lorenzo, San Miguel, El Respaldo, San Pedro, tambien se incluye area urbana | O5: OTROS | P5: FAMILIAS, COLECTIVOS Y COMUNIDADES | Q5: EMISORA COMUNITARIA | R5: Habitantes del Territorio Alejandrino | S5: 1 | T5: 1 | U5: 1 | V5: 1 | W5: comunidad sensibilizada frente a las enfermedades Cardiovasculares | X5: La actividad debe tener una duraciòn entre 30 Segundos, con mensajes claros y concretos,para difundir en medios de comunicación del municipio | Y5: Tasa mortalidad por enfermedades del sistema circulatorio | Z5: 30 SEGUNDOS POR CUÑA | AA5: PROFESIONAL DE ENFERMERIA Y/O AUXILIAR DE ENFERMERIA | AB5: 1. Consolidado de Actividades Educativas 2. Planeacion de Actividades Educativas 3. Estrategia de Ejecucion y logros obtenidos 4. Listados de Asistencia 5. Caracterizacion Poblacional 6 . Evaluacion deActividades Educativas 7. Promedio de encuenta de Opinion 8. Evidencia fotografica 9. Difuncion en medios de comunicacion 10. Certificado de la emisora.11. cd con cuñas
A6: 12 | B6: SPC - E3 Determinantes - L3 Cuidado de la Salud - Información en salud para la afectación positiva de los determinantes sociales de la salud en el territorio. Prevención de cáncer y otras enferm.catastróficas SGP SAL.PUB. Vig. Act. | C6: FAMILIAR,COMUNITARIO,EDUCACION,LABORAL | D6: OBESIDAD, DESNUTRICION | E6: INFORMACION | F6: Realizar IEC que permitan socializar la importancia de la alimentación saludable promoviendo el aprovechamiento de los alimentos de cosecha y que son producidos en el municipio - Cartilla virtual a través de redes sociales | G6: i11403 | H6: IEC | I6: 2 | J6: =+K6/I6 -> 625000 | K6: 1250000 | L6: EMBALSES 1 EMBALSES 2 | M6: MT01, MT02, MT03,MT04 | N6: HABITANTES DE LAS VEREDAS: San Antonio, El Cerro, la Inmaculada, Cruces, San Jose, Piedras,Tocaima,la Pava, el Carbon, Remolino, el Popo, San Lorenzo, San Miguel, El Respaldo, San Pedro, tambien se incluye area urbana | O6: COMUNIDAD EN GENERAL | P6: FAMILIAS, COLECTIVOS Y COMUNIDADES | Q6: COMUNIDA EN GENERAL | R6: A DEMANDA | S6: 0 | T6: 1 | U6: 1 | V6: 0 | W6: Comunidad sensibilizada frente a la alimentacion saludable | X6: La cartilla debe contener tips para tener una alimentacion saludable y como aprovechar los alimentos que se generan en nuestro territorio | Y6: Prevalencia de exceso de peso en niños y niñas 5-12 años y adolescentes de 13 a 17 años | Z6: 1 MES PARA SU ENTREGA | AA6: PROFESIONAL DE ENFERMERIA, NUTRICIONISTA Y/O AUXILIAR DE ENFERMERIA | AB6: 1. Consolidado de Actividades Educativas 2. Planeacion de Actividades Educativas 3. Estrategia de Ejecucion y logros obtenidos 4. Listados de Asistencia 5. Caracterizacion Poblacional 6 . Evaluacion deActividades Educativas 7. Promedio de encuenta de Opinion 8. Evidencia fotografica 9. Difuncion en medios de comunicacion
K7: =SUM(K4:K6) -> 5000000

Sheet SPC - E4 APS Fam y Comunidades
E1: LINEAMIENTO OPERATIVO SALUD PUBLICA-MUNICIPIO DE ALEJANDRIA 2026
A2: ITEMS | B2: EJE ESTRATÉGICO | C2: ENTORNOENTORNO EN EL CUAL DESARROLLAN LAS ACTIVIDADES (Familia, escolar, comunitario, laboral, Institucional) De acuerdo a la Resolucion 3280 de 2018 | D2: EVENTO DE INTERES DE SALUD PUBLICA | E2: ESTRATEGIA | F2: ACTIVIDAD | G2: CODIGO CUPS (Resolución 2077 de 2021 anexo 5) | H2: TIPO DE ACTIVIDAD | I2: NUMERO DE ACTIVIDADES | J2: VALOR UNITARIO | K2: VALOR TOTAL | L2: TERRITORIO | M2: MICROTERRITORIO | N2: POBLACIÓN SUJETO | O2: ENFOQUE DIFERENCIAL | Q2: LUGAR DE EJECUCIÓN | R2: CANTIDAD | S2: TRIMESTRE | W2: RESULTADO O PRODUCTO | X2: ORIENTACIONES ESPECIFICAS TÉCNICAS | Y2: INDICADOR DE PRODUCTO O DE RESULTADO | Z2: TIEMPO DE EJECUCION | AA2: PROFESIONAL QUE REALIZA LA ACTIVIDAD | AB2: SOPORTES REQUERIDOS PARA LA AUDITORIA Y EVALUACIÓN TÉCNICA ADMINISTRATIVA Y FINANCIERA
O3: ENFOQUE POBLACIONAL | P3: CURSO DE VIDA | S3: I | T3: II | U3: II | V3: IV
A4: 13 | B4: SPC - E4 Atención Primaria Salud - L3 Cuidado de la Salud - Cuidado de la Salud - familias, colectivos y comunidades | C4: EDUCACION | D4: ZOONOSIS | E4: INFORMACION | F4: Acciones de Información,educación y comunicación, enfocadas a la tenencia responsable de animales, de modo que se reduzca el riesgo de transmisión de zoonosis | G4: I10002 | H4: CAPACITACION | I4: 5 | J4: =+K4/I4 -> 600000 | K4: 3000000 | L4: EMBALSES 1 | M4: MT01, MT02 | N4: HABITANTES DEL AREA RURAL CERRO,INMACULADA,RESPALDO,EL POPO | O4: OTROS | P4: FAMILIAS, COLECTIVOS Y COMUNIDADES | Q4: INSTITUCIONES EDUCATIVAS | R4: 100 Habitantes de estas veredas | S4: 1 | T4: 1 | U4: 2 | V4: 1 | W4: Comunidad sensibilizada frente al cuidado responsable de mascotas | X4: Realizar capacitaciones con un grupo como minimo de 18 personas ,duracion de la capacitacion,como minimo 40 minutos y maximo 1 hora,donde se brindara informacion, respecto a la tenencia Responsable de mascotas,incluye carteleras,plegables y video por las redes sociales,con pantallazos a los grupos de estudiantes del cual se brindo la educacion | Y4: Disminuir la Incidencia de agresiones por animales potencialmente transmisores de rabia (Número de casos presentados por año) | Z4: 40 minutos ,maximo 1 hora | AA4: PROFESIONAL DE ENFERMERIA Y/O AUXILIAR DE ENFERMERA | AB4: Acta de cada una de las Capacitaciones realizadas, que incluya registro fotografico a color ,con tres evaluaciones de los asistentes a las capacitaciones, evidencia dela informacion suministrada y se anexa al informe los pantallazos a los diferentes grupos estudiantiles del video brindado..
A5: 14 | B5: SPC - E4 Atención Primaria Salud - L3 Cuidado de la Salud - Cuidado de la Salud - familias, colectivos y comunidades | C5: COMUNITARIO | D5: ZOONOSIS | E5: VACUNACION ANTIRRABICA | F5: Apoyo con educacion IEC en las Campañas de vacunacion antirrabica dirigida a la la poblacion canina y felina del municipio | G5: I11001 | H5: APOYO EN CAMPAÑA | I5: 2 | J5: =+K5/I5 -> 1000000 | K5: 2000000 | L5: EMBALSES 1 EMBALSES 2 | M5: MT01, MT02, MT03,MT04 | N5: HABITANTES DEL AREA URBANA Y AREA RURAL,SEGÚN LOS LINEAMIENTOS PROYECTADOS PARA EL ACOMPAÑAMIENTO DE LAS CAMPAÑAS A NIVEL DEPARTAMENTAL | O5: OTROS | P5: FAMILIAS, COLECTIVOS Y COMUNIDADES | Q5: LUGARES DE ENCUENTRO PARA LA REALIZACION DE CAMPAÑAS | R5: 100 Habitantes | S5: 0 | T5: 1 | U5: 0 | V5: 1 | W5: Ejecucion del 100% de los acompañamiento de las campañas de vacunacion antirrabica | X5: El acompañamiento,en las campañas ,se debe coordinar con el Tecnico de sanidad Municipal ,apoyar en la planeaciòn ,ejecucion y convocatoria por redes sociales a las campañas. | Y5: Cobertura de vacunación felina y canina (% de vacunación a especies menores) | Z5: Una semana por campaña | AA5: AUXILIAR DE ENFERMERIA Y/O TECNICO EN SALUD PUBLICA | AB5: 1. Acta que contenga cada uno de los acompañamientos ejecutados,que integren la planeacion y apoyo en la ejecucion,los logros obtenidos, Listados de Asistencia Caracterizacion Poblacional Evidencia de difusion en redes Evidencia fotografica
A6: 15 | B6: SPC - E4 Atención Primaria Salud - L3 Cuidado de la Salud - Cuidado de la Salud - familias, colectivos y comunidades | C6: COMUNITARIO | D6: VIOLENCIA | E6: EDUCACION | F6: Entrenar a los comites de Salud de las Diferentes Juntas de Accion Comunal, Asociacion de usuarios, comunidad en general en: Como identificar en el territorio, la presencia de casos de Violencia, Rutas de Atencion contra la violencia intrafamiliar y de Equidad y Genero | G6: I10103 | H6: TALLER | I6: 10 | J6: =+K6/I6 -> 450000 | K6: 4500000 | L6: EMBALSES 1 EMBALSES 2 | M6: MT01, MT02, MT03,MT04 | N6: HABITANTES DE LAS VEREDAS: San Antonio, El Cerro, la Inmaculada, Cruces, San Jose, Piedras, Tocaima, la Pava, el Carbon, Remolino, el Popo, San Lorenzo, San Miguel, El Respaldo, San Pedro, tambien se incluye area urbana | O6: OTROS | P6: FAMILIAS, COLECTIVOS Y COMUNIDADES | Q6: Caseta comunal | R6: 64 INTEGRANTES DE LOS COMITES Y COMUNIDAD EN GENERAL | S6: 2 | T6: 2 | U6: 3 | V6: 3 | W6: Comites de Salud,sensibilizados en rutas de atencion en violencia de genero e intrafamiliar | X6: Realizar talleres con los comites de salud conformados, en las juntas de Accion Comunal ,del area urbana y rural, brindando educacion sobre como identificar los tipos de violencia en el territorio y la activacion de rutas de atencion | Y6: Disminucion de violencia de genero intrafamilar | Z6: 2 HORAS | AA6: PROFESIONAL EN PSICOLOGIA Y/O TRABAJADOR SOCIAL | AB6: 1. Consolidado de Actividades Educativas 2. Planeacion de Actividades Educativas 3. Estrategia de Ejecucion y logros obtenidos 4. Listados de Asistencia 5. Caracterizacion Poblacional 6 . Evaluacion deActividades Educativas 7. Promedio de encuenta de Opinion. 8. Evidencia fotografica . 9 Entregar rutas de atencion a los participes de los talleres
A7: 16 | B7: SPC - E4 Atención Primaria Salud - L3 Cuidado de la Salud - Cuidado de la Salud - familias, colectivos y comunidades | C7: FAMILIAR-COMUNITARIO-EDUCACION | D7: VIOLENCIA | E7: Educacion para la Salud | F7: Campaña IEC prevención del uso de pólvora | G7: I11103 | H7: CAMPAÑA | I7: 1 | J7: =+K7/I7 -> 5000000 | K7: 5000000 | L7: EMBALSES 1 EMBALSES 2 | M7: MT01, MT02, MT03,MT04 | N7: HABITANTES DE LAS VEREDAS: San Antonio, El Cerro, la Inmaculada, Cruces, San Jose, Piedras, Tocaima, la Pava, el Carbon, Remolino, el Popo, San Lorenzo, San Miguel, El Respaldo, San Pedro, tambien se incluye area urbana | O7: OTROS | P7: FAMILIAS, COLECTIVOS Y COMUNIDADES | Q7: Institucion Educativa,Caseta Comunal | R7: 200 HABITANTES DEL TERRITORIO | S7: 0 | T7: 0 | U7: 0 | V7: 1 | W7: Poblacion Alejandrina,sensibilizada,frente a la prevencion del uso de la polvora | X7: La campaña debe tener una participación mínima de 200 personas, el profesional encargado debe realizar la planeaciòn y coordinar la campaña con apoyo del equipo, se debe anexar un programa radial . Utilizar las redes sociales para invitar a la campaña. | Y7: No uso de polvora en ningun escenario y festividades del municipio | Z7: DURANTE EL MES DE NOVIEMBRE | AA7: PROFESIONAL EN PSICOLOGIA Y/O TRABAJADOR SOCIAL | AB7: 1. Consolidado de Actividades Educativas 2. Planeacion de Actividades Educativas 3. Estrategia de Ejecucion y logros obtenidos 4. Listados de Asistencia 5. Caracterizacion Poblacional 6 . Evaluacion deActividades Educativas 7. Promedio de encuenta de Opinion. 8. Evidencia fotografica.
A8: 17 | B8: SPC - E4 Atención Primaria Salud - L3 Cuidado de la Salud - Cuidado de la Salud - familias, colectivos y comunidades | C8: FAMILIAR,COMUNITARIO,EDUCACION,LABORAL | D8: OBESIDAD, DESNUTRICION | E8: EDUCACION,INFORMACION | F8: Realizar IEC que permitan socializar la importancia de la alimentación saludable promoviendo el aprovechamiento de los alimentos de cosecha y que son producidos en el municipio | G8: i11403 | H8: Programas Radiales de 30 minutos | I8: 6 | J8: =+K8/I8 -> 333333.33 | K8: 2000000 | L8: EMBALSES 1 EMBALSES 2 | M8: MT01, MT02, MT03,MT04 | N8: HABITANTES DE LAS VEREDAS: San Antonio, El Cerro, la Inmaculada, Cruces, San Jose, Piedras, Tocaima, la Pava, el Carbon, Remolino, el Popo, San Lorenzo, San Miguel, El Respaldo, San Pedro, tambien se incluye area urbana | O8: COMUNIDAD EN GENERAL | P8: FAMILIAS, COLECTIVOS Y COMUNIDADES | Q8: EMISORA | R8: 250 HABITANTES | S8: 1 | T8: 2 | U8: 2 | V8: 1 | W8: comunidad sensibilizada frente a la alimentacion saludable | X8: La actividad debe tener una duraciòn entre 30 minutos, se debe tener evidencias la preparacion del tema, se puede realizar invitacion con profesionales externos expertos en el tema, se debe difundir en medios de comunicación del municipio | Y8: Prevalencia de exceso de peso en la población | Z8: 30 MINUTOS | AA8: PROFESIONAL DE ENFERMERIA, NUTRICIONISTA Y/O AUXILIAR DE ENFERMERIA | AB8: 1. Consolidado de Actividades Educativas 2. Planeacion de Actividades Educativas 3. Estrategia de Ejecucion y logros obtenidos 4. Listados de Asistencia 5. Caracterizacion Poblacional 6 . Evaluacion deActividades Educativas 7. Promedio de encuenta de Opinion 8. Evidencia fotografica 9. Difuncion en medios de comunicacion 10. Certificado de la emisora
A9: 18 | B9: SPC - E4 Atención Primaria Salud - L3 Cuidado de la Salud - Cuidado de la Salud - familias, colectivos y comunidades | C9: COMUNITARIO | D9: ENFERMEDADES CRONICAS | E9: INFORMACION Y EDUCACION PARA LA SALUD | F9: Promoción de estilos de vida saludable con el fin de disminuir el riesgo de enfermedades no transmisibles: isquemicas del corazón, cardiovasculares, muertes por IAM. | G9: I11410 | H9: PROGRAMAS RADIALES 30 MINUTOS | I9: 8 | J9: =+K9/I9 -> 310223.88 | K9: 2481791 | L9: EMBALSES 1 EMBALSES 2 | M9: MT01, MT02, MT03,MT04 | N9: HABITANTES DE LAS VEREDAS: San Antonio,El Cerro,la Inmaculada,Cruces,San Jose,Piedras,Tocaima,la Pava,el Carbon,Remolino,el Popo,San Lorenzo,San Miguel,El Respaldo,San Pedro ,tambien,se incluye area urbana | O9: OTROS | P9: FAMILIAS, COLECTIVOS Y COMUNIDADES | Q9: EMISORA COMUNITARIA | R9: Habitantes del Territorio Alejandrino | S9: 2 | T9: 2 | U9: 2 | V9: 2 | W9: comunidad sensibilizada frente a las enfermedades Cardiovasculares | X9: La actividad debe tener una duraciòn entre 30 minutos, se debe tener evidencias la preparacion del tema, se puede realizar invitacion con profesionales externos expertos en el tema, se debe difundir en medios de comunicación del municipio | Y9: Tasa mortalidad por enfermedades del sistema circulatorio | Z9: 30 MINUTOS | AA9: PROFESIONAL DE ENFERMERIA Y/O AUXILIAR DE ENFERMERIA | AB9: 1. Consolidado de Actividades Educativas 2. Planeacion de Actividades Educativas 3. Estrategia de Ejecucion y logros obtenidos 4. Listados de Asistencia 5. Caracterizacion Poblacional 6 . Evaluacion deActividades Educativas 7. Promedio de encuenta de Opinion 8. Evidencia fotografica 9. Difuncion en medios de comunicacion 10. Certificado de la emisora
A10: 19 | B10: SPC - E4 Atención Primaria Salud - L3 Cuidado de la Salud - Cuidado de la Salud - familias, colectivos y comunidades | C10: FAMILIAR,COMUNITARI, EDUCACION, LABORAL | D10: OBESIDAD, DESNUTRICION | E10: EDUCACIÓN | F10: Promoción de estilos de vida saludable la ENT a traves de sensibilización sobre el consumo de sal/sodio/persona/día. | G10: i11403 | H10: CAMPAÑA | I10: 6 | J10: =+K10/I10 -> 533333.33 | K10: 3200000 | L10: EMBALSES 1 EMBALSES 2 | M10: MT01, MT02, MT03,MT04 | N10: San Antonio, El Cerro, la Inmaculada, Cruces, San Jose, Piedras,Tocaima,la Pava, el Carbon, Remolino, el Popo, San Lorenzo, San Miguel, El Respaldo, San Pedro, tambien se incluye area urbana | O10: PROPIETARIOS DE RESTAURANTES Y PUNTOS DE VENTA DE ALIMENTOS PROCESADOS | P10: FAMILIAS, COLECTIVOS Y COMUNIDADES | Q10: RESTAURANTES Y PUNTOS DE VENTA DE ALIMENTOS | R10: 20 PUNTOS DE COMERCIO | S10: 1 | T10: 2 | U10: 2 | V10: 1 | W10: Comunidad sensibilizada frente a la alimentacion saludable | X10: La campaña debe tener una participaciòn minima de 20 personas, el profesional encargado debe realizar la planeaciòn y coordinar la campaña con apoyo del equipo, se debe anexar un programa radial. Utilizar las redes sociales para invitar a la campaña | Y10: Prevalencia de hipertensión y diabetes | Z10: 2 DIAS | AA10: PROFESIONAL DE ENFERMERIA, NUTRICIONISTA Y/O AUXILIAR DE ENFERMERIA | AB10: 1. Consolidado de Actividades Educativas 2. Planeacion de Actividades Educativas 3. Estrategia de Ejecucion y logros obtenidos 4. Listados de Asistencia 5. Caracterizacion Poblacional 6 . Evaluacion deActividades Educativas 7. Promedio de encuenta de Opinion 8. Evidencia fotografica. 9. Certificado de la emisora Comunitaria.
A11: 20 | B11: SPC - E4 Atención Primaria Salud - L3 Cuidado de la Salud - Cuidado de la Salud - familias, colectivos y comunidades | C11: FAMILIAR-COMUNITARIO-EDUCACION | D11: VIOLENCIA | E11: Educacion para la Salud | F11: Campaña IEC prevención de la violencia de género | G11: I11103 | H11: CAMPAÑA | I11: 1 | J11: =+K11/I11 -> 5000000 | K11: 5000000 | L11: EMBALSES 1 EMBALSES 2 | M11: MT01, MT02, MT03,MT04 | N11: HABITANTES DE LAS VEREDAS: San Antonio, El Cerro, la Inmaculada, Cruces, San Jose, Piedras, Tocaima, la Pava, el Carbon, Remolino, el Popo, San Lorenzo, San Miguel, El Respaldo, San Pedro, tambien se incluye area urbana | O11: OTROS | P11: FAMILIAS, COLECTIVOS Y COMUNIDADES | Q11: Institucion Educativa,Caseta Comunal | R11: 200 HABITANTES DEL TERRITORIO | S11: 0 | T11: 0 | U11: 0 | V11: 1 | W11: Poblacion Alejandrina,sensibilizada,frente a la prevencion del abuso sexual infantil | X11: La campaña debe tener una participación mínima de 200 personas, el profesional encargado debe realizar la planeaciòn y coordinar la campaña con apoyo del equipo, se debe anexar un programa radial . Utilizar las redes sociales para invitar a la campaña. | Y11: Disminucion consumo temprano de spa, el comportamiento suicida y las conductas violentas. | Z11: 1 DIA | AA11: PROFESIONAL EN PSICOLOGIA Y/O TRABAJADOR SOCIAL | AB11: 1. Consolidado de Actividades Educativas 2. Planeacion de Actividades Educativas 3. Estrategia de Ejecucion y logros obtenidos 4. Listados de Asistencia 5. Caracterizacion Poblacional 6 . Evaluacion deActividades Educativas 7. Promedio de encuenta de Opinion. 8. Evidencia fotografica.
K12: =SUM(K4:K11) -> 27181791

Sheet SPC - E4 APS materno-perinatal
E1: LINEAMIENTO OPERATIVO SALUD PUBLICA-MUNICIPIO DE ALEJANDRIA 2026
A2: ITEMS | B2: EJE ESTRATÉGICO | C2: ENTORNOENTORNO EN EL CUAL DESARROLLAN LAS ACTIVIDADES (Familia, escolar, comunitario, laboral, Institucional) De acuerdo a la Resolucion 3280 de 2018 | D2: EVENTO DE INTERES DE SALUD PUBLICA | E2: ESTRATEGIA | F2: ACTIVIDAD | G2: CODIGO CUPS (Resolución 2077 de 2021 anexo 5) | H2: TIPO DE ACTIVIDAD | I2: NUMERO DE ACTIVIDADES | J2: VALOR UNITARIO | K2: VALOR TOTAL | L2: TERRITORIO | M2: MICROTERRITORIO | N2: POBLACIÓN SUJETO | O2: ENFOQUE DIFERENCIAL | Q2: LUGAR DE EJECUCIÓN | R2: CANTIDAD | S2: TRIMESTRE | W2: RESULTADO O PRODUCTO | X2: ORIENTACIONES ESPECIFICAS TÉCNICAS | Y2: INDICADOR DE PRODUCTO O DE RESULTADO | Z2: TIEMPO DE EJECUCION | AA2: PROFESIONAL QUE REALIZA LA ACTIVIDAD | AB2: SOPORTES REQUERIDOS PARA LA AUDITORIA Y EVALUACIÓN TÉCNICA ADMINISTRATIVA Y FINANCIERA
O3: ENFOQUE POBLACIONAL | P3: CURSO DE VIDA | S3: I | T3: II | U3: II | V3: IV
A4: 21 | B4: SPC - E4 Atención Primaria Salud - L3 Cuidado de la Salud - Cuidado de la salud - Población materna-perinatal | C4: FAMILIAR-COMUNITARIO | D4: MORTALIDAD MATERNA Y MORTALIDAD NEONATAL | E4: EDUCACION | F4: Realizar el Fortalecimiento de las Estrategias de información y comunicación para promover el cuidado y la salud materna y neonatal.: Ingreso temprano al control prenatal, importancia de los exámenes durante la gestación, consumo de multivitamínicos, maternidad y paternidad responsable), Prevención de ITS de transmisión vertical | G4: I11203 | H4: Talleres | I4: 3 | J4: =+K4/I4 -> 500000 | K4: 1500000 | L4: EMBALSES 1 EMBALSES 2 | M4: MT01, MT02, MT03,MT04 | N4: HABITANTES DE LAS VEREDAS: San Antonio, El Cerro, la Inmaculada, Cruces, San Jose, Piedras, Tocaima, la Pava, el Carbon, Remolino, el Popo, San Lorenzo, San Miguel, El Respaldo, San Pedro, tambien se incluye area urbana | O4: OTROS | P4: Materno - perinatal | Q4: SALON DE PROMOCION Y PREVENCION | R4: MADRES GESTANTES DEL MUNICIPIO DE ALEJANDRINO | S4: 0 | T4: 1 | U4: 1 | V4: 1 | W4: Comunidad sensibilizada frente a cuidados en la gestacion | X4: El taller debe tener una duraciòn 2 horas,debe ser realizado por el profesional de salud y/o auxiliar, se debe tener la planeacion con sus momentos, contar con los materiales para el trabajo a desarrolllar, debe contar con un numero de 10 personas minimo por taller. desarrolla la Implementacion del el Plan de aceleración para la reducción de la mortalidad materna. | Y4: mantener en 0 la mortalidad materna | Z4: 2 HORAS | AA4: PROFESIONAL DE ENFERMERIA Y/O AUXILIAR DE ENFERMERA | AB4: 1. Consolidado de Actividades Educativas 2. Planeacion de Actividades Educativas 3. Estrategia de Ejecucion y logros obtenidos 4. Listados de Asistencia 5. Caracterizacion Poblacional 6 . Evaluacion deActividades Educativas 7. Promedio de encuenta de Opinion 8. Evidencia fotografica
A5: 22 | B5: SPC - E4 Atención Primaria Salud - L3 Cuidado de la Salud - Cuidado de la salud - Población materna-perinatal | C5: COMUNITARIO,FAMILIAR,EDUCACION,LABORAL | D5: ENFERMEDADES DE TRANSMISION SEXUAL | E5: COMUNICACIÓN | F5: Realizar actividades de IEC en temas relacionados con derechos sexuales y reproductivos, maternidad segura, infecciones de trasmision sexual atravez de medios masivos de comunicación | G5: I10207 | H5: programa Radial de 30 minutos | I5: 6 | J5: =+K5/I5 -> 250000 | K5: 1500000 | L5: EMBALSES 1 EMBALSES 2 | M5: MT01, MT02, MT03,MT04 | N5: HABITANTES DE LAS VEREDAS: San Antonio, El Cerro, la Inmaculada, Cruces, San Jose, Piedras, Tocaima, la Pava, el Carbon, Remolino, el Popo, San Lorenzo, San Miguel, El Respaldo, San Pedro, tambien se incluye area urbana | O5: OTROS | P5: Materno - perinatal | Q5: EMISORA COMUNITARIA | R5: HABITANTES DEL TERRITORIO | S5: 1 | T5: 2 | U5: 2 | V5: 1 | W5: Comunidad sensibilizada frente a las ITS/VIH. | X5: La actividad debe tener una duraciòn entre 30 minutos, se debe tener evidencias la preparacion del tema, se puede realizar invitacion con profesionales externos expertos en el tema, se debe difundir en medios de comunicación del municipio | Y5: Número de casos de sífilis gestacional y congénita Tasa de incidencia por VIH/SIDA | Z5: 30 MINUTOS | AA5: PROFESIONAL DE PSICOLOGIA, MEDICO, PROFESIONAL DE ENFERMERIA Y/O AUXILIAR DE ENFERMERIA | AB5: 1. Consolidado de Actividades Educativas 2. Planeacion de Actividades Educativas 3. Estrategia de Ejecucion y logros obtenidos 4. Listados de Asistencia 5. Caracterizacion Poblacional 6 . Evaluacion deActividades Educativas 7. Promedio de encuenta de Opinion 8. Evidencia fotografica 9. Difuncion en medios de comunicacion 10. Certificado de la emisora
A6: 23 | B6: SPC - E4 Atención Primaria Salud - L3 Cuidado de la Salud - Cuidado de la salud - Población materna-perinatal | C6: COMUNITARIO | D6: MORTALIDAD MATERNA Y MORTALIDAD NEONATAL | E6: EDUCACION | F6: Fortalecer la Vigilancia de la morbilidad materna y neonatal extrema y del modelo de seguridad clínica para la atención segura de la mujer durante un evento obstétrico. - Talleres | G6: I10209 | H6: Talleres | I6: 6 | J6: =+K6/I6 -> 250000 | K6: 1500000 | N6: Personal Administrativo,Asistencial del Hospital,Policia Nacional,Bomberos | O6: OTROS | P6: Materno - perinatal | Q6: SALON DE PROMOCION Y PREVENCION Y/O PARQUE EDUCATIVO | R6: 55 HABITANTES DEL TERRITORIO | S6: 1 | T6: 2 | U6: 2 | V6: 1 | W6: Comunidad sensibilizada frente a cuidados en la gestacion | X6: El taller debe tener una duraciòn 2 horas,debe ser realizado por el profesional de salud y/o auxiliar, se debe tener la planeacion con sus momentos, contar con los materiales para el trabajo a desarrolllar, debe contar con un numero de 10 personas minimo por taller. desarrolla la Implementacion del el Plan de aceleración para la reducción de la mortalidad materna. | Y6: mantener en 0 la mortalidad materna | Z6: 2 HORAS | AA6: PROFESIONAL DE PSICOLOGIA, MEDICO, PROFESIONAL DE ENFERMERIA Y/O AUXILIAR DE ENFERMERIA | AB6: .1 Consolidado de Actividades Educativas 2. Planeacion de Actividades Educativas 3. Estrategia de Ejecucion y logros obtenidos 4. Listados de Asistencia 5. Caracterizacion Poblacional 6 . Evaluacion deActividades Educativas 7. Promedio de encuenta de Opinion 8. Evidencia fotografica .
A7: 24 | B7: SPC - E4 Atención Primaria Salud - L3 Cuidado de la Salud - Cuidado de la salud - Población materna-perinatal | C7: COMUNITARIO,FAMILIAR,EDUCACION,LABORAL | D7: MORTALIDAD MATERNA Y MORTALIDAD NEONATAL | E7: INFORMACION | F7: Fortalecer la Vigilancia de la morbilidad materna y neonatal extrema y del modelo de seguridad clínica para la atención segura de la mujer durante un evento obstétrico. - Programa radial | G7: I10209 | H7: programa Radial de 30 minutos | I7: 3 | J7: =+K7/I7 -> 260000 | K7: 780000 | L7: EMBALSES 1 EMBALSES 2 | M7: MT01, MT02, MT03,MT04 | N7: HABITANTES DE LAS VEREDAS: San Antonio, El Cerro, la Inmaculada, Cruces, San Jose, Piedras, Tocaima, la Pava, el Carbon, Remolino, el Popo, San Lorenzo, San Miguel, El Respaldo, San Pedro, tambien se incluye area urbana | O7: OTROS | P7: Materno - perinatal | Q7: EMISORA COMUNITARIA | R7: COMUNIDAD EN GENERAL | S7: 0 | T7: 1 | U7: 1 | V7: 1 | W7: Comunidad sensibilizada frente a cuidados en la gestacion | X7: La actividad debe tener una duraciòn entre 30 minutos, se debe tener evidencias la preparacion del tema, se puede realizar invitacion con profesionales externos expertos en el tema, se debe difundir en medios de comunicación del municipio | Y7: mantener en 0 la mortalidad materna | Z7: 30 MINUTOS | AA7: PROFESIONAL DE PSICOLOGIA, MEDICO, PROFESIONAL DE ENFERMERIA Y/O AUXILIAR DE ENFERMERIA | AB7: . Consolidado de Actividades Educativas 2. Planeacion de Actividades Educativas 3. Estrategia de Ejecucion y logros obtenidos 4. Listados de Asistencia 5. Caracterizacion Poblacional 6 . Evaluacion deActividades Educativas 7. Promedio de encuenta de Opinion 8. Evidencia fotografica 9. Difuncion en medios de comunicacion 10. Certificado de la emisora
A8: 25 | B8: SPC - E4 Atención Primaria Salud - L3 Cuidado de la Salud - Cuidado de la salud - Población materna-perinatal | C8: Familiar- Educativo-Comunitario-Laboral | D8: INFECCIONES RESPIRATORIAS AGUDAS | E8: EDUCACION | F8: Realización de acciones educativas de infeccion Respiratoria Aguda -IRA-EDA - Talleres | G8: 111301 | H8: Talleres | I8: 5 | J8: =+K8/I8 -> 250000 | K8: 1250000 | L8: EMBALSES 1 EMBALSES 2 | M8: MT01, MT02, MT03,MT04 | N8: HABITANTES DE LAS VEREDAS: San Antonio,El Cerro,la Inmaculada,Cruces,San Jose,Piedras,Tocaima,la Pava,el Carbon,Remolino,el Popo,San Lorenzo,San Miguel,El Respaldo,San Pedro y casco urbano | O8: OTROS | P8: Materno - perinatal | Q8: SALON COMUNAL | R8: 100 HABITANTES DEL TERRITORIO | S8: 1 | T8: 1 | U8: 2 | V8: 1 | W8: Comunidad sensibilizada frente a Enfermedades respiratorias | X8: El taller debe tener una duraciòn 2 horas,debe ser realizado por el profesional de salud y/o auxiliar, se debe tener la planeacion con sus momentos, contar con los materiales para el trabajo a desarrolllar, debe contar con un numero de 20 personas minimo por taller. desarrolla la Implementacion del el Plan de aceleración para la reducción de la mortalidad materna. | Y8: Tasa mortalidad por I.R.A en menores de 5 años Tasa mortalidad por E.D.A | Z8: 2 HORAS | AA8: PROFESIONAL DE ENFERMERIA Y/O AUXILIAR DE ENFERMERIA | AB8: 1 Consolidado de Actividades Educativas 2. Planeacion de Actividades Educativas 3. Estrategia de Ejecucion y logros obtenidos 4. Listados de Asistencia 5. Caracterizacion Poblacional 6 . Evaluacion deActividades Educativas 7. Promedio de encuenta de Opinion 8. Evidencia fotografica .
A9: 26 | B9: SPC - E4 Atención Primaria Salud - L3 Cuidado de la Salud - Cuidado de la salud - Población materna-perinatal | C9: Familiar- Educativo-Comunitario-Laboral | D9: ENFERMEDADES INMUNOPREVENIBLES | E9: EDUCACION | F9: Realizar encuentros educativos con la comunidad frente a la importancia de la vacunación, Lectura de carnet, riesgos y principales enfermedades inmunoprevenibles. | G9: I11307 | H9: Capacitaciones | I9: 6 | J9: =+K9/I9 -> 411666.67 | K9: 2470000 | L9: EMBALSES 1 EMBALSES 2 | M9: MT01, MT02, MT03,MT04 | N9: HABITANTES DE LAS VEREDAS: San Antonio, El Cerro, la Inmaculada, Cruces, San Jose, Piedras, Tocaima, la Pava, el Carbon, Remolino, el Popo, San Lorenzo, San Miguel, El Respaldo, San Pedro, tambien se incluye area urbana | O9: OTROS | P9: Materno - perinatal | Q9: SALON COMUNAL | R9: 320 HABITANTES DEL TERRITORIO | S9: 1 | T9: 2 | U9: 2 | V9: 1 | W9: 100% de las capacitaciones programadas realizadas | X9: La actividad debe tener una duraciòn entre 30-45 minutos, se debe tener evidencias de la socializaciòn, donde se evidencien los participantes, se puede realizar presencial,con entrega de plegables u otro material educativo. | Y9: Cobertura de vacunación | Z9: 30-45 minutos | AA9: PROFESIONAL DE ENFERMERIA Y/O AUXILIAR DE ENFERMERIA | AB9: 1. Consolidado de Actividades Educativas 2. Planeacion de Actividades Educativas 3. Estrategia de Ejecucion y logros obtenidos 4. Listados de Asistencia 5. Caracterizacion Poblacional 6 . Evaluacion deActividades Educativas 7. Promedio de encuenta de Opinion 8. Evidencia fotografica
K10: =SUM(K4:K9) -> 9000000

Sheet SPC - E4 APS Primera infancia
E1: LINEAMIENTO OPERATIVO SALUD PUBLICA-MUNICIPIO DE ALEJANDRIA 2026
A2: ITEMS | B2: EJE ESTRATÉGICO | C2: ENTORNOENTORNO EN EL CUAL DESARROLLAN LAS ACTIVIDADES (Familia, escolar, comunitario, laboral, Institucional) De acuerdo a la Resolucion 3280 de 2018 | D2: EVENTO DE INTERES DE SALUD PUBLICA | E2: ESTRATEGIA | F2: ACTIVIDAD | G2: CODIGO CUPS (Resolución 2077 de 2021 anexo 5) | H2: TIPO DE ACTIVIDAD | I2: NUMERO DE ACTIVIDADES | J2: VALOR UNITARIO | K2: VALOR TOTAL | L2: TERRITORIO | M2: MICROTERRITORIO | N2: POBLACIÓN SUJETO | O2: ENFOQUE DIFERENCIAL | Q2: LUGAR DE EJECUCIÓN | R2: CANTIDAD | S2: TRIMESTRE | W2: RESULTADO O PRODUCTO | X2: ORIENTACIONES ESPECIFICAS TÉCNICAS | Y2: INDICADOR DE PRODUCTO O DE RESULTADO | Z2: TIEMPO DE EJECUCION | AA2: PROFESIONAL QUE REALIZA LA ACTIVIDAD | AB2: SOPORTES REQUERIDOS PARA LA AUDITORIA Y EVALUACIÓN TÉCNICA ADMINISTRATIVA Y FINANCIERA
O3: ENFOQUE POBLACIONAL | P3: CURSO DE VIDA | S3: I | T3: II | U3: II | V3: IV
A4: 27 | B4: DIMENSION SEGURIDAD ALIMENTARIA Y NUTRICIONAL | C4: FAMILIAR-COMUNITARIO | D4: DESNUTRICIÓN AGUDA EN MENORES DE 5 AÑOS | E4: EDUCACION | F4: Realizar IEC en lactancia materna exclusiva hasta los 6 meses y complementaria hasta los 2 años. | G4: I10413 | H4: Talleres | I4: 6 | J4: =+K4/I4 -> 453333.33 | K4: 2720000 | L4: EMBALSES 1 EMBALSES 2 | M4: MT01, MT02, MT03,MT04 | N4: HABITANTES DE LAS VEREDAS: San Antonio, El Cerro, la Inmaculada, Cruces, San Jose, Piedras, Tocaima, la Pava, el Carbon, Remolino, el Popo, San Lorenzo, San Miguel, El Respaldo, San Pedro, tambien se incluye area urbana | O4: OTROS | P4: primera infancia (0-5 años) | Q4: Caseta comunal | R4: 160 niños, con sus acudientes habitantes de estas veredas y del area urbana | S4: 1 | T4: 2 | U4: 2 | V4: 1 | W4: Comunidad sensibilizada frente a la importancia de la lactancia materna para la supervivencia de los niños y las niñas | X4: El taller debe tener una duraciòn 2 horas,debe ser realizado por el profesional de salud y/o Auxiliar, se debe tener la planeacion con sus momentos, contar con los materiales para el trabajo a desarrolllar, debe contar con un numero de 15 personas minimo por taller. | Y4: Tasa de desnutricion menores 5 años | Z4: 2 HORAS | AA4: PROFESIONAL DE ENFERMERIA, NUTRICIONISTA Y/O AUXILIAR DE ENFERMERIA | AB4: 1. Consolidado de Actividades Educativas 2. Planeacion de Actividades Educativas 3. Estrategia de Ejecucion y logros obtenidos 4. Listados de Asistencia 5. Caracterizacion Poblacional 6 . Evaluacion deActividades Educativas 7. Promedio de encuenta de Opinion 8. Evidencia fotografica
A5: 28 | B5: DIMENSION SEGURIDAD ALIMENTARIA Y NUTRICIONAL | C5: FAMILIAR-COMUNITARIO,EDUCACION | D5: DESNUTRICIÓN AGUDA EN MENORES DE 5 AÑOS | E5: INFORMACION | F5: Realizar IEC en lactancia materna exclusiva hasta los 6 meses y complementaria hasta los 2 años. | G5: I10413 | H5: Programas Radiales de 30 minutos | I5: 3 | J5: =+K5/I5 -> 260000 | K5: 780000 | L5: EMBALSES 1 EMBALSES 2 | M5: MT01, MT02, MT03,MT04 | N5: HABITANTES DE LAS VEREDAS: San Antonio, El Cerro, la Inmaculada, Cruces, San Jose, Piedras, Tocaima, la Pava, el Carbon, Remolino, el Popo, San Lorenzo, San Miguel, El Respaldo, San Pedro, tambien se incluye area urbana | O5: OTROS | P5: primera infancia (0-5 años) | Q5: EMISORA | R5: COMUNIDAD EN GENERAL | S5: 0 | T5: 1 | U5: 1 | V5: 1 | W5: Comunidad sensibilizada frente a la importancia de la lactancia materna para la supervivencia de los niños y las niñas | X5: La actividad debe tener una duraciòn entre 30 minutos, se debe tener evidencias la preparacion del tema, se puede realizar invitacion con profesionales externos expertos en el tema, se debe difundir en medios de comunicación. | Y5: Tasa de desnutricion menores 5 años | Z5: 30 MINUTOS | AA5: PROFESIONAL DE ENFERMERIA, NUTRICIONISTA Y/O AUXILIAR DE ENFERMERIA | AB5: 1. Consolidado de Actividades Educativas 2. Planeacion de Actividades Educativas 3. Estrategia de Ejecucion y logros obtenidos 4. Listados de Asistencia 5. Caracterizacion Poblacional 6 . Evaluacion deActividades Educativas 7. Promedio de encuenta de Opinion 8. Evidencia fotografica. 9. Certificado de la emisora Comunitaria.
A6: 29 | B6: DIMENSION VIDA SALUDABLES Y ENFERMEDADES CRONICAS NO TRANSMISIBLES | C6: EDUCATIVO,COMUNITARIO | D6: CARIES DENTAL | E6: EDUCACION PARA LA SALUD | F6: Realización de Campaña para el uso adecuado de los implementos de higiene oral, prevención de enfermedades de la cavidad oral e importancia del correcto cepillado, en institucion educativa del municipio | G6: I11404 | H6: Talleres | I6: 3 | J6: =+K6/I6 -> 500000 | K6: 1500000 | N6: Institucion Educativa Procesa Delgado, sede Primaria y sede Secundaria, primera infancia | O6: OTROS | P6: primera infancia (0-5 años), Institucion educativa Procesa Delgado , sede primaria y secundaria | Q6: SEDES DE LA INSTITUCION EDUCATIVA PROCESA DELGADO, ESE PBRO. LUIS FELIPE ARBELAEZ | R6: 50 ESTUDIANTES | S6: 0 | T6: 1 | U6: 1 | V6: 1 | W6: comunidad estudiantil sensibilizada frente a las enfermedades de la cavidad oral | X6: El taller debe tener una duraciòn 2 HORAS, se debe tener la planeacion con sus momentos, contar con los materiales para el trabajo a desarrolllar, debe contar con un numero de 20 personas minimo por taller. | Y6: Tasa de prevalencia de enfermedades bucodentales | Z6: 2 HORAS | AA6: HIGIENISTA ORAL | AB6: 1. Consolidado de Actividades Educativas 2. Planeacion de Actividades Educativas 3. Estrategia de Ejecucion y logros obtenidos 4. Listados de Asistencia 5. Caracterizacion Poblacional 6 . Evaluacion deActividades Educativas 7. Promedio de encuenta de Opinion 8. Evidencia fotografica y dejar plegable a cada uno de los participes e informacion en cartelera
A7: 30 | B7: DIMENSION VIDA SALUDABLE Y ENFERMEDADES TRANSMISIBLES | C7: Familiar- Educativo-Comunitario-Laboral | D7: ENFERMEDADES PREVALENTES EN LA INFANCIA | E7: EDUCACION | F7: Encuentros educativos que permitan la sensibilización de la población en temas relacionados con la salud infantil, fortalecimiento la estrategia AIEPI Comunitaria en la zona urbana y rural del municipio | G7: I11601 | H7: Talleres | I7: 8 | J7: =+K7/I7 -> 250000 | K7: 2000000 | L7: EMBALSES 1 EMBALSES 2 | M7: MT01, MT02, MT03,MT04 | N7: HABITANTES DE LAS VEREDAS: San Antonio,El Cerro,la Inmaculada,Cruces,San Jose,Piedras,Tocaima,la Pava,el Carbon,Remolino,el Popo,San Lorenzo,San Miguel,El Respaldo,San Pedro y casco urbano | O7: OTROS | P7: primera infancia (0-5 años) | Q7: SALON COMUNAL | R7: 260 HABITANTES DEL TERRITORIO | S7: 2 | T7: 2 | U7: 2 | V7: 2 | W7: 100% de Talleres programados realizados | X7: El taller debe tener una duraciòn 2 horas,debe ser realizado por el profesional de salud y/o auxiliar, se debe tener la planeacion con sus momentos, contar con los materiales para el trabajo a desarrollar, debe contar con un numero de 20 personas minimo por taller. | Y7: Tasa mortalidad por I.R.A en menores de 5 años Tasa mortalidad por E.D.A | Z7: 2 HORAS | AA7: PROFESIONAL DE ENFERMERIA Y/O AUXILIAR DE ENFERMERIA | AB7: 1 Consolidado de Actividades Educativas 2. Planeacion de Actividades Educativas 3. Estrategia de Ejecucion y logros obtenidos 4. Listados de Asistencia 5. Caracterizacion Poblacional 6 . Evaluacion deActividades Educativas 7. Promedio de encuenta de Opinion 8. Evidencia fotografica .
K8: =SUM(K4:K7) -> 7000000
I10: =SUM(I8:I9) -> 0

Sheet SPC - E4 APS Infancia
E1: LINEAMIENTO OPERATIVO SALUD PUBLICA-MUNICIPIO DE ALEJANDRIA 2026
A2: ITEMS | B2: EJE ESTRATÉGICO | C2: ENTORNOENTORNO EN EL CUAL DESARROLLAN LAS ACTIVIDADES (Familia, escolar, comunitario, laboral, Institucional) De acuerdo a la Resolucion 3280 de 2018 | D2: EVENTO DE INTERES DE SALUD PUBLICA | E2: ESTRATEGIA | F2: ACTIVIDAD | G2: CODIGO CUPS (Resolución 2077 de 2021 anexo 5) | H2: TIPO DE ACTIVIDAD | I2: NUMERO DE ACTIVIDADES | J2: VALOR UNITARIO | K2: VALOR TOTAL | L2: TERRITORIO | M2: MICROTERRITORIO | N2: POBLACIÓN SUJETO | O2: ENFOQUE DIFERENCIAL | Q2: LUGAR DE EJECUCIÓN | R2: CANTIDAD | S2: TRIMESTRE | W2: RESULTADO O PRODUCTO | X2: ORIENTACIONES ESPECIFICAS TÉCNICAS | Y2: INDICADOR DE PRODUCTO O DE RESULTADO | Z2: TIEMPO DE EJECUCION | AA2: PROFESIONAL QUE REALIZA LA ACTIVIDAD | AB2: SOPORTES REQUERIDOS PARA LA AUDITORIA Y EVALUACIÓN TÉCNICA ADMINISTRATIVA Y FINANCIERA
O3: ENFOQUE POBLACIONAL | P3: CURSO DE VIDA | S3: I | T3: II | U3: II | V3: IV
A4: 31 | B4: SPC - E4 Atención Primaria Salud - L3 Cuidado de la Salud - Cuidado de la salud - Infancia | C4: Familiar- Educativo-Comunitario-Laboral | D4: PARASITOSIS | E4: GESTION DE INSUMOS | F4: Desparasitación antihelmíntica a niños en edad escolar (5 a 14 años), ampliando progresivamente a otros grupos poblacionales elegibles según lineamientos nacionales. | G4: I20101-I20102 | H4: MEDICAMENTOS | I4: 191 | J4: =+K4/I4 -> 13612.565 | K4: 2600000 | L4: EMBALSES 1 EMBALSES 2 | M4: MT01, MT02, MT03,MT04 | N4: HABITANTES DE LAS VEREDAS: San Antonio,El Cerro,la Inmaculada,Cruces,San Jose,Piedras,Tocaima,la Pava,el Carbon,Remolino,el Popo,San Lorenzo,San Miguel,El Respaldo,San Pedro y casco urbano | O4: OTROS | P4: Infancia | Q4: A DEMANDA | R4: A DEMANDA | S4: 50 | T4: 50 | U4: 50 | V4: 41 | W4: 100% de las Dosis de Antiparasitario entregadas | X4: Realizar campaña por las veredas y el area rural ,para entregar en primer lugar a los niños de las instituciones educativas,seguidamente,con adolescentes ,jovenes y por ultimo adultos mayores | Y4: Prevalencia de enfermedades parasitarias | Z4: 9 MESES | AA4: PROFESIONAL DE ENFERMERIA Y/O AUXILIAR DE ENFERMERIA | AB4: 1. Consolidado de Actividades Educativas 2. Planeacion de Actividades Educativas 3. Estrategia de Ejecucion y logros obtenidos 4. Listados de Asistencia 5. Caracterizacion Poblacional 6 . Evaluacion deActividades Educativas 7. Promedio de encuenta de Opinion 8. Evidencia fotografica 9. Difuncion en medios de comunicacion
A5: 32 | B5: SPC - E4 Atención Primaria Salud - L3 Cuidado de la Salud - Cuidado de la salud - Infancia | C5: FAMILIAR-COMUNITARIO-EDUCACION | D5: VIOLENCIA | E5: Educacion para la Salud | F5: Campaña IEC prevención del abuso sexual infantil en la población escolar. | G5: I11103 | H5: Campaña | I5: 2 | J5: =+K5/I5 -> 1000000 | K5: 2000000 | N5: Institucion Educativa Procesa Delgado 2 sedes primaria y secundaria | O5: OTROS | P5: Infancia | Q5: Institucion Educativa | R5: 200 ESTUDIANTES | S5: 0 | T5: 1 | U5: 1 | V5: 0 | W5: Poblacion Alejandrina,sensibilizada,frente a la prevencion del abuso sexual infantil | X5: La campaña debe tener una participación mínima de 200 personas, el profesional encargado debe realizar la planeaciòn y coordinar la campaña con apoyo del equipo, se debe anexar un programa radial .Utilizar las redes sociales para invitar a la campaña. | Y5: Disminucion del abuso sexual infantil | Z5: 2 HORAS | AA5: PROFESIONAL EN PSICOLOGIA Y/O TRABAJADOR SOCIAL | AB5: 1. Consolidado de Actividades Educativas 2. Planeacion de Actividades Educativas 3. Estrategia de Ejecucion y logros obtenidos 4. Listados de Asistencia 5. Caracterizacion Poblacional 6 . Evaluacion deActividades Educativas 7. Promedio de encuenta de Opinion. 8. Evidencia fotografica.
A6: 33 | B6: SPC - E4 Atención Primaria Salud - L3 Cuidado de la Salud - Cuidado de la salud - Infancia | C6: EDUCATIVO,COMUNITARIO | D6: CARIES DENTAL | E6: EDUCACION PARA LA SALUD | F6: Realización de Campaña para el uso adecuado de los implementos de higiene oral, prevención de enfermedades de la cavidad oral e importancia del correcto cepillado, en institucion educativa del municipio | G6: I11404 | H6: CUÑAS RADIAL DE 30 SEGUNDOS | I6: 16 | J6: =+K6/I6 -> 20000 | K6: 320000 | L6: EMBALSES 1 EMBALSES 2 | M6: MT01, MT02, MT03,MT04 | N6: HABITANTES DE LAS VEREDAS: San Antonio, El Cerro, la Inmaculada, Cruces, San Jose, Piedras, Tocaima, la Pava, el Carbon, Remolino, el Popo, San Lorenzo, San Miguel, El Respaldo, San Pedro, tambien se incluye area urbana | O6: OTROS | P6: Infancia | Q6: EMISORA COMUNITARIA | R6: Habitantes del Territorio Alejandrino | S6: 4 | T6: 4 | U6: 4 | V6: 4 | W6: comunidad estudiantil sensibilizada para el uso adecuado de los implementos de higiene oral, prevención de enfermedades de la cavidad oral e importancia del correcto cepillado | X6: La actividad debe tener una duraciòn entre 30 Segundos, con mensajes claros y concretos,para difundir en medios de comunicación del municipio | Y6: Tasa de prevalencia de enfermedades bucodentales | Z6: 30 SEGUNDOS | AA6: HIGIENISTA ORAL | AB6: 1. Consolidado de Actividades Educativas 2. Planeacion de Actividades Educativas 3. Estrategia de Ejecucion y logros obtenidos 4. Listados de Asistencia 5. Caracterizacion Poblacional 6 . Evaluacion deActividades Educativas 7. Promedio de encuenta de Opinion 8. Evidencia fotografica 9. Difuncion en medios de comunicacion 10. Certificado de la emisora.11. cd con cuñas
A7: 34 | B7: SPC - E4 Atención Primaria Salud - L3 Cuidado de la Salud - Cuidado de la salud - Infancia | C7: Familiar- Educativo-Comunitario-Laboral | D7: ENFERMEDADES INMUNOPREVENIBLES | E7: JORNADAS DE VACUNACION | F7: Realizar campañas de promoción de la Jornadas Nacionales de Vacunación Del Progama Ampliado de Inmunizaciones-PAI- de acuerdo al calendario anual o las extraordinarias según el caso, | G7: I10307 | H7: Apoyos | I7: 8 | J7: =+K7/I7 -> 260000 | K7: 2080000 | L7: EMBALSES 1 EMBALSES 2 | M7: MT01, MT02, MT03,MT04 | N7: HABITANTES DE LAS VEREDAS: San Antonio, El Cerro, la Inmaculada, Cruces, San Jose, Piedras, Tocaima, la Pava, el Carbon, Remolino, el Popo, San Lorenzo, San Miguel, El Respaldo, San Pedro, tambien se incluye area urbana | O7: OTROS | P7: Infancia | Q7: AREA DE VACUNACION, PARQUE PRINCIPAL | R7: A DEMANDA | S7: 2 | T7: 2 | U7: 2 | V7: 2 | W7: 100% de las campalñas realizadas | X7: La campaña debe tener una participaciòn minima de 20 personas, el auxiliar encargado encargado debe de apoyar en la realizacion la planeaciòn, se debe realizar difusion de la campañas por medios comunicación. | Y7: Campañas de gestión del riesgo para enfermedades Inmunoprevenibles implementadas | Z7: 1 Semana con 1 dia central | AA7: PROFESIONAL DE ENFERMERIA Y/O AUXILIAR DE ENFERMERIA | AB7: 1. Consolidado de Actividades Educativas 2. Planeacion de Actividades Educativas 3. Estrategia de Ejecucion y logros obtenidos 4. Listados de Asistencia 5. Caracterizacion Poblacional 6 . Evaluacion deActividades Educativas 7. Promedio de encuenta de Opinion 8. Evidencia fotografica Z4:Z7
K8: =SUM(K4:K7) -> 7000000
I10: =SUM(I5:I9) -> 26

Sheet SPC - E4 APS Adolescencia
E1: LINEAMIENTO OPERATIVO SALUD PUBLICA-MUNICIPIO DE ALEJANDRIA 2024
A2: ITEMS | B2: EJE ESTRATÉGICO | C2: ENTORNOENTORNO EN EL CUAL DESARROLLAN LAS ACTIVIDADES(Familia, escolar, comunitario, laboral, Institucional) De acuerdo a la Resolucion 3280 de 2018 | D2: EVENTO DE INTERES DE SALUD PUBLICA | E2: ESTRATEGIA | F2: ACTIVIDAD | G2: CODIGO CUPS (Resolución 2077 de 2021 anexo 5) | H2: TIPO DE ACTIVIDAD | I2: NUMERO DE ACTIVIDADES | J2: VALOR UNITARIO | K2: VALOR TOTAL | L2: TERRITORIO | M2: MICROTERRITORIO | N2: POBLACIÓN SUJETO | O2: ENFOQUE DIFERENCIAL | Q2: LUGAR DE EJECUCIÓN | R2: CANTIDAD | S2: TRIMESTRE | W2: RESULTADO O PRODUCTO | X2: ORIENTACIONES ESPECIFICAS TÉCNICAS | Y2: INDICADOR DE PRODUCTO O DE RESULTADO | Z2: TIEMPO DE EJECUCION | AA2: PROFESIONAL QUE REALIZA LA ACTIVIDAD | AB2: SOPORTES REQUERIDOS PARA LA AUDITORIA Y EVALUACIÓN TÉCNICA ADMINISTRATIVA Y FINANCIERA
O3: ENFOQUE POBLACIONAL | P3: CURSO DE VIDA | S3: I | T3: II | U3: II | V3: IV
A4: 35 | B4: SPC - E4 Atención Primaria Salud - L3 Cuidado de la Salud - Cuidado de la salud - Adolescencia | C4: COMUNITARIO,FAMILAR,EDUCACION | D4: EMBARAZOS EN ADOLESCENTES | E4: EDUCACION | F4: Campaña Prevencion de Embarazo en Adolescentes | G4: I10203 | H4: Campaña | I4: 1 | J4: =+K4/I4 -> 1500000 | K4: 1500000 | L4: EMBALSES 1 EMBALSES 2 | M4: MT01, MT02, MT03,MT04 | N4: HABITANTES DE LAS VEREDAS: San Antonio, El Cerro, la Inmaculada, Cruces, San Jose, Piedras, Tocaima, la Pava, el Carbon, Remolino, el Popo, San Lorenzo, San Miguel, El Respaldo, San Pedro, tambien se incluye area urbana | O4: OTROS | P4: Adolescencia | Q4: AULA MULTIPLE DEL LICEO | R4: 200 HABITANTES DEL TERRITORIO | S4: 0 | T4: 0 | U4: 1 | V4: 0 | W4: Poblacion sensiblizada en la prevencion del embarazo en Adolescentes | X4: La campaña debe tener una participaciòn minima de 200 personas, el profesional encargado debe realizar la planeaciòn y coordinar la campaña con apoyo del equipo, se debe anexar un programa radial .Utilizar las redes sociales para invitar a la campaña | Y4: Disminucion de la tasa de embarazos en Adolescentes | Z4: 2 HORAS | AA4: PROFESIONAL DE PSICOLOGIA, MEDICO, PROFESIONAL DE ENFERMERIA Y/O AUXILIAR DE ENFERMERIA | AB4: .1 Consolidado de Actividades Educativas 2. Planeacion de Actividades Educativas 3. Estrategia de Ejecucion y logros obtenidos 4. Listados de Asistencia 5. Caracterizacion Poblacional 6 . Evaluacion deActividades Educativas 7. Promedio de encuenta de Opinion 8. Evidencia fotografica .
A5: 36 | B5: SPC - E4 Atención Primaria Salud - L3 Cuidado de la Salud - Cuidado de la salud - Adolescencia | C5: FAMILIAR-COMUNITARIO-EDUCACION | D5: CONSUMO DE SUSTANCIAS PSICOACTIVAS | E5: EDUCACION | F5: Estrategia de IEC en Promoción de habilidades para la vida como factor protector frente al consumo temprano de Sustancias Psicoactivas. | G5: I10105-I10109 | H5: TALLER | I5: 16 | J5: =+K5/I5 -> 187500 | K5: 3000000 | L5: EMBALSES 1 EMBALSES 2 | M5: MT01, MT02, MT03,MT04 | N5: HABITANTES DE LAS VEREDAS: San Antonio, El Cerro, la Inmaculada, Cruces, San Jose, Piedras, Tocaima, la Pava, el Carbon, Remolino, el Popo, San Lorenzo, San Miguel, El Respaldo, San Pedro, tambien se incluye area urbana | O5: OTROS | P5: Adolescencia | Q5: Institucion Educativa,Caseta Comunal | R5: 320 HABITANTES DEL TERRITORIO | S5: 4 | T5: 4 | U5: 4 | V5: 4 | W5: Poblacion Alejandrina,sensibilizada en la promocion de las habilidades para la vida,como factor protector del consumo de sustancias psicoactivas | X5: Realizar talleres con los diferentes grupos a nivel urbano y rural con mayor enfasis en las instituciones educativas del area urbana,rural y COREDI, en las juntas de Accion Comunal ,del area urbana y rural. | Y5: Disminucion consumo temprano de spa | Z5: 2 HORAS | AA5: PROFESIONAL EN PSICOLOGIA Y/O TRABAJADOR SOCIAL | AB5: 1. Consolidado de Actividades Educativas 2. Planeacion de Actividades Educativas 3. Estrategia de Ejecucion y logros obtenidos 4. Listados de Asistencia 5. Caracterizacion Poblacional 6 . Evaluacion deActividades Educativas 7. Promedio de encuenta de Opinion. 8. Evidencia fotografica.
A6: 37 | B6: SPC - E4 Atención Primaria Salud - L3 Cuidado de la Salud - Cuidado de la salud - Adolescencia | C6: COMUNITARIO,FAMILIAR | D6: ENFERMEDADES DE TRANSMISION SEXUAL | E6: EDUCACION | F6: Realizar visitas domiciliarias con el fin promover la salud sexual y reproductiva para prevenir embarazos tempranos en adolescentes, además la socialización de temas que conlleven a garantizar el ejercicio de una sexualidad placentera y responsable: Metodos de planificación familiar, enfermetades de transmisión sexual, IVE , Higiene y prevención de ITU y todos los que sean necesarios durante la intervención. | G6: I10206 | H6: Visitas Domiciliarias | I6: 25 | J6: =+K6/I6 -> 97520 | K6: 2438000 | L6: EMBALSES 1 EMBALSES 2 | M6: MT01, MT02, MT03,MT04 | N6: HABITANTES DE LAS VEREDAS: San Antonio, El Cerro, la Inmaculada, Cruces, San Jose, Piedras, Tocaima, la Pava, el Carbon, Remolino, el Popo, San Lorenzo, San Miguel, El Respaldo, San Pedro, tambien se incluye area urbana | O6: OTROS | P6: Adolescencia | Q6: VISITA CASA A CASA | R6: 25 FAMILIAS | S6: 5 | T6: 5 | U6: 10 | V6: 5 | W6: Comunidad sensibilizada frente aMetodos de planificación familiar, enfermetades de transmisión sexual, IVE , Higiene y prevención de ITU | X6: las visitas deben realizarsen son los formatos estipulados por la Secretaria de Salud Departamental, se debe presentar evidencia fotografica de las visita y las canalizaciones q se requieran para las familias.el profesional encargado debe realizar la planeaciòn y coordinar de las visitas las cuales se realizaran en zona rural. | Y6: Disminucion de la tasa de Enfermedades de Transmision sexual | Z6: A NECESIDAD | AA6: PROFESIONAL DE PSICOLOGIA, MEDICO, PROFESIONAL DE ENFERMERIA Y/O AUXILIAR DE ENFERMERIA | AB6: Formato de caracterizacion familiar, para la realizacion de las visitas domiciliarias,acta,registro fotografico y listado de asistencia,con la educacion brindada y los hallazgos encontrados en cada una de las visitas.
A7: 38 | B7: SPC - E4 Atención Primaria Salud - L3 Cuidado de la Salud - Cuidado de la salud - Adolescencia | C7: Familiar- Educativo-Comunitario-Laboral | D7: ENFERMEDADES INMUNOPREVENIBLES | E7: EDUCACION | F7: Elaboración de material educativo para ser socializado en población en general y grupos organizados durante las prejornadas y jornadas nacionales de vacunación en temáticas: Esquema adecuado de vacunación, Importancia de la vacunación, ESAVI: eventos supuestamente atribuidos a la vacuna, Principales enfermedades inmunoprevenibles (sarampión rubeola, varicela, tosferina, polio, tuberculosis, difteria, tétanos), Importancia de la vacuna PVH (que es porque se aplica, edades) | G7: I11307 | H7: Volantes Jingel Post | I7: 1000 | J7: =+K7/I7 -> 1062 | K7: 1062000 | L7: EMBALSES 1 EMBALSES 2 | M7: MT01, MT02, MT03,MT04 | N7: HABITANTES DE LAS VEREDAS: San Antonio,El Cerro,la Inmaculada,Cruces,San Jose,Piedras,Tocaima,la Pava,el Carbon,Remolino,el Popo,San Lorenzo,San Miguel,El Respaldo,San Pedro y casco urbano | O7: OTROS | P7: Adolescencia | Q7: A DEMANDA | R7: 1,000 publicaciones por diferentes medios | S7: 200 | T7: 300 | U7: 300 | V7: 200 | W7: 100% de los volantes entregados | X7: El material elaborado de forma digital debe contener informacion eventos supuestamente atribuidos a la vacuna Principales enfermedades inmunoprevenibles (sarampión rubeola, varicela, tosferina, polio, tuberculosis, difteria, tétanos) Importancia de la vacuna PVH (que es porque se aplica, edades) | Y7: Cobertura de vacunación VPH | Z7: 9 MESES | AA7: PROFESIONAL DE ENFERMERIA Y/O AUXILIAR DE ENFERMERIA | AB7: 1. Consolidado de Actividades Educativas 2. Planeacion de Actividades Educativas 3. Estrategia de Ejecucion y logros obtenidos 4. Listados de Asistencia 5. Caracterizacion Poblacional 6 . Evaluacion deActividades Educativas 7. Promedio de encuenta de Opinion 8. Evidencia fotografica 9. Difuncion en medios de comunicacion
K8: =SUM(K4:K7) -> 8000000

Sheet Hoja2

Sheet SPC - E4 APS Juventud
E1: LINEAMIENTO OPERATIVO SALUD PUBLICA-MUNICIPIO DE ALEJANDRIA 2024
A2: ITEMS | B2: EJE ESTRATÉGICO | C2: ENTORNOENTORNO EN EL CUAL DESARROLLAN LAS ACTIVIDADES(Familia, escolar, comunitario, laboral, Institucional) De acuerdo a la Resolucion 3280 de 2018 | D2: EVENTO DE INTERES DE SALUD PUBLICA | E2: ESTRATEGIA | F2: ACTIVIDAD | G2: CODIGO CUPS (Resolución 2077 de 2021 anexo 5) | H2: TIPO DE ACTIVIDAD | I2: NUMERO DE ACTIVIDADES | J2: VALOR UNITARIO | K2: VALOR TOTAL | L2: TERRITORIO | M2: MICROTERRITORIO | N2: POBLACIÓN SUJETO | O2: ENFOQUE DIFERENCIAL | Q2: LUGAR DE EJECUCIÓN | R2: CANTIDAD | S2: TRIMESTRE | W2: RESULTADO O PRODUCTO | X2: ORIENTACIONES ESPECIFICAS TÉCNICAS | Y2: INDICADOR DE PRODUCTO O DE RESULTADO | Z2: TIEMPO DE EJECUCION | AA2: PROFESIONAL QUE REALIZA LA ACTIVIDAD | AB2: SOPORTES REQUERIDOS PARA LA AUDITORIA Y EVALUACIÓN TÉCNICA ADMINISTRATIVA Y FINANCIERA
O3: ENFOQUE POBLACIONAL | P3: CURSO DE VIDA | S3: I | T3: II | U3: II | V3: IV
A4: 39 | B4: SPC - E4 Atención Primaria Salud - L3 Cuidado de la Salud - Cuidado de la salud - Juventud | C4: COMUNITARIO | D4: VIOLENCIA | E4: EDUCACION | F4: Fortalecimiento de redes sectoriales e intersectoriales, como espacios de construcción de saberes y generación de respuestas que promueven practicas sociales y de salud por curso de vida/entorno.,en temas como: Resiliencia, Manejo de las emociones, prevencion de la conducta suicida, promocion del involucramiento parenteral, acciones de prevencion de la epilepsia. | G4: I11101 | H4: TALLER | I4: 7 | J4: =+K4/I4 -> 285714.29 | K4: 2000000 | N4: Para trabajar con Jòvenes de la I.E. Procesa Delgado, Coredi, jòvenes con Discapcidad y sus cuidadores | O4: OTROS | P4: Juventud | Q4: Caseta comunal | R4: 150 INTEGRANTES DE LAS REDES PROTECTORAS | S4: 1 | T4: 2 | U4: 2 | V4: 2 | W4: Redes Protectoras a nivel municipal,sensiblizadas en acciones de promocion de salud mental | X4: Realizar talleres con las Redes conformadas a nivel municipal , como minimo de 25 personas por taller ,duracion del taller 2 HORAS,donde se brindara educacion respecto a temas como: Resiliencia,Manejo de las emociones,prevencion de la conducta suicida,promocion del involucramiento parenteral,acciones de prevencion de la epilepsia. | Y4: Disminucion de violencia de genero intrafamilar | Z4: 2 horas | AA4: PROFESIONAL EN PSICOLOGIA Y/O TRABAJADOR SOCIAL | AB4: 1. Consolidado de Actividades Educativas 2. Planeacion de Actividades Educativas 3. Estrategia de Ejecucion y logros obtenidos 4. Listados de Asistencia 5. Caracterizacion Poblacional 6 . Evaluacion deActividades Educativas 7. Promedio de encuenta de Opinion. 8. Evidencia fotografica . 9 Entregar rutas de atencion a los participes de los talleres. 10 Terminado los talleres,se realizara encuentro y se entregara un Diploma
A5: 40 | B5: SPC - E4 Atención Primaria Salud - L3 Cuidado de la Salud - Cuidado de la salud - Juventud | C5: FAMILIAR-COMUNITARIO-EDUCACION-LABORAL | D5: VIOLENCIA,CONSUMO DE SUSTANCIAS PSICOACTIVAS,INTENTO DE SUICIDIO | E5: GESTION DEL RIESGO | F5: Fortalecimiento del centro municipal de escucha como medio para escuchar a toda la comunidad desde los diferentes grupos etarios, en sus necesidades específicas en temas de salud mental, para desde allí activar las rutas de atención. | G5: I10101-I10107-I10110 | H5: Sensibilizaciones | I5: 15 | J5: =+K5/I5 -> 200000 | K5: 3000000 | L5: EMBALSES 1 EMBALSES 2 | M5: MT01, MT02, MT03,MT04 | N5: HABITANTES DE LAS VEREDAS: San Antonio, El Cerro, la Inmaculada, Cruces, San Jose, Piedras, Tocaima, la Pava, el Carbon, Remolino, el Popo, San Lorenzo, San Miguel, El Respaldo, San Pedro, tambien se incluye area urbana | O5: OTROS | P5: Juventud | Q5: Institucion Educativa,Caseta Comunal | R5: 400 HABITANTES DEL TERRITORIO | S5: 3 | T5: 4 | U5: 4 | V5: 4 | W5: Poblacion Alejandrina,sensibilizada,en la utilizacion de los Centros de Escuchas comunitarios | X5: Realizar sensibilizaciones con los diferentes grupos a nivel urbano y rural con mayor enfasis en las instituciones educativas del area urbana,rural y COREDI, en las juntas de Accion Comunal ,del area urbana y rural. | Y5: Disminucion consumo temprano de spa, el comportamiento suicida y las conductas violentas. | Z5: 2 HORAS | AA5: PROFESIONAL EN PSICOLOGIA Y/O TRABAJADOR SOCIAL | AB5: 1. Consolidado de Actividades Educativas 2. Planeacion de Actividades Educativas 3. Estrategia de Ejecucion y logros obtenidos 4. Listados de Asistencia 5. Caracterizacion Poblacional 6 . Evaluacion deActividades Educativas 7. Promedio de encuenta de Opinion. 8. Evidencia fotografica.
A6: 41 | B6: SPC - E4 Atención Primaria Salud - L3 Cuidado de la Salud - Cuidado de la salud - Juventud | C6: FAMILIAR-COMUNITARIO-EDUCACION-LABORAL | D6: VIOLENCIA,CONSUMO DE SUSTANCIAS PSICOACTIVAS,INTENTO DE SUICIDIO | E6: GESTION DEL RIESGO | F6: Conformación y/o fortalecimiento de la red protectora municipal | G6: I10101-I10107-I10110 | H6: Sensibilizaciones | I6: 1 | J6: =+K6/I6 -> 2000000 | K6: 2000000 | L6: EMBALSES 1 EMBALSES 2 | M6: MT01, MT02, MT03,MT04 | N6: HABITANTES DE LAS VEREDAS: San Antonio, El Cerro, la Inmaculada, Cruces, San Jose, Piedras, Tocaima, la Pava, el Carbon, Remolino, el Popo, San Lorenzo, San Miguel, El Respaldo, San Pedro, tambien se incluye area urbana | O6: OTROS | P6: Juventud | Q6: Institucion Educativa,Caseta Comunal | R6: 60 HABITANTES DEL TERRITORIO | S6: 0 | T6: 0 | U6: 0 | V6: 1 | W6: Poblacion Alejandrina,sensibilizada, en la conformación d e redes protectoras para sus comunidades | X6: Entrenar a los gestores institucionales y comunitarios, en Salud Mental, se conforma una red protectora y con esta red se hacen los 1 encuentro con alguna de las siguientes temáticas: • Red Protectora • Resiliencia • Primeros Auxilios Psicológicos • Factores de Riesgo y Factores Protectores • Gestión de casos y activación de rutas • Rehabilitación basada en comunidad Nota: En caso de que la red protectora esté conformada evidencie el encuentro mensual para un total de diez encuentros. | Y6: Disminucion consumo temprano de spa, el comportamiento suicida y las conductas violentas. | Z6: 1 HORA | AA6: PROFESIONAL EN PSICOLOGIA Y/O TRABAJADOR SOCIAL | AB6: 1. Consolidado de Actividades Educativas 2. Planeacion de Actividades Educativas 3. Estrategia de Ejecucion y logros obtenidos 4. Listados de Asistencia 5. Caracterizacion Poblacional 6 . Evaluacion deActividades Educativas 7. Promedio de encuenta de Opinion. 8. Evidencia fotografica.
A7: 42 | B7: SPC - E4 Atención Primaria Salud - L3 Cuidado de la Salud - Cuidado de la salud - Juventud | C7: EDUCATIVO | D7: ENFERMEDADES DE TRANSMISION SEXUAL | E7: EDUCACION | F7: Realizar actividades educativas y de sensibilización sobre: Tipos de Infecciones de transmisión sexual Comportamientos sexuales: valoración del riesgo y decisiones Consumo de alcohol y conductas de riesgo Higiene y prevención de ITU | G7: I11206 | H7: Talleres | I7: 6 | J7: =+K7/I7 -> 333333.33 | K7: 2000000 | L7: EMBALSES 1 EMBALSES 2 | M7: MT01, MT02, MT03,MT04 | N7: HABITANTES DE LAS VEREDAS: San Antonio, El Cerro, la Inmaculada, Cruces, San Jose, Piedras, Tocaima, la Pava, el Carbon, Remolino, el Popo, San Lorenzo, San Miguel, El Respaldo, San Pedro, tambien se incluye area urbana | O7: OTROS | P7: Juventud | Q7: SALON COMUNALES | R7: 360 HABITANTES DEL TERRITORIO | S7: 1 | T7: 2 | U7: 2 | V7: 1 | W7: Comunidad sensibilizada frente a las ITS/VIH. Aumento de captaciones casos | X7: El taller debe tener una duraciòn 2 horas,debe ser realizado por el profesional de salud, se debe tener la planeacion con sus momentos, contar con los materiales para el trabajo a desarrolllar, debe contar con un numero de 20 personas minimo por taller. | Y7: Número de casos de sífilis gestacional y congénita Tasa de incidencia por VIH/SIDA | Z7: 2 HORAS | AA7: PROFESIONAL DE PSICOLOGIA, MEDICO, PROFESIONAL DE ENFERMERIA Y/O AUXILIAR DE ENFERMERIA | AB7: 1. Consolidado de Actividades Educativas 2. Planeacion de Actividades Educativas 3. Estrategia de Ejecucion y logros obtenidos 4. Listados de Asistencia 5. Caracterizacion Poblacional 6 . Evaluacion deActividades Educativas 7. Promedio de encuenta de Opinion 8. Evidencia fotografica
K8: =SUM(K4:K7) -> 9000000

Sheet SPC - E4 APS Adultez
E1: LINEAMIENTO OPERATIVO SALUD PUBLICA-MUNICIPIO DE ALEJANDRIA 2024
A2: ITEMS | B2: EJE ESTRATÉGICO | C2: ENTORNOENTORNO EN EL CUAL DESARROLLAN LAS ACTIVIDADES (Familia, escolar, comunitario, laboral, Institucional) De acuerdo a la Resolucion 3280 de 2018 | D2: EVENTO DE INTERES DE SALUD PUBLICA | E2: ESTRATEGIA | F2: ACTIVIDAD | G2: CODIGO CUPS (Resolución 2077 de 2021 anexo 5) | H2: TIPO DE ACTIVIDAD | I2: NUMERO DE ACTIVIDADES | J2: VALOR UNITARIO | K2: VALOR TOTAL | L2: TERRITORIO | M2: MICROTERRITORIO | N2: POBLACIÓN SUJETO | O2: ENFOQUE DIFERENCIAL | Q2: LUGAR DE EJECUCIÓN | R2: CANTIDAD | S2: TRIMESTRE | W2: RESULTADO O PRODUCTO | X2: ORIENTACIONES ESPECIFICAS TÉCNICAS | Y2: INDICADOR DE PRODUCTO O DE RESULTADO | Z2: TIEMPO DE EJECUCION | AA2: PROFESIONAL QUE REALIZA LA ACTIVIDAD | AB2: SOPORTES REQUERIDOS PARA LA AUDITORIA Y EVALUACIÓN TÉCNICA ADMINISTRATIVA Y FINANCIERA
O3: ENFOQUE POBLACIONAL | P3: CURSO DE VIDA | S3: I | T3: II | U3: II | V3: IV
A4: 43 | B4: SPC - E4 Atención Primaria Salud - L3 Cuidado de la Salud - Cuidado de la salud - Adultez | C4: COMUNITARIO | D4: VIOLENCIA | E4: COMUNICACIÓN | F4: Difusión de rutas de atención a las violencias de genero y abuso sexual, entre los grupos vulnerables como familias en acción, padres de familia de los CDI, población en general. | G4: I10202 | H4: Divulgación | I4: 8 | J4: =+K4/I4 -> 187500 | K4: 1500000 | L4: EMBALSES 1 EMBALSES 2 | M4: MT01, MT02, MT03,MT04 | N4: HABITANTES DE LAS VEREDAS: San Antonio, El Cerro, la Inmaculada, Cruces, San Jose, Piedras, Tocaima, la Pava, el Carbon, Remolino, el Popo, San Lorenzo, San Miguel, El Respaldo, San Pedro, tambien se incluye area urbana | O4: OTROS | P4: Adultez | Q4: SALONES COMUNALES | R4: 200 HABITANTES DEL TERRITORIO | S4: 2 | T4: 2 | U4: 2 | V4: 2 | W4: Poblacion sensibilizada frente a la prevencion de Violencia de Genero y Abuso sexual | X4: la Capacitacion debe tener una duraciòn 1 horas,debe ser realizado por el profesional de salud, se debe tener la planeacion con sus momentos, contar con los materiales para el trabajo a desarrolllar, debe contar con un numero de 20 personas minimo por Capacitacion. | Y4: Disminucion de tasa de violencia contra la mujer | Z4: 1 HORA | AA4: PROFESIONAL DE PSICOLOGIA, MEDICO, PROFESIONAL DE ENFERMERIA Y/O AUXILIAR DE ENFERMERIA | AB4: .1 Consolidado de Actividades Educativas 2. Planeacion de Actividades Educativas 3. Estrategia de Ejecucion y logros obtenidos 4. Listados de Asistencia 5. Caracterizacion Poblacional 6 . Evaluacion deActividades Educativas 7. Promedio de encuenta de Opinion 8. Evidencia fotografica .
A5: 44 | B5: SPC - E4 Atención Primaria Salud - L3 Cuidado de la Salud - Cuidado de la salud - Adultez | C5: FAMILIAR,COMUNITARIO,EDUCACION,LABORAL | D5: OBESIDAD, DESNUTRICION | E5: EDUCACION,INFORMACION | F5: Realizar campaña que permitan socializar la importancia de la alimentación saludable promoviendo el aprovechamiento de los alimentos de cosecha y que son producidos en el municipio | G5: i11403 | H5: Campaña | I5: 2 | J5: =+K5/I5 -> 1000000 | K5: 2000000 | L5: EMBALSES 1 EMBALSES 2 | M5: MT01, MT02, MT03,MT04 | N5: San Antonio, El Cerro, la Inmaculada, Cruces, San Jose, Piedras, Tocaima, la Pava, el Carbon, Remolino, el Popo, San Lorenzo, San Miguel, El Respaldo, San Pedro, tambien se incluye area urbana | O5: PROPIETARIOS DE CENTROS DE DISTRIBUCIÓN Y PUNTOS DE VENTA DE ALIMENTOS NO PROCESADOS | P5: Adultez | Q5: PUNTOS DE VENTA DE ALIMENTOS | R5: 40 PUNTOS DE COMERCIO | S5: 0 | T5: 1 | U5: 0 | V5: 1 | W5: Comunidad sensibilizada frente a la alimentacion saludable | X5: La campaña debe tener una participaciòn minima de 40 personas, el profesional encargado debe realizar la planeaciòn y coordinar la campaña con apoyo del equipo, se debe anexar un programa radial. Utilizar las redes sociales para invitar a la campaña | Y5: Prevalencia de exceso de peso adultez | Z5: 2 DIAS | AA5: PROFESIONAL DE ENFERMERIA, NUTRICIONISTA Y/O AUXILIAR DE ENFERMERIA | AB5: 1. Consolidado de Actividades Educativas 2. Planeacion de Actividades Educativas 3. Estrategia de Ejecucion y logros obtenidos 4. Listados de Asistencia 5. Caracterizacion Poblacional 6 . Evaluacion deActividades Educativas 7. Promedio de encuenta de Opinion 8. Evidencia fotografica. 9. Certificado de la emisora Comunitaria.
A6: 45 | B6: SPC - E4 Atención Primaria Salud - L3 Cuidado de la Salud - Cuidado de la salud - Adultez | C6: COMUNITARIO -LABORAL | D6: DESASTRES NATURALES O SANITARIOS | E6: INFORMACION | F6: Capacitacion en prevencion y atención de emergencias naturales, antropicas y sanitarias que afecten directamente el estado de salud de la población: Intoxicaciones, brotes, quemaduras dirigidas a grupos organizados como Juntas de accion comunal, asociacion de usuarios, padres de familia del CDI e instituciones educativas | G6: I10607 | H6: Capacitacion | I6: 15 | J6: =+K6/I6 -> 233333.33 | K6: 3500000 | L6: EMBALSES 1 EMBALSES 2 | M6: MT01, MT02, MT03,MT04 | N6: HABITANTES DE LAS VEREDAS: San Antonio, El Cerro, la inmaculada, Cruces, San Jose, Piedras, Tocaima, la Pava,el Carbon, Remolino, el Popo, San Lorenzo, San Miguel, El Respaldo, San Pedro y casco urbano | O6: OTROS | P6: Adultez | Q6: Caseta comunal | R6: 200 habitantes del territorio | S6: 3 | T6: 4 | U6: 4 | V6: 4 | W6: Ejecucion del 100% de las Capacitaciones para la comunidad. | X6: Realizar capacitaciones con un grupo como minimo de 18 personas ,duracion de la capacitacion, 40 minutos. se debe tener evidencias la preparacion del tema, se puede realizar invitacion con profesionales externos expertos en el tema. | Y6: Comunidad capacitada en prevencion y atención de emergencias naturales, antropicas y sanitarias. | Z6: 40 minutos | AA6: PROFESIONAL DE ENFERMERIA Y/O ENFERMERA PROFESIONAL | AB6: 1. Consolidado de Actividades Educativas 2. Planeacion de Actividades Educativas 3. Estrategia de Ejecucion y logros obtenidos 4. Listados de Asistencia 5. Caracterizacion Poblacional 6 . Evaluacion deActividades Educativas 7. Promedio de encuenta de Opinion . 8. Evidencia fotografica
K7: =SUM(K4:K6) -> 7000000

Sheet SPC - E4 APS Persona mayor
E1: LINEAMIENTO OPERATIVO SALUD PUBLICA-MUNICIPIO DE ALEJANDRIA 2024
A2: ITEMS | B2: EJE ESTRATÉGICO | C2: ENTORNOENTORNO EN EL CUAL DESARROLLAN LAS ACTIVIDADES (Familia, escolar, comunitario, laboral, Institucional) De acuerdo a la Resolucion 3280 de 2018 | D2: EVENTO DE INTERES DE SALUD PUBLICA | E2: ESTRATEGIA | F2: ACTIVIDAD | G2: CODIGO CUPS (Resolución 2077 de 2021 anexo 5) | H2: TIPO DE ACTIVIDAD | I2: NUMERO DE ACTIVIDADES | J2: VALOR UNITARIO | K2: VALOR TOTAL | L2: TERRITORIO | M2: MICROTERRITORIO | N2: POBLACIÓN SUJETO | O2: ENFOQUE DIFERENCIAL | Q2: LUGAR DE EJECUCIÓN | R2: CANTIDAD | S2: TRIMESTRE | W2: RESULTADO O PRODUCTO | X2: ORIENTACIONES ESPECIFICAS TÉCNICAS | Y2: INDICADOR DE PRODUCTO O DE RESULTADO | Z2: TIEMPO DE EJECUCION | AA2: PROFESIONAL QUE REALIZA LA ACTIVIDAD | AB2: SOPORTES REQUERIDOS PARA LA AUDITORIA Y EVALUACIÓN TÉCNICA ADMINISTRATIVA Y FINANCIERA
O3: ENFOQUE POBLACIONAL | P3: CURSO DE VIDA | S3: I | T3: II | U3: II | V3: IV
A4: 46 | B4: SPC - E4 Atención Primaria Salud - L3 Cuidado de la Salud - Cuidado de la salud - Persona mayor | C4: FAMILIAR-COMUNITARIO-LABORAL, EDUCATIVO | D4: ENFERMEDADES CRONICAS | E4: INFORMACION Y EDUCACION PARA LA SALUD | F4: Realizar actividades en IEC relacionadas con reconocimiento de los riesgos, signos y síntomas las Enfermedades crónicas como Hipertensión, Diabetes, Enfermedades del sistema circulatorio (Infarto Agudo de Miocardio, Eventos cerebrovasculares,) | G4: I11410 | H4: Talleres | I4: 10 | J4: =+K4/I4 -> 300000 | K4: 3000000 | L4: EMBALSES 1 EMBALSES 2 | M4: MT01, MT02, MT03,MT04 | N4: HABITANTES DE LAS VEREDAS: San Antonio, El Cerro, la Inmaculada, Cruces, San Jose, Piedras, Tocaima, la Pava, el Carbon, Remolino, el Popo, San Lorenzo, San Miguel, El Respaldo, San Pedro, tambien se incluye area urbana | O4: OTROS | P4: Personas mayores | Q4: SALON COMUNAL | R4: 200 Habitantes del municipio | S4: 2 | T4: 3 | U4: 3 | V4: 2 | W4: 100% de las actividades de sensibilización proyectadas acorde a lo establecido para la vigencia | X4: El taller debe tener una duraciòn 2 HORAS, se debe tener la planeacion con sus momentos, contar con los materiales para el trabajo a desarrolllar, debe contar con un numero de 20 personas minimo por taller. | Y4: Tasa mortalidad por enfermedades del sistema circulatorio | Z4: 2 HORAS | AA4: PROFESIONAL DE ENFERMERIA Y/O AUXILIAR DE ENFERMERIA | AB4: 1. Consolidado de Actividades Educativas 2. Planeacion de Actividades Educativas 3. Estrategia de Ejecucion y logros obtenidos 4. Listados de Asistencia 5. Caracterizacion Poblacional 6 . Evaluacion deActividades Educativas 7. Promedio de encuenta de Opinion 8. Evidencia fotografica y dejar plegable a cada uno de los participes e informacion en cartelera
A5: 47 | B5: SPC - E4 Atención Primaria Salud - L3 Cuidado de la Salud - Cuidado de la salud - Persona mayor | C5: COMUNITARIO | D5: OBESIDAD, DESNUTRICION | E5: EDUCACION INFORMACION | F5: Campaña de habitos alimentarios y estilos de vida Saludables | G5: I10403 | H5: Campaña | I5: 4 | J5: =+K5/I5 -> 500000 | K5: 2000000 | L5: EMBALSES 1 EMBALSES 2 | M5: MT01, MT02, MT03,MT04 | N5: HABITANTES DE LAS VEREDAS: San Antonio, El Cerro, la Inmaculada, Cruces, San Jose, Piedras, Tocaima, la Pava, el Carbon, Remolino, el Popo, San Lorenzo, San Miguel, El Respaldo, San Pedro, tambien se incluye area urbana | O5: OTROS | P5: Personas mayores | Q5: PARQUE PRINCIPAL | R5: COMUNIDAD EN GENERAL | S5: 1 | T5: 1 | U5: 1 | V5: 1 | W5: Comunidad Sensibilizada frente a la importancia de la alimentacion Balanceada y Saludable | X5: La campaña debe tener una participaciòn minima de 100 personas, el profesional encargado debe realizar la planeaciòn y coordinar la campaña con apoyo del equipo, se debe anexar un programa radial. Utilizar las redes sociales para invitar a la campaña | Y5: Porcentaje de obesidad en la población de 60 años y más | Z5: 2 HORAS | AA5: PROFESIONAL DE ENFERMERIA, NUTRICIONISTA Y/O AUXILIAR DE ENFERMERIA | AB5: 1. Consolidado de Actividades Educativas 2. Planeacion de Actividades Educativas 3. Estrategia de Ejecucion y logros obtenidos 4. Listados de Asistencia 5. Caracterizacion Poblacional 6 . Evaluacion deActividades Educativas 7. Promedio de encuenta de Opinion 8. Evidencia fotografica. 9. Certificado de la emisora Comunitaria.
A6: 48 | B6: SPC - E4 Atención Primaria Salud - L3 Cuidado de la Salud - Cuidado de la salud - Persona mayor | C6: FAMILIAR-COMUNITARIO-LABORAL, EDUCATIVO | D6: CANCER DE ESTOMAGO,MAMA,CUELLO UTERINO,PULMONAR,PROSTATA,GASTRICO | E6: EDUCACION PARA LA SALUD | F6: Taller lúdico educativo y practico en la detección del cancer en general orientado a la realización de autoexamenes de: Mama, Boca, Testiculo, Piel y los tamizajes de mama, cuello uterino, próstata, colon | G6: I11407 | H6: Talleres | I6: 8 | J6: =+K6/I6 -> 250000 | K6: 2000000 | L6: EMBALSES 1 EMBALSES 2 | M6: MT01, MT02, MT03,MT04 | N6: HABITANTES DE LAS VEREDAS: San Antonio, El Cerro, la Inmaculada, Cruces, San Jose, Piedras, Tocaima, la Pava, el Carbon, Remolino, el Popo, San Lorenzo, San Miguel, El Respaldo, San Pedro, tambien se incluye area urbana | O6: OTROS | P6: Personas mayores | Q6: Caseta comunal | R6: 200 Habitanes de estas veredas | S6: 2 | T6: 2 | U6: 2 | V6: 2 | W6: 100% de las actividades de sensibilización proyectadas acorde a lo establecido para la vigencia | X6: El taller debe tener una duraciòn 2 HORAS, se debe tener la planeacion con sus momentos, contar con los materiales para el trabajo a desarrolllar, debe contar con un numero de 20 personas minimo por taller. | Y6: Tasa mortalidad por Cancer | Z6: 2 HORAS | AA6: PROFESIONAL DE ENFERMERIA Y/O AUXILIAR DE ENFERMERIA | AB6: 1. Consolidado de Actividades Educativas 2. Planeacion de Actividades Educativas 3. Estrategia de Ejecucion y logros obtenidos 4. Listados de Asistencia 5. Caracterizacion Poblacional 6 . Evaluacion deActividades Educativas 7. Promedio de encuenta de Opinion 8. Evidencia fotografica y dejar plegable a cada uno de los participes e informacion en cartelera
K7: =SUM(K4:K6) -> 7000000

Sheet SPC - E5 Cambio Climático
E1: LINEAMIENTO OPERATIVO SALUD PUBLICA-MUNICIPIO DE ALEJANDRIA 2024
A2: ITEMS | B2: EJE ESTRATÉGICO | C2: ENTORNOENTORNO EN EL CUAL DESARROLLAN LAS ACTIVIDADES (Familia, escolar, comunitario, laboral, Institucional) De acuerdo a la Resolucion 3280 de 2018 | D2: EVENTO DE INTERES DE SALUD PUBLICA | E2: ESTRATEGIA | F2: ACTIVIDAD | G2: CODIGO CUPS (Resolución 2077 de 2021 anexo 5) | H2: TIPO DE ACTIVIDAD | I2: NUMERO DE ACTIVIDADES | J2: VALOR UNITARIO | K2: VALOR TOTAL | L2: TERRITORIO | M2: MICROTERRITORIO | N2: POBLACIÓN SUJETO | O2: ENFOQUE DIFERENCIAL | Q2: LUGAR DE EJECUCIÓN | R2: CANTIDAD | S2: TRIMESTRE | W2: RESULTADO O PRODUCTO | X2: ORIENTACIONES ESPECIFICAS TÉCNICAS | Y2: INDICADOR DE PRODUCTO O DE RESULTADO | Z2: TIEMPO DE EJECUCION | AA2: PROFESIONAL QUE REALIZA LA ACTIVIDAD | AB2: SOPORTES REQUERIDOS PARA LA AUDITORIA Y EVALUACIÓN TÉCNICA ADMINISTRATIVA Y FINANCIERA
O3: ENFOQUE POBLACIONAL | P3: CURSO DE VIDA | S3: I | T3: II | U3: II | V3: IV
A4: 49 | B4: SPC - E5 Cambio Climático - L2 Acuerdos Sociales y Comunitarios - Participación social incidencia acciones adaptación mitigación la variabilidad cambio climático y efectos en salud gestión prevención atención emergencias desastres pandemias | C4: COMUNITARIO | D4: ENFERMEDAD TRANSMITIDA POR VECTORES | E4: EDUCACION | F4: Talleres de promoción y prevención de la salud enfocados manejo de residuos sólidos, excretas. | G4: 110001 | H4: Talleres | I4: 10 | J4: =+K4/I4 -> 350000 | K4: 3500000 | L4: EMBALSES 1 EMBALSES 2 | M4: MT01, MT02, MT03,MT04 | N4: HABITANTES DEL AREA RURAL DE LAS VEREDAS SAN ANTONIO, EL CERRO, INMACULADA, PIEDRAS, RESPALDO, SAN MIGUEL | O4: OTROS | P4: FAMILIAS, COLECTIVOS Y COMUNIDADES | Q4: Caseta comunal | R4: 200 habitantes de estas veredas | S4: 2 | T4: 3 | U4: 3 | V4: 2 | W4: Ejecucion del 100% de los talleres ejecutados en el manejo de residuos solidos y excretas | X4: Realizar talleres con un grupo como minimo de 19 personas a excepcion de la vereda San Antonio ,donde se brindara educacion respecto a manejo de residuos solidos en el hogar,su disposicion y adecuado manejo y excretas ,manejo de los pozos septicos.Esto incluye realizacion de cateleras,entrega de plegables. | Y4: % de hogares con Inadecuada eliminacion de excretas(DNP/DANE) | Z4: 2 HORAS | AA4: PROFESIONAL DE ENFERMERIA Y/O AUXILIAR DE ENFERMERA | AB4: Acta del Taller realizado, que incluya registro fotografico a color ,con tres evaluaciones de los asistentes a los talleres,evidencia d ela informacion suministrada.
A5: 50 | B5: SPC - E5 Cambio Climático - L3 Cuidado de la Salud - Respuesta en salud pública SGP | C5: Familiar- Educativo-Comunitario-Laboral | D5: DESASTRES NATURALES O SANITARIOS | E5: EDUCACION | F5: Capacitacion al Equipo de Respuesta, bomberos, personal de la Estacion de Policia, inmediata frente a eventos de interes en salud publica | G5: 111301 | H5: Taller | I5: 2 | J5: =+K5/I5 -> 250000 | K5: 500000 | L5: EMBALSES 1 EMBALSES 2 | M5: MT01, MT02, MT03,MT04 | N5: HABITANTES DE LAS VEREDAS: San Antonio, El Cerro, la Inmaculada, Cruces, San Jose, Piedras, Tocaima, la Pava, el Carbon, Remolino, el Popo, San Lorenzo, San Miguel, El Respaldo, San Pedro y casco urbano | O5: OTROS | P5: FAMILIAS, COLECTIVOS Y COMUNIDADES | Q5: Parque Educativo | R5: A Demanda | S5: 0 | T5: 1 | U5: 0 | V5: 1 | W5: Ejecucion del 100% del taller | X5: El taller debe tener una duraciòn 2 horas,debe ser realizado por el profesional de salud y/o auxiliar, se debe tener la planeacion con sus momentos, contar con los materiales para el trabajo a desarrollar, debe contar con un numero de 20 personas minimo por taller. | Y5: Comunidad capacitada en prevencion y atención de emergencias naturales, antropicas y sanitarias. | Z5: 2 horas | AA5: PROFESIONAL DE ENFERMERIA Y/O ENFERMERA PROFESIONAL | AB5: 1. Consolidado de Actividades Educativas 2. Planeacion de Actividades Educativas 3. Estrategia de Ejecucion y logros obtenidos 4. Listados de Asistencia 5. Caracterizacion Poblacional 6 . Evaluacion deActividades Educativas 7. Promedio de encuenta de Opinion . 8. Evidencia fotografica
A6: 51 | B6: SPC - E5 Cambio Climático - L3 Cuidado de la Salud - Respuesta en salud pública SGP | C6: COMUNITARIO -LABORAL | D6: DESASTRES NATURALES O SANITARIOS | E6: EDUCACION-GESTION DEL RIESGO | F6: Realizar Simulacro en el Municipio de Alejandría; que permitan evaluar si se está preparado técnica, económica y locativamente para la atención de las emergencias naturales | G6: I10607 | H6: Simulacro | I6: 1 | J6: =+K6/I6 -> 1500000 | K6: 1500000 | N6: INSTITUCIONAL | O6: OTROS | P6: FAMILIAS, COLECTIVOS Y COMUNIDADES | Q6: AREA URBANA DEL MUNICIPIO | R6: A Demanda | S6: 0 | T6: 0 | U6: 0 | V6: 1 | W6: Ejecucion del 100% del Simulacro Realizado | X6: Realizar simulacro con un grupo como minimo de 18 personas ,duracion de la capacitacion, minimo 2 horas . se debe tener evidencias la preparacion del tema, se puede realizar invitacion con profesionales externos expertos en el tema, se debe difundir en medios de comunicación. | Y6: Comunidad capacitada en prevencion y atención de emergencias naturales, antropicas y sanitarias. | Z6: 2 horas | AA6: PERSONAL ASISTENCIA,POLICIA NACIONAL,ADMINISTRACION MUNICIPAL,BOMBEROS. | AB6: 1. Consolidado de Actividades Educativas 2. Planeacion de Actividades Educativas 3. Estrategia de Ejecucion y logros obtenidos 4. Listados de Asistencia 5. Caracterizacion Poblacional 6 . Evaluacion deActividades Educativas 7. Promedio de encuenta de Opinion . 8. Evidencia fotografica
A7: 52 | B7: SPC - E5 Cambio Climático - L3 Cuidado de la Salud - Respuesta en salud pública SGP | C7: COMUNITARIO | D7: ENFERMEDADES VEHICULIZADAS POR AGUA | E7: EDUCACION | F7: Acciones de Información, Educación y Comunicación para el Manejo Sanitario los alimentos y bebidas en los siguientes aspectos: Manejo seguro de alimentos (adquisición, cadena de frío, almacenamiento, preparación, conservación en caliente y servido) | G7: I10302 | H7: Talleres | I7: 6 | J7: =+K7/I7 -> 252153 | K7: 1512918 | L7: EMBALSES 1 EMBALSES 2 | M7: MT01, MT02, MT03,MT04 | N7: HABITANTES DEL AREA RURAL DE LAS VEREDAS LA PAVA,TOCAIMA,SAN LORENZO,EL POPO,EL CERRO | O7: OTROS | P7: FAMILIAS, COLECTIVOS Y COMUNIDADES | Q7: Caseta comunal | R7: 200 habitantes de estas veredas | S7: 1 | T7: 2 | U7: 2 | V7: 1 | W7: Ejecucion del 100% de los talleres,respecto al Manejo Sanitario los alimentos y bebidas en los siguientes aspectos: Manejo seguro de alimentos (adquisición, cadena de frío, almacenamiento, preparación, conservación en caliente y servido) | X7: Realizar talleres con un grupo como minimo de 20 personas ,donde se brindara educacion respecto al Manejo Sanitario los alimentos y bebidas en los siguientes aspectos: Manejo seguro de alimentos (adquisición, cadena de frío, almacenamiento, preparación, conservación en caliente y servido) .esto incluye realizacion de cateleras,entrega de plegables ,donde se exponga las crencias y actitudes que desarrolla la comunidad,entorno al manejo sanitario de las bebidas y alimentos en el hogar. | Y7: Porcentaje de brotes de ETA de notificación inmediata notificados oportunamente | Z7: 2 HORAS | AA7: PROFESIONAL DE ENFERMERIA Y/O AUXILIAR DE ENFERMERA | AB7: Acta del Taller realizado, que incluya registro fotografico a color ,con tres evaluaciones de los asistentes a los talleres,evidencia dela informacion suministrada.
K8: =SUM(K4:K7) -> 7012918

Sheet SPC - E7 Laboral
E1: LINEAMIENTO OPERATIVO SALUD PUBLICA-MUNICIPIO DE ALEJANDRIA 2024
A2: ITEMS | B2: EJE ESTRATÉGICO | C2: ENTORNOENTORNO EN EL CUAL DESARROLLAN LAS ACTIVIDADES (Familia, escolar, comunitario, laboral, Institucional) De acuerdo a la Resolucion 3280 de 2018 | D2: EVENTO DE INTERES DE SALUD PUBLICA | E2: ESTRATEGIA | F2: ACTIVIDAD | G2: CODIGO CUPS (Resolución 2077 de 2021 anexo 5) | H2: TIPO DE ACTIVIDAD | I2: NUMERO DE ACTIVIDADES | J2: VALOR UNITARIO | K2: VALOR TOTAL | L2: TERRITORIO | M2: MICROTERRITORIO | N2: POBLACIÓN SUJETO | O2: ENFOQUE DIFERENCIAL | Q2: LUGAR DE EJECUCIÓN | R2: CANTIDAD | S2: TRIMESTRE | W2: RESULTADO O PRODUCTO | X2: ORIENTACIONES ESPECIFICAS TÉCNICAS | Y2: INDICADOR DE PRODUCTO O DE RESULTADO | Z2: TIEMPO DE EJECUCION | AA2: PROFESIONAL QUE REALIZA LA ACTIVIDAD | AB2: SOPORTES REQUERIDOS PARA LA AUDITORIA Y EVALUACIÓN TÉCNICA ADMINISTRATIVA Y FINANCIERA
O3: ENFOQUE POBLACIONAL | P3: CURSO DE VIDA | S3: I | T3: II | U3: II | V3: IV
A4: 53 | B4: SPC - E7 PERSONAL SALUD - L3 CUIDADO DE LA SALUD - CUIDADO DE LA SALUD EN EL ENTORNO LABORAL | C4: LABORAL | D4: ENFERMEDAD LABORAL | E4: EDUCACION | F4: Realizar capacitación a la población trabajadora informal del municipio (Vendedores, recuperadores, agricultores, etc.) en los riesgos laborales a los que se pueda ver expuestos diariamente: Identificacion de riesgos | G4: I11501 | H4: Talleres | I4: 4 | J4: =+K4/I4 -> 500000 | K4: 2000000 | L4: EMBALSES 1 EMBALSES 2 | M4: MT01, MT02, MT03,MT04 | N4: HABITANTES DE LAS VEREDAS: San Antonio,El Cerro,la Inmaculada,Cruces,San Jose,Piedras,Tocaima,la Pava,el Carbon,Remolino,el Popo,San Lorenzo,San Miguel,El Respaldo,San Pedro y casco urbano | O4: Grupos Organizados de Trabajo Informal - GOTIS | P4: FAMILIAS, COLECTIVOS Y COMUNIDADES | Q4: Caseta comunal | R4: 120 Habitantes del territorio | S4: 1 | T4: 1 | U4: 1 | V4: 1 | W4: Población informal de la economía capacitada en prevención de enfermedades relacionadas con la actividad laboral | X4: El taller debe tener una duraciòn 2 horas,debe ser realizado por el profesional de salud Ocupacional y/o tecnico en salud ocupacional, se debe tener la planeacion con sus momentos, contar con los materiales para el trabajo a desarrollar, debe contar con un numero de 20 personas minimo por taller. | Y4: Disminucion de enfermedades laborales | Z4: 2 horas | AA4: PROFESIONAL DE SALUD OCUPACIONAL Y/O TECNICO EN SALUD OCUPACIONAL | AB4: 1. Consolidado de Actividades Educativas. 2. Planeacion de Actividades Educativas. 3. Estrategia de Ejecucion y logros obtenidos. 4. Listados de Asistencia . 5. Caracterizacion Poblacional. 6 . Evaluacion deActividades Educativas. 7. Promedio de encuenta de Opinion. 8. Evidencia fotografica
A5: 54 | B5: SPC - E7 PERSONAL SALUD - L3 CUIDADO DE LA SALUD - CUIDADO DE LA SALUD EN EL ENTORNO LABORAL | C5: Familiar- Educativo-Comunitario-Laboral | D5: ENFERMEDAD LABORAL | E5: INFORMACION | F5: Realizar acciones de informacion a traves de medios de comunicaciòn (cuñas radiales, videos, tv, redes sociales) sobre la importancia al SGSSS, riesgos laborales y ARL | G5: I11501 | H5: Programa Radial de 30 minutos | I5: 3 | J5: =+K5/I5 -> 500000 | K5: 1500000 | L5: EMBALSES 1 EMBALSES 2 | M5: MT01, MT02, MT03,MT04 | N5: HABITANTES DE LAS VEREDAS: San Antonio,El Cerro,la Inmaculada,Cruces,San Jose,Piedras,Tocaima,la Pava,el Carbon,Remolino,el Popo,San Lorenzo,San Miguel,El Respaldo,San Pedro y casco urbano | O5: Grupos Organizados de Trabajo Informal - GOTIS | P5: FAMILIAS, COLECTIVOS Y COMUNIDADES | Q5: EMISORA NARE ESTERIEO | R5: COMUNIDAD EN GENERAL | S5: 0 | T5: 1 | U5: 1 | V5: 1 | W5: Ejecucion del 100% de los programas radiales | X5: La actividad debe tener una duraciòn entre 30 minutos, se debe tener evidencias la preparacion del tema, se puede realizar invitacion con profesionales externos expertos en el tema, se debe difundir en medios de comunicación del municipio | Y5: Disminucion de enfermedades laborales | Z5: 30 minutos | AA5: PROFESIONAL DE SALUD OCUPACIONAL Y/O TECNICO EN SALUD OCUPACIONAL | AB5: 1. Consolidado de Actividades Educativas 2. Planeacion de Actividades Educativas. 3. Estrategia de Ejecucion y logros obtenidos. 4. Listados de Asistencia. 5. Caracterizacion Poblacional. 6 . Evaluacion deActividades Educativas. 7. Promedio de encuenta de Opinion. 8. Evidencia fotografica. 9. Difuncion en medios de comunicacion. 10. Certificado de la emisora.
A6: 55 | B6: SPC - E7 PERSONAL SALUD - L3 CUIDADO DE LA SALUD - CUIDADO DE LA SALUD EN EL ENTORNO LABORAL | C6: Familiar- Educativo-Comunitario-Laboral | D6: ENFERMEDAD LABORAL | E6: INFORMACION | F6: Realizar acciones a traves de medios de comunicaciòn (cuñas radiales, videos, tv, redes sociales) en temas de salud y seguridad en el trabajo, tales como higiene postural, pausas activas, comunicaciòn asertiva, entre otros. | G6: I11501 | H6: Difusion | I6: 3 | J6: =+K6/I6 -> 500000 | K6: 1500000 | L6: EMBALSES 1 EMBALSES 2 | M6: MT01, MT02, MT03,MT04 | N6: HABITANTES DE LAS VEREDAS: San Antonio,El Cerro,la Inmaculada,Cruces,San Jose,Piedras,Tocaima,la Pava,el Carbon,Remolino,el Popo,San Lorenzo,San Miguel,El Respaldo,San Pedro y casco urbano | O6: Grupos Organizados de Trabajo Informal - GOTIS | P6: FAMILIAS, COLECTIVOS Y COMUNIDADES | Q6: Diferentes medios de comunicación | R6: COMUNIDAD EN GENERAL | S6: 0 | T6: 1 | U6: 1 | V6: 1 | W6: Ejecucion del 100% de las Difusiones programadas | X6: La actividad debe tener una duraciòn entre 30 minutos, se debe tener evidencias la preparacion del tema, se puede realizar invitacion con profesionales externos expertos en el tema, se debe difundir en medios de comunicación del municipio,realizar carteleras. | Y6: Disminucion de enfermedades laborales | Z6: 30 minutos | AA6: PROFESIONAL DE SALUD OCUPACIONAL Y/O TECNICO EN SALUD OCUPACIONAL | AB6: 1. Consolidado de Actividades Educativas 2. Planeacion de Actividades Educativas. 3. Estrategia de Ejecucion y logros obtenidos. 4. Listados de Asistencia. 5. Caracterizacion Poblacional. 6 . Evaluacion deActividades Educativas. 7. Promedio de encuenta de Opinion. 8. Evidencia fotografica. 9. Difuncion en medios de comunicacion. 10. Certificado de la emisora.
K7: =SUM(K4:K6) -> 5000000

Sheet SPC - E1 Gestion de insumos
E1: LINEAMIENTO OPERATIVO SALUD PUBLICA-MUNICIPIO DE ALEJANDRIA 2024
A2: ITEMS | B2: EJE ESTRATÉGICO | C2: ENTORNOENTORNO EN EL CUAL DESARROLLAN LAS ACTIVIDADES (Familia, escolar, comunitario, laboral, Institucional) De acuerdo a la Resolucion 3280 de 2018 | D2: EVENTO DE INTERES DE SALUD PUBLICA | E2: ESTRATEGIA | F2: ACTIVIDAD | G2: CODIGO CUPS (Resolución 2077 de 2021 anexo 5) | H2: TIPO DE ACTIVIDAD | I2: NUMERO DE ACTIVIDADES | J2: VALOR UNITARIO | K2: VALOR TOTAL | L2: TERRITORIO | M2: MICROTERRITORIO | N2: POBLACIÓN SUJETO | O2: ENFOQUE DIFERENCIAL | Q2: LUGAR DE EJECUCIÓN | R2: CANTIDAD | S2: TRIMESTRE | W2: RESULTADO O PRODUCTO | X2: ORIENTACIONES ESPECIFICAS TÉCNICAS | Y2: INDICADOR DE PRODUCTO O DE RESULTADO | Z2: TIEMPO DE EJECUCION | AA2: PROFESIONAL QUE REALIZA LA ACTIVIDAD | AB2: SOPORTES REQUERIDOS PARA LA AUDITORIA Y EVALUACIÓN TÉCNICA ADMINISTRATIVA Y FINANCIERA
O3: ENFOQUE POBLACIONAL | P3: CURSO DE VIDA | S3: I | T3: II | U3: II | V3: IV
A4: 56 | B4: SPC - E4 Atención Primaria Salud - L3 Cuidado de la Salud - Cuidado de la Salud - familias, colectivos y comunidades | C4: Familiar- Educativo-Comunitario-Laboral | D4: ENFERMEDADES INMUNOPREVENIBLES | E4: JORNADAS DE VACUNACION | F4: Apoyar Jornadas Nacionales de vacunación y solicitar y transportar los biológicos necesarios para el Municipio y de medicamentos de vigilancia epidemiológica que se requieran en el Municipio. (Póliza de seguro todo riesgo). | G4: I10307 | H4: Apoyos | I4: 12 | J4: =+K4/I4 -> 1010000 | K4: 12120000 | L4: EMBALSES 1 EMBALSES 2 | M4: MT01, MT02, MT03,MT04 | N4: HABITANTES DE LAS VEREDAS: San Antonio, El Cerro, la Inmaculada, Cruces, San Jose, Piedras, Tocaima, la Pava, el Carbon, Remolino, el Popo, San Lorenzo, San Miguel, El Respaldo, San Pedro, tambien se incluye area urbana | O4: OTROS | P4: FAMILIAS, COLECTIVOS Y COMUNIDADES | Q4: AREA DE VACUNACION, PARQUE PRINCIPAL | R4: A DEMANDA | S4: 3 | T4: 3 | U4: 3 | V4: 3 | W4: 100% de las jormadas realizadas | X4: La jornada debe tener una participaciòn minima de 20 personas, el auxiliar encargado encargado debe de apoyar en la realizacion la planeaciòn, se debe realizar difusion de la campañas por medios comunicación. | Y4: Jornadas de gestión del riesgo para enfermedades Inmunoprevenibles implementadas | Z4: 1 Semana con 1 dia central | AA4: PROFESIONAL DE ENFERMERIA Y/O AUXILIAR DE ENFERMERIA | AB4: 1. Consolidado de Actividades Educativas 2. Planeacion de Actividades Educativas 3. Estrategia de Ejecucion y logros obtenidos 4. Listados de Asistencia 5. Caracterizacion Poblacional 6 . Evaluacion deActividades Educativas 7. Promedio de encuenta de Opinion 8. Evidencia fotografica
K5: =SUM(K4:K4) -> 12120000

Sheet BALANCE DE RECURSOS
A2: Costo Proyectado de las Actividades | B2: Valores | C2: Porcentaje
A3: SPC - E2 Pueblos y comunidades - L3 Cuidado de la Salud - Garantía del derecho a la salud de pueblos y comunidades étnicas y campesinas, mujeres, sectores LGBTIQ+ y otras poblaciones por condición y/o situación. | B3: =+'SPC - E2 Pueblos y comunidades '!K7 -> 12002635 | C3: =+B3/$B$18 -> 0.092815354
A4: SPC - E3 Determinantes - L2 Acuerdos Sociales y Comunitarios - Coordinación intersectorial para la afectación positiva de los determinantes sociales de la salud. | B4: =+'SPC - E3 Determinantes Inters'!K10 -> 7000000 | C4: =+B4/$B$18 -> 0.054130403
A5: SPC - E3 Determinantes - L3 Cuidado de la Salud - Información en salud para la afectación positiva de los determinantes sociales de la salud en el territorio. Prevención de cáncer y otras enferm.catastróficas SGP SAL.PUB. Vig. Act. | B5: =+'SPC - E3 Determinantes Crónicas'!K7 -> 5000000 | C5: =+B5/$B$18 -> 0.038664574
A6: SPC - E4 Atención Primaria Salud - L3 Cuidado de la Salud - Cuidado de la Salud - familias, colectivos y comunidades | B6: =+'SPC - E4 APS Fam y Comunidades'!K12 -> 27181791 | C6: =+B6/$B$18 -> 0.21019447
A7: SPC - E4 Atención Primaria Salud - L3 Cuidado de la Salud - Cuidado de la salud - Población materna-perinatal | B7: =+'SPC - E4 APS materno-perinatal'!K10 -> 9000000 | C7: =+B7/$B$18 -> 0.069596233
A8: SPC - E4 Atención Primaria Salud - L3 Cuidado de la Salud - Cuidado de la salud - Primera infancia | B8: =+'SPC - E4 APS Primera infancia'!K8 -> 7000000 | C8: =+B8/$B$18 -> 0.054130403
A9: SPC - E4 Atención Primaria Salud - L3 Cuidado de la Salud - Cuidado de la salud - Infancia | B9: =+'SPC - E4 APS Infancia'!K8 -> 7000000 | C9: =+B9/$B$18 -> 0.054130403
A10: SPC - E4 Atención Primaria Salud - L3 Cuidado de la Salud - Cuidado de la salud - Adolescencia | B10: =+'SPC - E4 APS Adolescencia'!K8 -> 8000000 | C10: =+B10/$B$18 -> 0.061863318
A11: SPC - E4 Atención Primaria Salud - L3 Cuidado de la Salud - Cuidado de la salud - Juventud | B11: =+'SPC - E4 APS Juventud'!K8 -> 9000000 | C11: =+B11/$B$18 -> 0.069596233
A12: SPC - E4 Atención Primaria Salud - L3 Cuidado de la Salud - Cuidado de la salud - Adultez | B12: =+'SPC - E4 APS Adultez'!K7 -> 7000000 | C12: =+B12/$B$18 -> 0.054130403
A13: SPC - E4 Atención Primaria Salud - L3 Cuidado de la Salud - Cuidado de la salud - Persona mayor | B13: =+'SPC - E4 APS Adultez'!K7 -> 7000000 | C13: =+B13/$B$18 -> 0.054130403
A14: SPC - E5 Cambio Climático - L2 Acuerdos Sociales y Comunitarios - Participación social incidencia acciones adaptación mitigación la variabilidad cambio climático y efectos en salud gestión prevención atención emergencias desastres pandemias | B14: =+'SPC - E5 Cambio Climático'!K8 -> 7012918 | C14: =+B14/$B$18 -> 0.054230297
A15: SPC - E7 Personal Salud - L3 Cuidado de la Salud - Cuidado de la salud en el entorno laboral | B15: =+'SPC - E7 Laboral'!K7 -> 5000000 | C15: =+B15/$B$18 -> 0.038664574
A16: Gobernanza y Gobernabilidad – 40%
A17: Gestión de insumos de interés en salud pública | B17: 12120000 | C17: =+B17/B18 -> 0.093722927
A18: TOTAL COSTO ACTIVIDADES PROYECTADAS | B18: =SUM(B3:B17) -> 129317344 | C18: =SUM(C3:C17) -> 1

Sheet Hoja1
